Workbook
Name _1516_AFS_Location_Excel: #REF!
Name _1516_AFS_Location_Excel: #REF!
Name _1516_AFS_Location_Excel: #REF!
Name _1516_AFS_Location_Excel: #REF!
Name _1516_AFS_Location_Excel: #REF!
Name activity2014: '2014A'!$A$2:$GJ$25
Name activity2015: '2015A'!$A$2:$GW$25
Name activity2015f: '[2]2015A Data'!$A$2:$FY$133
Name All_organisations: '2015A'!#REF!
Name all_organisationse: '2015E'!#REF!
Name alldata2014: '[3]2014 merged'!$A$2:$BN$126
Name alldata2014f: '2014F'!$A$2:$BN$25
Name alldata2015: '[3]2015 merged'!$A$2:$BN$121
Name alldata2015f: '2015F'!$A$2:$BN$25
Name employment2014: '2014A'!$B$2:$N$25
Name employment2014_2: '2014A'!#REF!
Name employment2014_2e: '2014E'!#REF!
Name employment2014_3: '2014A'!$A$2:$N$25
Name employment2014_3e: '2014E'!$A$2:$LD$25
Name employment2014e: '2014E'!$B$2:$LD$12
Name employment2015: '2015A'!$B$2:$KW$12
Name employment2015_2: '2015A'!$A$2:$KW$12
Name employment2015_2e: '2015E'!$A$2:$LD$25
Name employment2015e: '2015E'!$B$2:$LD$12
Name expenditure1516: '2015F'!$A$18:$AI$41
Name finace3: #REF!
Name finace3: #REF!
Name finace3: #REF!
Name finance2: #REF!
Name finance2: #REF!
Name finance2: #REF!
Name finance2: #REF!
Name finance2: #REF!
Name finance2e: #REF!
Name finance2e: #REF!
Name finance2e: #REF!
Name finance2e: #REF!
Name finance2e: #REF!
Name finance2f: #REF!
Name finance2f: #REF!
Name finance2f: #REF!
Name finance2f: #REF!
Name finance2f: #REF!
Name finance3: #REF!
Name finance3: #REF!
Name finance3: #REF!
Name finance3: #REF!
Name georange: OFFSET('[1]Raw data'!$A$2,0,MATCH('1. Finance'!#REF!,[1]!Table1[Organisation Name],0),110,8)
Name georange: OFFSET('[1]Raw data'!$A$2,0,MATCH('2. Employment'!#REF!,[1]!Table1[Organisation Name],0),110,8)
Name georange: OFFSET('[1]Raw data'!$A$2,0,MATCH('3. Activities'!#REF!,[1]!Table1[Organisation Name],0),110,8)
Name georange: OFFSET('[1]Raw data'!$A$2,0,MATCH(#REF!,[1]!Table1[Organisation Name],0),110,8)
Name georange: OFFSET('[1]Raw data'!$A$2,0,MATCH(#REF!,[1]!Table1[Organisation Name],0),110,8)
Name georange2: OFFSET('[1]Raw data'!$A$2,0,MATCH(#REF!,[1]!Table1[Organisation Name],0),110,8)
Name georange2: OFFSET('[1]Raw data'!$A$2,0,MATCH(#REF!,[1]!Table1[Organisation Name],0),110,8)
Name georange2: OFFSET('[1]Raw data'!$A$2,0,MATCH(#REF!,[1]!Table1[Organisation Name],0),110,8)
Name georange2: OFFSET('[1]Raw data'!$A$2,0,MATCH(#REF!,[1]!Table1[Organisation Name],0),110,8)
Name georange3: OFFSET('[1]Raw data'!$A$2,0,MATCH(#REF!,[1]!Table1[Organisation Name],0),110,8)
Name georange3: OFFSET('[1]Raw data'!$A$2,0,MATCH(#REF!,[1]!Table1[Organisation Name],0),110,8)
Name georange3: OFFSET('[1]Raw data'!$A$2,0,MATCH(#REF!,[1]!Table1[Organisation Name],0),110,8)
Name georange3: OFFSET('[1]Raw data'!$A$2,0,MATCH(#REF!,[1]!Table1[Organisation Name],0),110,8)

Sheet 2014E
A1: Name | B1: Finance Year | C1: ID | D1: Fund | E1: reference number | F1: Staff Person | G1: Type | H1: Status | I1: Organisation Size | J1: award | K1: Programming | L1: request | M1: cost | N1: artform | O1: Qu1-01_PermanentStaff| Full-time Artist | Male | P1: Qu1-01_PermanentStaff| Full-time Artist | Female | Q1: Qu1-01_PermanentStaff| Part-time Artist | Male | R1: Qu1-01_PermanentStaff| Part-time Artist | Female | S1: Qu1-01_PermanentStaff| Full-time Managers | Male | T1: Qu1-01_PermanentStaff| Full-time Managers | Female | U1: Qu1-01_PermanentStaff| Part-time Managers | Male | V1: Qu1-01_PermanentStaff| Part-time Managers | Female | W1: Qu1-01_PermanentStaff| Full-time Other Staff | Male | X1: Qu1-01_PermanentStaff| Full-time Other Staff | Female | Y1: Qu1-01_PermanentStaff| Part-time Other Staff | Male | Z1: Qu1-01_PermanentStaff| Part-time Other Staff | Female | AA1: Qu1-01_PermanentStaff| Total | Male | AB1: Qu1-01_PermanentStaff| Total Female | AC1: Qu1-01_PermanentStaff| Total | AD1: Qu1-02_ContractStaff| Artistic Staff | Male | AE1: Qu1-02_ContractStaff| Artistic Staff | Female | AF1: Qu1-02_ContractStaff| Managers | Male | AG1: Qu1-02_ContractStaff| Managers | Female | AH1: Qu1-02_ContractStaff| Other Staff | Male | AI1: Qu1-02_ContractStaff| Other Staff | Female | AJ1: Qu1-02_ContractStaff| Total | Male | AK1: Qu1-02_ContractStaff| Total | Female | AL1: Qu1-02_ContractStaff| Total | AM1: Qu1-03_VolNumbers|Number of volunteers| Male | AN1: Qu1-03_VolNumbers|Number of volunteers| Female | AO1: Total volunteers | AP1: Qu1-04_Volhrs|Number of hours worked| Hours worked | AQ1: Qu1-05_Ethnicity| White |Board Members|Male | AR1: Qu1-05_Ethnicity| White |Board Members|Female | AS1: Qu1-05_Ethnicity| Irish Traveller |Board Members|Male | AT1: Qu1-05_Ethnicity| Irish Traveller |Board Members|Female | AU1: Qu1-05_Ethnicity| Chinese |Board Members|Male | AV1: Qu1-05_Ethnicity| Chinese |Board Members|Female | AW1: Qu1-05_Ethnicity| Indian |Board Members|Male | AX1: Qu1-05_Ethnicity| Indian |Board Members|Female | AY1: Qu1-05_Ethnicity| Pakistani |Board Members|Male | AZ1: Qu1-05_Ethnicity| Pakistani |Board Members|Female | BA1: Qu1-05_Ethnicity| Bangladeshi |Board Members|Male | BB1: Qu1-05_Ethnicity| Bangladeshi |Board Members|Female | BC1: Qu1-05_Ethnicity| Other Asian |Board Members|Male | BD1: Qu1-05_Ethnicity| Other Asian |Board Members|Female | BE1: Qu1-05_Ethnicity| Black Caribbean |Board Members|Male | BF1: Qu1-05_Ethnicity| Black Caribbean |Board Members|Female | BG1: Qu1-05_Ethnicity| Black African |Board Members|Male | BH1: Qu1-05_Ethnicity| Black African |Board Members|Female | BI1: Qu1-05_Ethnicity| Black Other |Board Members|Male | BJ1: Qu1-05_Ethnicity| Black Other |Board Members|Female | BK1: Qu1-05_Ethnicity| Mixed ethnic group |Board Members|Male | BL1: Qu1-05_Ethnicity| Mixed ethnic group |Board Members|Female | BM1: Qu1-05_Ethnicity| Other ethnic group |Board Members|Male | BN1: Qu1-05_Ethnicity| Other ethnic group |Board Members|Female | BO1: Qu1-05_Ethnicity| Unspecified or not collected |Board Members|Male | BP1: Qu1-05_Ethnicity| Unspecified or not collected |Board Members|Female | BQ1: Qu1-05_Ethnicity| Total |Board Members|Male | BR1: Qu1-05_Ethnicity| Total |Board Members | BS1: Qu1-05_Ethnicity| Total |Board Members | BT1: Qu1-05_Ethnicity| White |Artistic Staff|Male | BU1: Qu1-05_Ethnicity| White |Artistic Staff|Female | BV1: Qu1-05_Ethnicity| Irish Traveller |Artistic Staff|Male | BW1: Qu1-05_Ethnicity| Irish Traveller |Artistic Staff|Female | BX1: Qu1-05_Ethnicity| Chinese |Artistic Staff|Male | BY1: Qu1-05_Ethnicity| Chinese |Artistic Staff|Female | BZ1: Qu1-05_Ethnicity| Indian |Artistic Staff|Male | CA1: Qu1-05_Ethnicity| Indian |Artistic Staff|Female | CB1: Qu1-05_Ethnicity| Pakistani |Artistic Staff|Male | CC1: Qu1-05_Ethnicity| Pakistani |Artistic Staff|Female | CD1: Qu1-05_Ethnicity| Bangladeshi |Artistic Staff|Male | CE1: Qu1-05_Ethnicity| Bangladeshi |Artistic Staff|Female | CF1: Qu1-05_Ethnicity| Other Asian |Artistic Staff|Male | CG1: Qu1-05_Ethnicity| Other Asian |Artistic Staff|Female | CH1: Qu1-05_Ethnicity| Black Caribbean |Artistic Staff|Male | CI1: Qu1-05_Ethnicity| Black Caribbean |Artistic Staff|Female | CJ1: Qu1-05_Ethnicity| Black African |Artistic Staff|Male | CK1: Qu1-05_Ethnicity| Black African |Artistic Staff|Female | CL1: Qu1-05_Ethnicity| Black Other |Artistic Staff|Male | CM1: Qu1-05_Ethnicity| Black Other |Artistic Staff|Female | CN1: Qu1-05_Ethnicity| Mixed ethnic group |Artistic Staff|Male | CO1: Qu1-05_Ethnicity| Mixed ethnic group |Artistic Staff|Female | CP1: Qu1-05_Ethnicity| Other ethnic group |Artistic Staff|Male | CQ1: Qu1-05_Ethnicity| Other ethnic group |Artistic Staff|Female | CR1: Qu1-05_Ethnicity| Unspecified or not collected |Artistic Staff|Male | CS1: Qu1-05_Ethnicity| Unspecified or not collected |Artistic Staff|Female | CT1: Ethnicity Artistic Staff Total Male | CU1: Ethnicity Artistic Staff Total Female | CV1: Ethnicity Artistic Staff Total | CW1: Qu1-05_Ethnicity| White |Managers|Male | CX1: Qu1-05_Ethnicity| White |Managers|Female | CY1: Qu1-05_Ethnicity| Irish Traveller |Managers|Male | CZ1: Qu1-05_Ethnicity| Irish Traveller |Managers|Female | DA1: Qu1-05_Ethnicity| Chinese |Managers|Male | DB1: Qu1-05_Ethnicity| Chinese |Managers|Female | DC1: Qu1-05_Ethnicity| Indian |Managers|Male | DD1: Qu1-05_Ethnicity| Indian |Managers|Female | DE1: Qu1-05_Ethnicity| Pakistani |Managers|Male | DF1: Qu1-05_Ethnicity| Pakistani |Managers|Female | DG1: Qu1-05_Ethnicity| Bangladeshi |Managers|Male | DH1: Qu1-05_Ethnicity| Bangladeshi |Managers|Female | DI1: Qu1-05_Ethnicity| Other Asian |Managers|Male | DJ1: Qu1-05_Ethnicity| Other Asian |Managers|Female | DK1: Qu1-05_Ethnicity| Black Caribbean |Managers|Male | DL1: Qu1-05_Ethnicity| Black Caribbean |Managers|Female | DM1: Qu1-05_Ethnicity| Black African |Managers|Male | DN1: Qu1-05_Ethnicity| Black African |Managers|Female | DO1: Qu1-05_Ethnicity| Black Other |Managers|Male | DP1: Qu1-05_Ethnicity| Black Other |Managers|Female | DQ1: Qu1-05_Ethnicity| Mixed ethnic group |Managers|Male | DR1: Qu1-05_Ethnicity| Mixed ethnic group |Managers|Female | DS1: Qu1-05_Ethnicity| Other ethnic group |Managers|Male | DT1: Qu1-05_Ethnicity| Other ethnic group |Managers|Female | DU1: Qu1-05_Ethnicity| Unspecified or not collected |Managers|Male | DV1: Qu1-05_Ethnicity| Unspecified or not collected |Managers|Female | DW1: Qu1-05_Ethnicity| Total |Managers|Male | DX1: Qu1-05_Ethnicity| Total |Managers|Female | DY1: Qu1-05_Ethnicity| Total |Managers | DZ1: Qu1-05_Ethnicity| White |Other Staff|Male | EA1: Qu1-05_Ethnicity| White |Other Staff|Female | EB1: Qu1-05_Ethnicity| Irish Traveller |Other Staff|Male | EC1: Qu1-05_Ethnicity| Irish Traveller |Other Staff|Female | ED1: Qu1-05_Ethnicity| Chinese |Other Staff|Male | EE1: Qu1-05_Ethnicity| Chinese |Other Staff|Female | EF1: Qu1-05_Ethnicity| Indian |Other Staff|Male | EG1: Qu1-05_Ethnicity| Indian |Other Staff|Female | EH1: Qu1-05_Ethnicity| Pakistani |Other Staff|Male | EI1: Qu1-05_Ethnicity| Pakistani |Other Staff|Female | EJ1: Qu1-05_Ethnicity| Bangladeshi |Other Staff|Male | EK1: Qu1-05_Ethnicity| Bangladeshi |Other Staff|Female | EL1: Qu1-05_Ethnicity| Other Asian |Other Staff|Male | EM1: Qu1-05_Ethnicity| Other Asian |Other Staff|Female | EN1: Qu1-05_Ethnicity| Black Caribbean |Other Staff|Male | EO1: Qu1-05_Ethnicity| Black Caribbean |Other Staff|Female | EP1: Qu1-05_Ethnicity| Black African |Other Staff|Male | EQ1: Qu1-05_Ethnicity| Black African |Other Staff|Female | ER1: Qu1-05_Ethnicity| Black Other |Other Staff|Male | ES1: Qu1-05_Ethnicity| Black Other |Other Staff|Female | ET1: Qu1-05_Ethnicity| Mixed ethnic group |Other Staff|Male | EU1: Qu1-05_Ethnicity| Mixed ethnic group |Other Staff|Female | EV1: Qu1-05_Ethnicity| Other ethnic group |Other Staff|Male | EW1: Qu1-05_Ethnicity| Other ethnic group |Other Staff|Female | EX1: Qu1-05_Ethnicity| Unspecified or not collected |Other Staff|Male | EY1: Qu1-05_Ethnicity| Unspecified or not collected |Other Staff|Female | EZ1: Qu1-05_Ethnicity| Total |Other Staff|Male | FA1: Qu1-05_Ethnicity| Total |Other Staff | FB1: Qu1-05_Ethnicity| Total |Other Staff|Female | FC1: Qu1-06_Disability| Board Members |Male | FD1: Qu1-06_Disability| Board Members |Female | FE1: Qu1-06_Disability| Artistic Staff |Male | FF1: Qu1-06_Disability| Artistic Staff |Female | FG1: Qu1-06_Disability| Managers |Male | FH1: Qu1-06_Disability| Managers |Female | FI1: Qu1-06_Disability| Other Staff |Male | FJ1: Qu1-06_Disability| Other Staff |Female | FK1: Qu1-06_Disability| Volunteers |Male | FL1: Qu1-06_Disability| Volunteers |Female | FM1: Qu1-06_Disability| Totals |Male | FN1: Qu1-06_Disability| Totals | FO1: Qu1-06_Disability| Totals |Female | FP1: Qu1-07_Age| Board Members |16 to 24 years|Male | FQ1: Qu1-07_Age| Board Members |16 to 24 years|Female | FR1: Qu1-07_Age| Board Members |25 to 34 years|Male | FS1: Qu1-07_Age| Board Members |25 to 34 years|Female | FT1: Qu1-07_Age| Board Members |35 to 44 years|Male | FU1: Qu1-07_Age| Board Members |35 to 44 years|Female | FV1: Qu1-07_Age| Board Members |45 to 54 years|Male | FW1: Qu1-07_Age| Board Members |45 to 54 years|Female | FX1: Qu1-07_Age| Board Members |55 to 64 years|Male | FY1: Qu1-07_Age| Board Members |55 to 64 years|Female | FZ1: Qu1-07_Age| Board Members |65+ years|Male | GA1: Qu1-07_Age| Board Members |65+ years|Female | GB1: Qu1-07_Age| Board Members |Female | GC1: Qu1-07_Age| Board Members |Male | GD1: Qu1-07_Age| Board Members | GE1: Qu1-07_Age| Artistic Staff |16 to 24 years|Male | GF1: Qu1-07_Age| Artistic Staff |16 to 24 years|Female | GG1: Qu1-07_Age| Artistic Staff |25 to 34 years|Male | GH1: Qu1-07_Age| Artistic Staff |25 to 34 years|Female | GI1: Qu1-07_Age| Artistic Staff |35 to 44 years|Male | GJ1: Qu1-07_Age| Artistic Staff |35 to 44 years|Female | GK1: Qu1-07_Age| Artistic Staff |45 to 54 years|Male | GL1: Qu1-07_Age| Artistic Staff |45 to 54 years|Female | GM1: Qu1-07_Age| Artistic Staff |55 to 64 years|Male | GN1: Qu1-07_Age| Artistic Staff |55 to 64 years|Female | GO1: Qu1-07_Age| Artistic Staff |65+ years|Male | GP1: Qu1-07_Age| Artistic Staff |65+ years|Female | GQ1: Qu1-07_Age| Artistic Staff |Female | GR1: Qu1-07_Age| Artistic Staff |Male | GS1: Qu1-07_Age| Artistic Staff | GT1: Qu1-07_Age| Managers |16 to 24 years|Male | GU1: Qu1-07_Age| Managers |16 to 24 years|Female | GV1: Qu1-07_Age| Managers |25 to 34 years|Male | GW1: Qu1-07_Age| Managers |25 to 34 years|Female | GX1: Qu1-07_Age| Managers |35 to 44 years|Male | GY1: Qu1-07_Age| Managers |35 to 44 years|Female | GZ1: Qu1-07_Age| Managers |45 to 54 years|Male | HA1: Qu1-07_Age| Managers |45 to 54 years|Female | HB1: Qu1-07_Age| Managers |55 to 64 years|Male | HC1: Qu1-07_Age| Managers |55 to 64 years|Female | HD1: Qu1-07_Age| Managers |65+ years|Male | HE1: Qu1-07_Age| Managers |65+ years|Female | HF1: Qu1-07_Age| Managers |Female | HG1: Qu1-07_Age| Managers |Male | HH1: Qu1-07_Age| Managers | HI1: Qu1-07_Age| Other Staff |16 to 24 years|Male | HJ1: Qu1-07_Age| Other Staff |16 to 24 years|Female | HK1: Qu1-07_Age| Other Staff |25 to 34 years|Male | HL1: Qu1-07_Age| Other Staff |25 to 34 years|Female | HM1: Qu1-07_Age| Other Staff |35 to 44 years|Male | HN1: Qu1-07_Age| Other Staff |35 to 44 years|Female | HO1: Qu1-07_Age| Other Staff |45 to 54 years|Male | HP1: Qu1-07_Age| Other Staff |45 to 54 years|Female | HQ1: Qu1-07_Age| Other Staff |55 to 64 years|Male | HR1: Qu1-07_Age| Other Staff |55 to 64 years|Female | HS1: Qu1-07_Age| Other Staff |65+ years|Male | HT1: Qu1-07_Age| Other Staff |65+ years|Female | HU1: Qu1-07_Age| Other Staff |Female | HV1: Qu1-07_Age| Other Staff |Male | HW1: Qu1-07_Age| Other Staff | HX1: Qu1-07_Age| Volunteers |16 to 24 years|Male | HY1: Qu1-07_Age| Volunteers |16 to 24 years|Female | HZ1: Qu1-07_Age| Volunteers |25 to 34 years|Male | IA1: Qu1-07_Age| Volunteers |25 to 34 years|Female | IB1: Qu1-07_Age| Volunteers |35 to 44 years|Male | IC1: Qu1-07_Age| Volunteers |35 to 44 years|Female | ID1: Qu1-07_Age| Volunteers |45 to 54 years|Male | IE1: Qu1-07_Age| Volunteers |45 to 54 years|Female | IF1: Qu1-07_Age| Volunteers |55 to 64 years|Male | IG1: Qu1-07_Age| Volunteers |55 to 64 years|Female | IH1: Qu1-07_Age| Volunteers |65+ years|Male | II1: Qu1-07_Age| Volunteers |65+ years|Female | IJ1: Qu1-07_Age| Volunteers |Female | IK1: Qu1-07_Age| Volunteers |Male | IL1: Qu1-07_Age| Volunteers | IM1: Qu1-08_Religion| Roman Catholic |Board Members|Male | IN1: Qu1-08_Religion| Roman Catholic |Board Members|Female | IO1: Qu1-08_Religion| Protestant |Board Members|Male | IP1: Qu1-08_Religion| Protestant |Board Members|Female | IQ1: Qu1-08_Religion| Other Religious Faith |Board Members|Male | IR1: Qu1-08_Religion| Other Religious Faith |Board Members|Female | IS1: Qu1-08_Religion| None |Board Members|Male | IT1: Qu1-08_Religion| None |Board Members|Female | IU1: Qu1-08_Religion| Unspecified or Not Collected |Board Members|Male | IV1: Qu1-08_Religion| Unspecified or Not Collected |Board Members|Female | IW1: Qu1-08_Religion| Totals |Board Members|Male | IX1: Qu1-08_Religion| Totals |Board Members|Female | IY1: Qu1-08_Religion| Totals |Board Members| | IZ1: Qu1-08_Religion| Roman Catholic |Artistic Staff|Male | JA1: Qu1-08_Religion| Roman Catholic |Artistic Staff|Female | JB1: Qu1-08_Religion| Protestant |Artistic Staff|Male | JC1: Qu1-08_Religion| Protestant |Artistic Staff|Female | JD1: Qu1-08_Religion| Other Religious Faith |Artistic Staff|Male | JE1: Qu1-08_Religion| Other Religious Faith |Artistic Staff|Female | JF1: Qu1-08_Religion| None |Artistic Staff|Male | JG1: Qu1-08_Religion| None |Artistic Staff|Female | JH1: Qu1-08_Religion| Unspecified or Not Collected |Artistic Staff|Male | JI1: Qu1-08_Religion| Unspecified or Not Collected |Artistic Staff|Female | JJ1: Qu1-08_Religion| Totals |Artistic Staff|Male | JK1: Qu1-08_Religion| Totals |Artistic Staff | JL1: Qu1-08_Religion| Totals |Artistic Staff | JM1: Qu1-08_Religion| Roman Catholic |Managers|Male | JN1: Qu1-08_Religion| Roman Catholic |Managers|Female | JO1: Qu1-08_Religion| Protestant |Managers|Male | JP1: Qu1-08_Religion| Protestant |Managers|Female | JQ1: Qu1-08_Religion| Other Religious Faith |Managers|Male | JR1: Qu1-08_Religion| Other Religious Faith |Managers|Female | JS1: Qu1-08_Religion| None |Managers|Male | JT1: Qu1-08_Religion| None |Managers|Female | JU1: Qu1-08_Religion| Unspecified or Not Collected |Managers|Male | JV1: Qu1-08_Religion| Unspecified or Not Collected |Managers|Female | JW1: Qu1-08_Religion| Totals |Managers|Male | JX1: Qu1-08_Religion| Totals |Managers|Female | JY1: Qu1-08_Religion| Totals |Managers | JZ1: Qu1-08_Religion| Roman Catholic |Other Staff|Male | KA1: Qu1-08_Religion| Roman Catholic |Other Staff|Female | KB1: Qu1-08_Religion| Protestant |Other Staff|Male | KC1: Qu1-08_Religion| Protestant |Other Staff|Female | KD1: Qu1-08_Religion| Other Religious Faith |Other Staff|Male | KE1: Qu1-08_Religion| Other Religious Faith |Other Staff|Female | KF1: Qu1-08_Religion| None |Other Staff|Male | KG1: Qu1-08_Religion| None |Other Staff|Female | KH1: Qu1-08_Religion| Unspecified or Not Collected |Other Staff|Male | KI1: Qu1-08_Religion| Unspecified or Not Collected |Other Staff|Female | KJ1: Qu1-08_Religion| Totals |Other Staff|Male | KK1: Qu1-08_Religion| Totals |Other Staff|Female | KL1: Qu1-08_Religion| Totals |Other Staff | KM1: xxxQu1-09_CDPExists| Yes | KN1: xxxQu1-09_CDPExists| No | KO1: Qu1-09_CDPOffered| Yes | KP1: Qu1-09_CDPOffered| No | KQ1: Qu1-10_CDPCourses| Leadership, management &amp; business skills |Number | KR1: Qu1-10_CDPCourses| Personal, effectiveness &amp; behavioural skills |Number | KS1: Qu1-10_CDPCourses| Performance &amp; reward skills |Number | KT1: Qu1-10_CDPCourses| Human resources |Number | KU1: Qu1-10_CDPCourses| Learning &amp; development |Number | KV1: Qu1-10_CDPCourses| Organisation, development &amp; design |Number | KW1: Qu1-10_CDPCourses| Artistic practice |Number | KX1: Qu1-10_CDPCourses| Other types of continuous professional development |Number | KY1: Courses total | KZ1: Qu1-11_Apprenticeships| Paid internships |Total Number | LA1: Qu1-11_Apprenticeships| Formal apprenticeships |Total Number | LB1: Qu1-11_Apprenticeships| Unaccredited apprenticeships |Total Number | LC1: Qu1-11_Apprenticeships| Work experience for students at school or in further/higher education |Total Number | LD1: Apprenticeship total | LE1: Homebase | LF1: Homebase 2
A2: All organisations | B2: 114 | C2: 0 | D2: 0 | E2: 0 | F2: 0 | G2: 0 | H2: 0 | I2: 0 | J2: 14149573 | K2: 0 | L2: 13146012 | M2: 37320681 | N2: 0 | O2: 63 | P2: 48 | Q2: 7 | R2: 15 | S2: 69 | T2: 100 | U2: 9 | V2: 36 | W2: 104 | X2: 106 | Y2: 136 | Z2: 225 | AA2: 388 | AB2: 530 | AC2: 918 | AD2: 2005 | AE2: 2116 | AF2: 32 | AG2: 79 | AH2: 269 | AI2: 259 | AJ2: 2306 | AK2: 2454 | AL2: 4760 | AM2: 1206 | AN2: 2011 | AO2: 3217 | AP2: 81831 | AQ2: 449 | AR2: 358 | AS2: 0 | AT2: 0 | AU2: 0 | AV2: 0 | AW2: 3 | AX2: 4 | AY2: 0 | AZ2: 0 | BA2: 0 | BB2: 1 | BC2: 0 | BD2: 0 | BE2: 0 | BF2: 0 | BG2: 1 | BH2: 1 | BI2: 0 | BJ2: 0 | BK2: 0 | BL2: 0 | BM2: 1 | BN2: 0 | BO2: 21 | BP2: 10 | BQ2: 475 | BR2: 374 | BS2: 849 | BT2: 1122.5 | BU2: 1114 | BV2: 0 | BW2: 1 | BX2: 1 | BY2: 1 | BZ2: 1 | CA2: 4 | CB2: 1 | CC2: 0 | CD2: 0 | CE2: 0 | CF2: 0 | CG2: 0 | CH2: 0 | CI2: 1 | CJ2: 4 | CK2: 3 | CL2: 2 | CM2: 1 | CN2: 4 | CO2: 11 | CP2: 15 | CQ2: 18 | CR2: 472 | CS2: 572 | CT2: 1622.5 | CU2: 1726 | CV2: 3348.5 | CW2: 94.5 | CX2: 186 | CY2: 0 | CZ2: 0 | DA2: 0 | DB2: 0 | DC2: 1 | DD2: 2 | DE2: 0 | DF2: 0 | DG2: 0 | DH2: 0 | DI2: 0 | DJ2: 0 | DK2: 0 | DL2: 0 | DM2: 0 | DN2: 0 | DO2: 0 | DP2: 0 | DQ2: 0 | DR2: 0 | DS2: 0 | DT2: 2 | DU2: 4 | DV2: 6 | DW2: 99.5 | DX2: 196 | DY2: 295.5 | DZ2: 347 | EA2: 467 | EB2: 0 | EC2: 0 | ED2: 0 | EE2: 0 | EF2: 0 | EG2: 2 | EH2: 0 | EI2: 0 | EJ2: 0 | EK2: 0 | EL2: 0 | EM2: 0 | EN2: 3 | EO2: 1 | EP2: 1 | EQ2: 1 | ER2: 0 | ES2: 0 | ET2: 2 | EU2: 2 | EV2: 1 | EW2: 2 | EX2: 72 | EY2: 101 | EZ2: 426 | FA2: 576 | FB2: 1002 | FC2: 63 | FD2: 38 | FE2: 27 | FF2: 18 | FG2: 5 | FH2: 6 | FI2: 14 | FJ2: 18 | FK2: 68 | FL2: 74 | FM2: 177 | FN2: 154 | FO2: 331 | FP2: 8 | FQ2: 5 | FR2: 28 | FS2: 40 | FT2: 81 | FU2: 119 | FV2: 148 | FW2: 112 | FX2: 117 | FY2: 60 | FZ2: 74 | GA2: 22 | GB2: 456 | GC2: 358 | GD2: 814 | GE2: 153 | GF2: 158 | GG2: 347 | GH2: 438 | GI2: 365 | GJ2: 385 | GK2: 221 | GL2: 217 | GM2: 92 | GN2: 88 | GO2: 32.5 | GP2: 30 | GQ2: 1210.5 | GR2: 1316 | GS2: 2526.5 | GT2: 0 | GU2: 7 | GV2: 21 | GW2: 64 | GX2: 31 | GY2: 68 | GZ2: 34 | HA2: 38 | HB2: 10 | HC2: 9 | HD2: 3.5 | HE2: 1 | HF2: 99.5 | HG2: 187 | HH2: 286.5 | HI2: 41 | HJ2: 70 | HK2: 136 | HL2: 173 | HM2: 86 | HN2: 143 | HO2: 60 | HP2: 84 | HQ2: 22 | HR2: 25 | HS2: 2 | HT2: 10 | HU2: 347 | HV2: 505 | HW2: 852 | HX2: 251 | HY2: 397 | HZ2: 192 | IA2: 294 | IB2: 149 | IC2: 269 | ID2: 105 | IE2: 251 | IF2: 79 | IG2: 90 | IH2: 35 | II2: 41 | IJ2: 811 | IK2: 1342 | IL2: 2153 | IM2: 77 | IN2: 65 | IO2: 54 | IP2: 45 | IQ2: 3 | IR2: 4 | IS2: 8 | IT2: 14 | IU2: 307 | IV2: 228 | IW2: 449 | IX2: 356 | IY2: 805 | IZ2: 115 | JA2: 128 | JB2: 49 | JC2: 66 | JD2: 6 | JE2: 8 | JF2: 13 | JG2: 13 | JH2: 1348 | JI2: 1410 | JJ2: 1531 | JK2: 1625 | JL2: 3156 | JM2: 26 | JN2: 43 | JO2: 15 | JP2: 18 | JQ2: 2 | JR2: 1 | JS2: 5 | JT2: 13 | JU2: 51 | JV2: 108 | JW2: 99 | JX2: 183 | JY2: 282 | JZ2: 101 | KA2: 146 | KB2: 41 | KC2: 78 | KD2: 1 | KE2: 5 | KF2: 3 | KG2: 6 | KH2: 325 | KI2: 530 | KJ2: 471 | KK2: 765 | KL2: 1236 | KM2: 65 | KN2: 40 | KO2: 62 | KP2: 1 | KQ2: 191 | KR2: 189 | KS2: 99 | KT2: 57 | KU2: 268 | KV2: 113 | KW2: 291 | KX2: 215 | KY2: 1423 | KZ2: 54 | LA2: 19 | LB2: 310 | LC2: 394 | LD2: 777
A3: Small | B3: 53 | C3: 0 | D3: 0 | E3: 0 | F3: 0 | G3: 0 | H3: 0 | I3: 0 | J3: 2956777 | K3: 0 | L3: 0 | M3: 0 | N3: 0 | O3: 8 | P3: 7 | Q3: 4 | R3: 4 | S3: 14 | T3: 21 | U3: 4 | V3: 11 | W3: 3 | X3: 11 | Y3: 11 | Z3: 22 | AA3: 44 | AB3: 76 | AC3: 120 | AD3: 757 | AE3: 759 | AF3: 9 | AG3: 16 | AH3: 94 | AI3: 86 | AJ3: 860 | AK3: 861 | AL3: 1721 | AM3: 281 | AN3: 432 | AO3: 713 | AP3: 20453 | AQ3: 211 | AR3: 177 | AS3: 0 | AT3: 0 | AU3: 0 | AV3: 0 | AW3: 0 | AX3: 3 | AY3: 0 | AZ3: 0 | BA3: 0 | BB3: 0 | BC3: 0 | BD3: 0 | BE3: 0 | BF3: 0 | BG3: 1 | BH3: 1 | BI3: 0 | BJ3: 0 | BK3: 0 | BL3: 0 | BM3: 1 | BN3: 0 | BO3: 5 | BP3: 2 | BQ3: 218 | BR3: 183 | BS3: 401 | BT3: 378 | BU3: 355 | BV3: 0 | BW3: 0 | BX3: 1 | BY3: 1 | BZ3: 1 | CA3: 3 | CB3: 0 | CC3: 0 | CD3: 0 | CE3: 0 | CF3: 0 | CG3: 0 | CH3: 0 | CI3: 0 | CJ3: 0 | CK3: 0 | CL3: 1 | CM3: 1 | CN3: 2 | CO3: 2 | CP3: 7 | CQ3: 10 | CR3: 296 | CS3: 285 | CT3: 686 | CU3: 657 | CV3: 1343 | CW3: 20 | CX3: 38 | CY3: 0 | CZ3: 0 | DA3: 0 | DB3: 0 | DC3: 0 | DD3: 0 | DE3: 0 | DF3: 0 | DG3: 0 | DH3: 0 | DI3: 0 | DJ3: 0 | DK3: 0 | DL3: 0 | DM3: 0 | DN3: 0 | DO3: 0 | DP3: 0 | DQ3: 0 | DR3: 0 | DS3: 0 | DT3: 0 | DU3: 0 | DV3: 1 | DW3: 20 | DX3: 39 | DY3: 59 | DZ3: 53 | EA3: 88 | EB3: 0 | EC3: 0 | ED3: 0 | EE3: 0 | EF3: 0 | EG3: 0 | EH3: 0 | EI3: 0 | EJ3: 0 | EK3: 0 | EL3: 0 | EM3: 0 | EN3: 3 | EO3: 0 | EP3: 0 | EQ3: 0 | ER3: 0 | ES3: 0 | ET3: 0 | EU3: 1 | EV3: 0 | EW3: 1 | EX3: 15 | EY3: 11 | EZ3: 71 | FA3: 101 | FB3: 172 | FC3: 49 | FD3: 30 | FE3: 21 | FF3: 15 | FG3: 4 | FH3: 3 | FI3: 5 | FJ3: 8 | FK3: 31 | FL3: 35 | FM3: 110 | FN3: 91 | FO3: 201 | FP3: 6 | FQ3: 5 | FR3: 16 | FS3: 14 | FT3: 41 | FU3: 61 | FV3: 54 | FW3: 54 | FX3: 56 | FY3: 29 | FZ3: 42 | GA3: 12 | GB3: 215 | GC3: 175 | GD3: 390 | GE3: 45 | GF3: 40 | GG3: 137 | GH3: 178 | GI3: 121 | GJ3: 102 | GK3: 71 | GL3: 61 | GM3: 27 | GN3: 12 | GO3: 9 | GP3: 5 | GQ3: 410 | GR3: 398 | GS3: 808 | GT3: 0 | GU3: 0 | GV3: 4 | GW3: 9 | GX3: 6 | GY3: 15 | GZ3: 9 | HA3: 11 | HB3: 3 | HC3: 1 | HD3: 1 | HE3: 0 | HF3: 23 | HG3: 36 | HH3: 59 | HI3: 7 | HJ3: 5 | HK3: 14 | HL3: 25 | HM3: 18 | HN3: 28 | HO3: 14 | HP3: 25 | HQ3: 0 | HR3: 6 | HS3: 0 | HT3: 1 | HU3: 53 | HV3: 90 | HW3: 143 | HX3: 45 | HY3: 82 | HZ3: 42 | IA3: 61 | IB3: 26 | IC3: 90 | ID3: 20 | IE3: 50 | IF3: 12 | IG3: 12 | IH3: 5 | II3: 7 | IJ3: 150 | IK3: 302 | IL3: 452 | IM3: 34 | IN3: 25 | IO3: 26 | IP3: 29 | IQ3: 0 | IR3: 1 | IS3: 2 | IT3: 7 | IU3: 146 | IV3: 117 | IW3: 208 | IX3: 179 | IY3: 387 | IZ3: 87 | JA3: 85 | JB3: 32 | JC3: 41 | JD3: 2 | JE3: 4 | JF3: 8 | JG3: 6 | JH3: 494 | JI3: 469 | JJ3: 623 | JK3: 605 | JL3: 1228 | JM3: 5 | JN3: 4 | JO3: 3 | JP3: 4 | JQ3: 0 | JR3: 0 | JS3: 1 | JT3: 3 | JU3: 12 | JV3: 24 | JW3: 21 | JX3: 35 | JY3: 56 | JZ3: 3 | KA3: 7 | KB3: 0 | KC3: 3 | KD3: 0 | KE3: 1 | KF3: 2 | KG3: 2 | KH3: 48 | KI3: 77 | KJ3: 53 | KK3: 90 | KL3: 143 | KM3: 28 | KN3: 23 | KO3: 27 | KP3: 1 | KQ3: 64 | KR3: 29 | KS3: 8 | KT3: 23 | KU3: 85 | KV3: 45 | KW3: 73 | KX3: 82 | KY3: 409 | KZ3: 9 | LA3: 2 | LB3: 10 | LC3: 77 | LD3: 98
A4: Medium | B4: 47 | C4: 0 | D4: 0 | E4: 0 | F4: 0 | G4: 0 | H4: 0 | I4: 0 | J4: 6134734 | K4: 0 | L4: 0 | M4: 0 | N4: 0 | O4: 21 | P4: 22 | Q4: 3 | R4: 11 | S4: 26 | T4: 52 | U4: 5 | V4: 22 | W4: 26 | X4: 39 | Y4: 37 | Z4: 63 | AA4: 118 | AB4: 209 | AC4: 327 | AD4: 970 | AE4: 1142 | AF4: 18 | AG4: 61 | AH4: 129 | AI4: 115 | AJ4: 1117 | AK4: 1318 | AL4: 2435 | AM4: 771 | AN4: 1333 | AO4: 2104 | AP4: 53095 | AQ4: 192 | AR4: 161 | AS4: 0 | AT4: 0 | AU4: 0 | AV4: 0 | AW4: 3 | AX4: 1 | AY4: 0 | AZ4: 0 | BA4: 0 | BB4: 1 | BC4: 0 | BD4: 0 | BE4: 0 | BF4: 0 | BG4: 0 | BH4: 0 | BI4: 0 | BJ4: 0 | BK4: 0 | BL4: 0 | BM4: 0 | BN4: 0 | BO4: 6 | BP4: 5 | BQ4: 201 | BR4: 168 | BS4: 369 | BT4: 648.5 | BU4: 672 | BV4: 0 | BW4: 1 | BX4: 0 | BY4: 0 | BZ4: 0 | CA4: 1 | CB4: 1 | CC4: 0 | CD4: 0 | CE4: 0 | CF4: 0 | CG4: 0 | CH4: 0 | CI4: 1 | CJ4: 4 | CK4: 3 | CL4: 1 | CM4: 0 | CN4: 2 | CO4: 9 | CP4: 7 | CQ4: 8 | CR4: 132 | CS4: 245 | CT4: 795.5 | CU4: 940 | CV4: 1735.5 | CW4: 42.5 | CX4: 120 | CY4: 0 | CZ4: 0 | DA4: 0 | DB4: 0 | DC4: 1 | DD4: 2 | DE4: 0 | DF4: 0 | DG4: 0 | DH4: 0 | DI4: 0 | DJ4: 0 | DK4: 0 | DL4: 0 | DM4: 0 | DN4: 0 | DO4: 0 | DP4: 0 | DQ4: 0 | DR4: 0 | DS4: 0 | DT4: 2 | DU4: 0 | DV4: 1 | DW4: 43.5 | DX4: 125 | DY4: 168.5 | DZ4: 116 | EA4: 179 | EB4: 0 | EC4: 0 | ED4: 0 | EE4: 0 | EF4: 0 | EG4: 1 | EH4: 0 | EI4: 0 | EJ4: 0 | EK4: 0 | EL4: 0 | EM4: 0 | EN4: 0 | EO4: 0 | EP4: 0 | EQ4: 0 | ER4: 0 | ES4: 0 | ET4: 0 | EU4: 1 | EV4: 0 | EW4: 0 | EX4: 42 | EY4: 66 | EZ4: 158 | FA4: 247 | FB4: 405 | FC4: 6 | FD4: 5 | FE4: 6 | FF4: 3 | FG4: 0 | FH4: 1 | FI4: 6 | FJ4: 6 | FK4: 15 | FL4: 21 | FM4: 33 | FN4: 36 | FO4: 69 | FP4: 1 | FQ4: 0 | FR4: 10 | FS4: 25 | FT4: 33 | FU4: 56 | FV4: 78 | FW4: 50 | FX4: 47 | FY4: 23 | FZ4: 25 | GA4: 9 | GB4: 194 | GC4: 163 | GD4: 357 | GE4: 92 | GF4: 94 | GG4: 196 | GH4: 240 | GI4: 229 | GJ4: 274 | GK4: 139 | GL4: 149 | GM4: 51 | GN4: 70 | GO4: 22.5 | GP4: 25 | GQ4: 729.5 | GR4: 852 | GS4: 1581.5 | GT4: 0 | GU4: 7 | GV4: 14 | GW4: 45 | GX4: 9 | GY4: 38 | GZ4: 13 | HA4: 22 | HB4: 4 | HC4: 7 | HD4: 1.5 | HE4: 0 | HF4: 41.5 | HG4: 119 | HH4: 160.5 | HI4: 7 | HJ4: 19 | HK4: 51 | HL4: 74 | HM4: 34 | HN4: 69 | HO4: 27 | HP4: 29 | HQ4: 9 | HR4: 8 | HS4: 0 | HT4: 2 | HU4: 128 | HV4: 201 | HW4: 329 | HX4: 160 | HY4: 248 | HZ4: 95 | IA4: 162 | IB4: 96 | IC4: 158 | ID4: 76 | IE4: 192 | IF4: 61 | IG4: 72 | IH4: 28 | II4: 32 | IJ4: 516 | IK4: 864 | IL4: 1380 | IM4: 22 | IN4: 29 | IO4: 24 | IP4: 14 | IQ4: 3 | IR4: 3 | IS4: 6 | IT4: 7 | IU4: 130 | IV4: 101 | IW4: 185 | IX4: 154 | IY4: 339 | IZ4: 23 | JA4: 39 | JB4: 9 | JC4: 20 | JD4: 4 | JE4: 4 | JF4: 5 | JG4: 7 | JH4: 722 | JI4: 817 | JJ4: 763 | JK4: 887 | JL4: 1650 | JM4: 5 | JN4: 20 | JO4: 6 | JP4: 8 | JQ4: 1 | JR4: 1 | JS4: 4 | JT4: 10 | JU4: 26 | JV4: 78 | JW4: 42 | JX4: 117 | JY4: 159 | JZ4: 24 | KA4: 46 | KB4: 13 | KC4: 20 | KD4: 0 | KE4: 0 | KF4: 1 | KG4: 4 | KH4: 185 | KI4: 363 | KJ4: 223 | KK4: 433 | KL4: 656 | KM4: 32 | KN4: 14 | KO4: 30 | KP4: 0 | KQ4: 90 | KR4: 108 | KS4: 19 | KT4: 13 | KU4: 143 | KV4: 53 | KW4: 192 | KX4: 120 | KY4: 738 | KZ4: 27 | LA4: 17 | LB4: 298 | LC4: 248 | LD4: 590
A5: Large | B5: 8 | C5: 0 | D5: 0 | E5: 0 | F5: 0 | G5: 0 | H5: 0 | I5: 0 | J5: 5058062 | K5: 0 | L5: 0 | M5: 0 | N5: 0 | O5: 34 | P5: 19 | Q5: 0 | R5: 0 | S5: 29 | T5: 27 | U5: 0 | V5: 3 | W5: 75 | X5: 56 | Y5: 88 | Z5: 140 | AA5: 226 | AB5: 245 | AC5: 471 | AD5: 278 | AE5: 215 | AF5: 5 | AG5: 2 | AH5: 46 | AI5: 58 | AJ5: 329 | AK5: 275 | AL5: 604 | AM5: 154 | AN5: 246 | AO5: 400 | AP5: 8283 | AQ5: 46 | AR5: 20 | AS5: 0 | AT5: 0 | AU5: 0 | AV5: 0 | AW5: 0 | AX5: 0 | AY5: 0 | AZ5: 0 | BA5: 0 | BB5: 0 | BC5: 0 | BD5: 0 | BE5: 0 | BF5: 0 | BG5: 0 | BH5: 0 | BI5: 0 | BJ5: 0 | BK5: 0 | BL5: 0 | BM5: 0 | BN5: 0 | BO5: 10 | BP5: 3 | BQ5: 56 | BR5: 23 | BS5: 79 | BT5: 96 | BU5: 87 | BV5: 0 | BW5: 0 | BX5: 0 | BY5: 0 | BZ5: 0 | CA5: 0 | CB5: 0 | CC5: 0 | CD5: 0 | CE5: 0 | CF5: 0 | CG5: 0 | CH5: 0 | CI5: 0 | CJ5: 0 | CK5: 0 | CL5: 0 | CM5: 0 | CN5: 0 | CO5: 0 | CP5: 1 | CQ5: 0 | CR5: 44 | CS5: 42 | CT5: 141 | CU5: 129 | CV5: 270 | CW5: 32 | CX5: 28 | CY5: 0 | CZ5: 0 | DA5: 0 | DB5: 0 | DC5: 0 | DD5: 0 | DE5: 0 | DF5: 0 | DG5: 0 | DH5: 0 | DI5: 0 | DJ5: 0 | DK5: 0 | DL5: 0 | DM5: 0 | DN5: 0 | DO5: 0 | DP5: 0 | DQ5: 0 | DR5: 0 | DS5: 0 | DT5: 0 | DU5: 4 | DV5: 4 | DW5: 36 | DX5: 32 | DY5: 68 | DZ5: 178 | EA5: 200 | EB5: 0 | EC5: 0 | ED5: 0 | EE5: 0 | EF5: 0 | EG5: 1 | EH5: 0 | EI5: 0 | EJ5: 0 | EK5: 0 | EL5: 0 | EM5: 0 | EN5: 0 | EO5: 1 | EP5: 1 | EQ5: 1 | ER5: 0 | ES5: 0 | ET5: 2 | EU5: 0 | EV5: 1 | EW5: 1 | EX5: 15 | EY5: 24 | EZ5: 197 | FA5: 228 | FB5: 425 | FC5: 8 | FD5: 3 | FE5: 0 | FF5: 0 | FG5: 1 | FH5: 2 | FI5: 3 | FJ5: 4 | FK5: 22 | FL5: 18 | FM5: 34 | FN5: 27 | FO5: 61 | FP5: 1 | FQ5: 0 | FR5: 2 | FS5: 1 | FT5: 7 | FU5: 2 | FV5: 16 | FW5: 8 | FX5: 14 | FY5: 8 | FZ5: 7 | GA5: 1 | GB5: 47 | GC5: 20 | GD5: 67 | GE5: 16 | GF5: 24 | GG5: 14 | GH5: 20 | GI5: 15 | GJ5: 9 | GK5: 11 | GL5: 7 | GM5: 14 | GN5: 6 | GO5: 1 | GP5: 0 | GQ5: 71 | GR5: 66 | GS5: 137 | GT5: 0 | GU5: 0 | GV5: 3 | GW5: 10 | GX5: 16 | GY5: 15 | GZ5: 12 | HA5: 5 | HB5: 3 | HC5: 1 | HD5: 1 | HE5: 1 | HF5: 35 | HG5: 32 | HH5: 67 | HI5: 27 | HJ5: 46 | HK5: 71 | HL5: 74 | HM5: 34 | HN5: 46 | HO5: 19 | HP5: 30 | HQ5: 13 | HR5: 11 | HS5: 2 | HT5: 7 | HU5: 166 | HV5: 214 | HW5: 380 | HX5: 46 | HY5: 67 | HZ5: 55 | IA5: 71 | IB5: 27 | IC5: 21 | ID5: 9 | IE5: 9 | IF5: 6 | IG5: 6 | IH5: 2 | II5: 2 | IJ5: 145 | IK5: 176 | IL5: 321 | IM5: 21 | IN5: 11 | IO5: 4 | IP5: 2 | IQ5: 0 | IR5: 0 | IS5: 0 | IT5: 0 | IU5: 31 | IV5: 10 | IW5: 56 | IX5: 23 | IY5: 79 | IZ5: 5 | JA5: 4 | JB5: 8 | JC5: 5 | JD5: 0 | JE5: 0 | JF5: 0 | JG5: 0 | JH5: 132 | JI5: 124 | JJ5: 145 | JK5: 133 | JL5: 278 | JM5: 16 | JN5: 19 | JO5: 6 | JP5: 6 | JQ5: 1 | JR5: 0 | JS5: 0 | JT5: 0 | JU5: 13 | JV5: 6 | JW5: 36 | JX5: 31 | JY5: 67 | JZ5: 74 | KA5: 93 | KB5: 28 | KC5: 55 | KD5: 1 | KE5: 4 | KF5: 0 | KG5: 0 | KH5: 92 | KI5: 90 | KJ5: 195 | KK5: 242 | KL5: 437 | KM5: 5 | KN5: 3 | KO5: 5 | KP5: 0 | KQ5: 37 | KR5: 52 | KS5: 72 | KT5: 21 | KU5: 40 | KV5: 15 | KW5: 26 | KX5: 13 | KY5: 276 | KZ5: 18 | LA5: 0 | LB5: 2 | LC5: 69 | LD5: 89
A6: Visual Arts | B6: 21 | C6: 0 | D6: 0 | E6: 0 | F6: 0 | G6: 0 | H6: 0 | I6: 0 | J6: 1456234 | K6: 0 | L6: 0 | M6: 0 | N6: 0 | O6: 4 | P6: 3 | Q6: 1 | R6: 3 | S6: 7 | T6: 11 | U6: 4 | V6: 9 | W6: 3 | X6: 10 | Y6: 15 | Z6: 17 | AA6: 34 | AB6: 53 | AC6: 87 | AD6: 103 | AE6: 153 | AF6: 4 | AG6: 6 | AH6: 66 | AI6: 52 | AJ6: 173 | AK6: 211 | AL6: 384 | AM6: 103 | AN6: 175 | AO6: 278 | AP6: 6918 | AQ6: 92 | AR6: 72 | AS6: 0 | AT6: 0 | AU6: 0 | AV6: 0 | AW6: 0 | AX6: 0 | AY6: 0 | AZ6: 0 | BA6: 0 | BB6: 0 | BC6: 0 | BD6: 0 | BE6: 0 | BF6: 0 | BG6: 0 | BH6: 0 | BI6: 0 | BJ6: 0 | BK6: 0 | BL6: 0 | BM6: 1 | BN6: 0 | BO6: 1 | BP6: 0 | BQ6: 94 | BR6: 72 | BS6: 166 | BT6: 62 | BU6: 81 | BV6: 0 | BW6: 0 | BX6: 0 | BY6: 0 | BZ6: 0 | CA6: 1 | CB6: 0 | CC6: 0 | CD6: 0 | CE6: 0 | CF6: 0 | CG6: 0 | CH6: 0 | CI6: 0 | CJ6: 0 | CK6: 0 | CL6: 1 | CM6: 0 | CN6: 0 | CO6: 0 | CP6: 0 | CQ6: 1 | CR6: 0 | CS6: 0 | CT6: 63 | CU6: 83 | CV6: 146 | CW6: 10 | CX6: 21 | CY6: 0 | CZ6: 0 | DA6: 0 | DB6: 0 | DC6: 0 | DD6: 0 | DE6: 0 | DF6: 0 | DG6: 0 | DH6: 0 | DI6: 0 | DJ6: 0 | DK6: 0 | DL6: 0 | DM6: 0 | DN6: 0 | DO6: 0 | DP6: 0 | DQ6: 0 | DR6: 0 | DS6: 0 | DT6: 0 | DU6: 0 | DV6: 0 | DW6: 10 | DX6: 21 | DY6: 31 | DZ6: 31 | EA6: 53 | EB6: 0 | EC6: 0 | ED6: 0 | EE6: 0 | EF6: 0 | EG6: 1 | EH6: 0 | EI6: 0 | EJ6: 0 | EK6: 0 | EL6: 0 | EM6: 0 | EN6: 0 | EO6: 0 | EP6: 0 | EQ6: 0 | ER6: 0 | ES6: 0 | ET6: 0 | EU6: 1 | EV6: 0 | EW6: 0 | EX6: 0 | EY6: 0 | EZ6: 31 | FA6: 55 | FB6: 86 | FC6: 15 | FD6: 12 | FE6: 2 | FF6: 5 | FG6: 0 | FH6: 2 | FI6: 3 | FJ6: 4 | FK6: 8 | FL6: 14 | FM6: 28 | FN6: 37 | FO6: 65 | FP6: 0 | FQ6: 2 | FR6: 10 | FS6: 9 | FT6: 16 | FU6: 25 | FV6: 37 | FW6: 24 | FX6: 19 | FY6: 4 | FZ6: 11 | GA6: 4 | GB6: 93 | GC6: 68 | GD6: 161 | GE6: 8 | GF6: 12 | GG6: 22 | GH6: 47 | GI6: 24 | GJ6: 18 | GK6: 7 | GL6: 3 | GM6: 4 | GN6: 3 | GO6: 2 | GP6: 2 | GQ6: 67 | GR6: 85 | GS6: 152 | GT6: 0 | GU6: 0 | GV6: 2 | GW6: 2 | GX6: 4 | GY6: 13 | GZ6: 2 | HA6: 5 | HB6: 1 | HC6: 1 | HD6: 1 | HE6: 0 | HF6: 10 | HG6: 21 | HH6: 31 | HI6: 1 | HJ6: 3 | HK6: 10 | HL6: 19 | HM6: 5 | HN6: 22 | HO6: 6 | HP6: 6 | HQ6: 0 | HR6: 2 | HS6: 0 | HT6: 0 | HU6: 22 | HV6: 52 | HW6: 74 | HX6: 7 | HY6: 31 | HZ6: 40 | IA6: 69 | IB6: 12 | IC6: 23 | ID6: 3 | IE6: 10 | IF6: 0 | IG6: 3 | IH6: 2 | II6: 2 | IJ6: 64 | IK6: 138 | IL6: 202 | IM6: 12 | IN6: 8 | IO6: 9 | IP6: 3 | IQ6: 0 | IR6: 0 | IS6: 2 | IT6: 4 | IU6: 78 | IV6: 50 | IW6: 101 | IX6: 65 | IY6: 166 | IZ6: 6 | JA6: 7 | JB6: 1 | JC6: 2 | JD6: 0 | JE6: 0 | JF6: 0 | JG6: 1 | JH6: 45 | JI6: 64 | JJ6: 52 | JK6: 74 | JL6: 126 | JM6: 0 | JN6: 4 | JO6: 0 | JP6: 1 | JQ6: 0 | JR6: 0 | JS6: 1 | JT6: 2 | JU6: 10 | JV6: 13 | JW6: 11 | JX6: 20 | JY6: 31 | JZ6: 6 | KA6: 5 | KB6: 1 | KC6: 5 | KD6: 0 | KE6: 0 | KF6: 1 | KG6: 1 | KH6: 18 | KI6: 41 | KJ6: 26 | KK6: 52 | KL6: 78 | KM6: 16 | KN6: 5 | KO6: 15 | KP6: 1 | KQ6: 41 | KR6: 28 | KS6: 13 | KT6: 16 | KU6: 30 | KV6: 25 | KW6: 10 | KX6: 29 | KY6: 192 | KZ6: 8 | LA6: 1 | LB6: 1 | LC6: 59 | LD6: 69
A7: Combined | B7: 33 | C7: 0 | D7: 0 | E7: 0 | F7: 0 | G7: 0 | H7: 0 | I7: 0 | J7: 5636208 | K7: 0 | L7: 0 | M7: 0 | N7: 0 | O7: 10 | P7: 5 | Q7: 1 | R7: 6 | S7: 31 | T7: 46 | U7: 2 | V7: 13 | W7: 53 | X7: 55 | Y7: 92 | Z7: 141 | AA7: 189 | AB7: 266 | AC7: 455 | AD7: 806 | AE7: 1029 | AF7: 15 | AG7: 55 | AH7: 86 | AI7: 98 | AJ7: 907 | AK7: 1182 | AL7: 2089 | AM7: 613 | AN7: 956 | AO7: 1569 | AP7: 25888 | AQ7: 129 | AR7: 115 | AS7: 0 | AT7: 0 | AU7: 0 | AV7: 0 | AW7: 2 | AX7: 1 | AY7: 0 | AZ7: 0 | BA7: 0 | BB7: 1 | BC7: 0 | BD7: 0 | BE7: 0 | BF7: 0 | BG7: 1 | BH7: 1 | BI7: 0 | BJ7: 0 | BK7: 0 | BL7: 0 | BM7: 0 | BN7: 0 | BO7: 10 | BP7: 3 | BQ7: 142 | BR7: 121 | BS7: 263 | BT7: 627 | BU7: 671 | BV7: 0 | BW7: 1 | BX7: 0 | BY7: 0 | BZ7: 0 | CA7: 3 | CB7: 1 | CC7: 0 | CD7: 0 | CE7: 0 | CF7: 0 | CG7: 0 | CH7: 0 | CI7: 1 | CJ7: 4 | CK7: 3 | CL7: 1 | CM7: 0 | CN7: 2 | CO7: 9 | CP7: 9 | CQ7: 12 | CR7: 132 | CS7: 245 | CT7: 776 | CU7: 945 | CV7: 1721 | CW7: 44 | CX7: 103 | CY7: 0 | CZ7: 0 | DA7: 0 | DB7: 0 | DC7: 1 | DD7: 2 | DE7: 0 | DF7: 0 | DG7: 0 | DH7: 0 | DI7: 0 | DJ7: 0 | DK7: 0 | DL7: 0 | DM7: 0 | DN7: 0 | DO7: 0 | DP7: 0 | DQ7: 0 | DR7: 0 | DS7: 0 | DT7: 2 | DU7: 4 | DV7: 4 | DW7: 49 | DX7: 111 | DY7: 160 | DZ7: 180 | EA7: 271 | EB7: 0 | EC7: 0 | ED7: 0 | EE7: 0 | EF7: 0 | EG7: 0 | EH7: 0 | EI7: 0 | EJ7: 0 | EK7: 0 | EL7: 0 | EM7: 0 | EN7: 0 | EO7: 0 | EP7: 1 | EQ7: 1 | ER7: 0 | ES7: 0 | ET7: 2 | EU7: 0 | EV7: 1 | EW7: 1 | EX7: 9 | EY7: 22 | EZ7: 193 | FA7: 295 | FB7: 488 | FC7: 15 | FD7: 14 | FE7: 7 | FF7: 3 | FG7: 1 | FH7: 3 | FI7: 7 | FJ7: 10 | FK7: 38 | FL7: 41 | FM7: 68 | FN7: 71 | FO7: 139 | FP7: 4 | FQ7: 1 | FR7: 10 | FS7: 13 | FT7: 28 | FU7: 30 | FV7: 40 | FW7: 42 | FX7: 28 | FY7: 22 | FZ7: 14 | GA7: 5 | GB7: 124 | GC7: 113 | GD7: 237 | GE7: 96 | GF7: 113 | GG7: 191 | GH7: 235 | GI7: 206 | GJ7: 273 | GK7: 127 | GL7: 155 | GM7: 53 | GN7: 71 | GO7: 21 | GP7: 27 | GQ7: 694 | GR7: 874 | GS7: 1568 | GT7: 0 | GU7: 6 | GV7: 16 | GW7: 41 | GX7: 8 | GY7: 36 | GZ7: 20 | HA7: 18 | HB7: 5 | HC7: 4 | HD7: 1 | HE7: 0 | HF7: 50 | HG7: 105 | HH7: 155 | HI7: 25 | HJ7: 45 | HK7: 75 | HL7: 98 | HM7: 51 | HN7: 77 | HO7: 26 | HP7: 40 | HQ7: 13 | HR7: 10 | HS7: 2 | HT7: 8 | HU7: 192 | HV7: 278 | HW7: 470 | HX7: 106 | HY7: 146 | HZ7: 109 | IA7: 152 | IB7: 93 | IC7: 113 | ID7: 53 | IE7: 74 | IF7: 53 | IG7: 51 | IH7: 25 | II7: 25 | IJ7: 439 | IK7: 561 | IL7: 1000 | IM7: 33 | IN7: 37 | IO7: 18 | IP7: 18 | IQ7: 3 | IR7: 3 | IS7: 5 | IT7: 7 | IU7: 80 | IV7: 59 | IW7: 139 | IX7: 124 | IY7: 263 | IZ7: 32 | JA7: 53 | JB7: 18 | JC7: 38 | JD7: 5 | JE7: 8 | JF7: 7 | JG7: 8 | JH7: 683 | JI7: 795 | JJ7: 745 | JK7: 902 | JL7: 1647 | JM7: 18 | JN7: 24 | JO7: 7 | JP7: 9 | JQ7: 1 | JR7: 1 | JS7: 2 | JT7: 8 | JU7: 20 | JV7: 64 | JW7: 48 | JX7: 106 | JY7: 154 | JZ7: 60 | KA7: 101 | KB7: 24 | KC7: 49 | KD7: 1 | KE7: 0 | KF7: 2 | KG7: 4 | KH7: 176 | KI7: 337 | KJ7: 263 | KK7: 491 | KL7: 754 | KM7: 23 | KN7: 9 | KO7: 22 | KP7: 0 | KQ7: 75 | KR7: 123 | KS7: 86 | KT7: 31 | KU7: 72 | KV7: 61 | KW7: 193 | KX7: 58 | KY7: 699 | KZ7: 23 | LA7: 5 | LB7: 298 | LC7: 195 | LD7: 521
A8: Literature | B8: 5 | C8: 0 | D8: 0 | E8: 0 | F8: 0 | G8: 0 | H8: 0 | I8: 0 | J8: 471749 | K8: 0 | L8: 0 | M8: 0 | N8: 0 | O8: 3 | P8: 1 | Q8: 3 | R8: 1 | S8: 1 | T8: 3 | U8: 1 | V8: 1 | W8: 1 | X8: 3 | Y8: 1 | Z8: 4 | AA8: 10 | AB8: 13 | AC8: 23 | AD8: 5 | AE8: 7 | AF8: 0 | AG8: 1 | AH8: 2 | AI8: 6 | AJ8: 7 | AK8: 14 | AL8: 21 | AM8: 16 | AN8: 29 | AO8: 45 | AP8: 1996 | AQ8: 19 | AR8: 7 | AS8: 0 | AT8: 0 | AU8: 0 | AV8: 0 | AW8: 0 | AX8: 0 | AY8: 0 | AZ8: 0 | BA8: 0 | BB8: 0 | BC8: 0 | BD8: 0 | BE8: 0 | BF8: 0 | BG8: 0 | BH8: 0 | BI8: 0 | BJ8: 0 | BK8: 0 | BL8: 0 | BM8: 0 | BN8: 0 | BO8: 6 | BP8: 5 | BQ8: 25 | BR8: 12 | BS8: 37 | BT8: 6 | BU8: 7 | BV8: 0 | BW8: 0 | BX8: 0 | BY8: 0 | BZ8: 0 | CA8: 0 | CB8: 0 | CC8: 0 | CD8: 0 | CE8: 0 | CF8: 0 | CG8: 0 | CH8: 0 | CI8: 0 | CJ8: 0 | CK8: 0 | CL8: 0 | CM8: 0 | CN8: 0 | CO8: 0 | CP8: 0 | CQ8: 0 | CR8: 0 | CS8: 0 | CT8: 6 | CU8: 7 | CV8: 13 | CW8: 1 | CX8: 3 | CY8: 0 | CZ8: 0 | DA8: 0 | DB8: 0 | DC8: 0 | DD8: 0 | DE8: 0 | DF8: 0 | DG8: 0 | DH8: 0 | DI8: 0 | DJ8: 0 | DK8: 0 | DL8: 0 | DM8: 0 | DN8: 0 | DO8: 0 | DP8: 0 | DQ8: 0 | DR8: 0 | DS8: 0 | DT8: 0 | DU8: 0 | DV8: 1 | DW8: 1 | DX8: 4 | DY8: 5 | DZ8: 4 | EA8: 5 | EB8: 0 | EC8: 0 | ED8: 0 | EE8: 0 | EF8: 0 | EG8: 0 | EH8: 0 | EI8: 0 | EJ8: 0 | EK8: 0 | EL8: 0 | EM8: 0 | EN8: 0 | EO8: 0 | EP8: 0 | EQ8: 0 | ER8: 0 | ES8: 0 | ET8: 0 | EU8: 0 | EV8: 0 | EW8: 0 | EX8: 1 | EY8: 5 | EZ8: 5 | FA8: 10 | FB8: 15 | FC8: 5 | FD8: 1 | FE8: 5 | FF8: 0 | FG8: 0 | FH8: 0 | FI8: 1 | FJ8: 1 | FK8: 3 | FL8: 5 | FM8: 14 | FN8: 7 | FO8: 21 | FP8: 0 | FQ8: 0 | FR8: 0 | FS8: 1 | FT8: 0 | FU8: 0 | FV8: 9 | FW8: 8 | FX8: 9 | FY8: 1 | FZ8: 7 | GA8: 2 | GB8: 25 | GC8: 12 | GD8: 37 | GE8: 0 | GF8: 0 | GG8: 0 | GH8: 0 | GI8: 4 | GJ8: 3 | GK8: 0 | GL8: 4 | GM8: 1 | GN8: 0 | GO8: 1 | GP8: 0 | GQ8: 6 | GR8: 7 | GS8: 13 | GT8: 0 | GU8: 0 | GV8: 0 | GW8: 2 | GX8: 1 | GY8: 1 | GZ8: 0 | HA8: 1 | HB8: 0 | HC8: 0 | HD8: 0 | HE8: 0 | HF8: 1 | HG8: 4 | HH8: 5 | HI8: 0 | HJ8: 0 | HK8: 1 | HL8: 2 | HM8: 3 | HN8: 5 | HO8: 0 | HP8: 1 | HQ8: 1 | HR8: 1 | HS8: 0 | HT8: 0 | HU8: 5 | HV8: 9 | HW8: 14 | HX8: 1 | HY8: 2 | HZ8: 2 | IA8: 3 | IB8: 1 | IC8: 2 | ID8: 0 | IE8: 13 | IF8: 1 | IG8: 0 | IH8: 1 | II8: 4 | IJ8: 6 | IK8: 24 | IL8: 30 | IM8: 4 | IN8: 2 | IO8: 2 | IP8: 0 | IQ8: 0 | IR8: 0 | IS8: 0 | IT8: 0 | IU8: 13 | IV8: 5 | IW8: 19 | IX8: 7 | IY8: 26 | IZ8: 1 | JA8: 4 | JB8: 0 | JC8: 3 | JD8: 0 | JE8: 0 | JF8: 0 | JG8: 0 | JH8: 5 | JI8: 0 | JJ8: 6 | JK8: 7 | JL8: 13 | JM8: 1 | JN8: 2 | JO8: 0 | JP8: 0 | JQ8: 0 | JR8: 0 | JS8: 0 | JT8: 0 | JU8: 1 | JV8: 1 | JW8: 2 | JX8: 3 | JY8: 5 | JZ8: 3 | KA8: 3 | KB8: 0 | KC8: 0 | KD8: 0 | KE8: 0 | KF8: 0 | KG8: 0 | KH8: 1 | KI8: 2 | KJ8: 4 | KK8: 5 | KL8: 9 | KM8: 3 | KN8: 1 | KO8: 3 | KP8: 0 | KQ8: 0 | KR8: 0 | KS8: 0 | KT8: 2 | KU8: 5 | KV8: 1 | KW8: 0 | KX8: 14 | KY8: 22 | KZ8: 0 | LA8: 1 | LB8: 1 | LC8: 11 | LD8: 13
A9: Music | B9: 15 | C9: 0 | D9: 0 | E9: 0 | F9: 0 | G9: 0 | H9: 0 | I9: 0 | J9: 3278022 | K9: 0 | L9: 0 | M9: 0 | N9: 0 | O9: 36 | P9: 21 | Q9: 1 | R9: 1 | S9: 16 | T9: 14 | U9: 0 | V9: 5 | W9: 24 | X9: 10 | Y9: 8 | Z9: 7 | AA9: 85 | AB9: 58 | AC9: 143 | AD9: 382 | AE9: 264 | AF9: 4 | AG9: 5 | AH9: 49 | AI9: 52 | AJ9: 435 | AK9: 321 | AL9: 756 | AM9: 115 | AN9: 139 | AO9: 254 | AP9: 9018 | AQ9: 62 | AR9: 37 | AS9: 0 | AT9: 0 | AU9: 0 | AV9: 0 | AW9: 1 | AX9: 0 | AY9: 0 | AZ9: 0 | BA9: 0 | BB9: 0 | BC9: 0 | BD9: 0 | BE9: 0 | BF9: 0 | BG9: 0 | BH9: 0 | BI9: 0 | BJ9: 0 | BK9: 0 | BL9: 0 | BM9: 0 | BN9: 0 | BO9: 0 | BP9: 0 | BQ9: 63 | BR9: 37 | BS9: 100 | BT9: 113 | BU9: 76 | BV9: 0 | BW9: 0 | BX9: 1 | BY9: 1 | BZ9: 0 | CA9: 0 | CB9: 0 | CC9: 0 | CD9: 0 | CE9: 0 | CF9: 0 | CG9: 0 | CH9: 0 | CI9: 0 | CJ9: 0 | CK9: 0 | CL9: 0 | CM9: 0 | CN9: 1 | CO9: 1 | CP9: 4 | CQ9: 1 | CR9: 60 | CS9: 48 | CT9: 179 | CU9: 127 | CV9: 306 | CW9: 20 | CX9: 21 | CY9: 0 | CZ9: 0 | DA9: 0 | DB9: 0 | DC9: 0 | DD9: 0 | DE9: 0 | DF9: 0 | DG9: 0 | DH9: 0 | DI9: 0 | DJ9: 0 | DK9: 0 | DL9: 0 | DM9: 0 | DN9: 0 | DO9: 0 | DP9: 0 | DQ9: 0 | DR9: 0 | DS9: 0 | DT9: 0 | DU9: 0 | DV9: 0 | DW9: 20 | DX9: 21 | DY9: 41 | DZ9: 34 | EA9: 24 | EB9: 0 | EC9: 0 | ED9: 0 | EE9: 0 | EF9: 0 | EG9: 0 | EH9: 0 | EI9: 0 | EJ9: 0 | EK9: 0 | EL9: 0 | EM9: 0 | EN9: 0 | EO9: 0 | EP9: 0 | EQ9: 0 | ER9: 0 | ES9: 0 | ET9: 0 | EU9: 0 | EV9: 0 | EW9: 0 | EX9: 6 | EY9: 8 | EZ9: 40 | FA9: 32 | FB9: 72 | FC9: 4 | FD9: 6 | FE9: 13 | FF9: 6 | FG9: 3 | FH9: 0 | FI9: 2 | FJ9: 2 | FK9: 7 | FL9: 9 | FM9: 29 | FN9: 23 | FO9: 52 | FP9: 1 | FQ9: 1 | FR9: 3 | FS9: 7 | FT9: 8 | FU9: 8 | FV9: 14 | FW9: 4 | FX9: 27 | FY9: 14 | FZ9: 10 | GA9: 3 | GB9: 63 | GC9: 37 | GD9: 100 | GE9: 8 | GF9: 6 | GG9: 37 | GH9: 29 | GI9: 45 | GJ9: 28 | GK9: 21 | GL9: 12 | GM9: 20 | GN9: 6 | GO9: 3 | GP9: 0 | GQ9: 134 | GR9: 81 | GS9: 215 | GT9: 0 | GU9: 0 | GV9: 1 | GW9: 6 | GX9: 9 | GY9: 9 | GZ9: 8 | HA9: 4 | HB9: 2 | HC9: 2 | HD9: 1 | HE9: 0 | HF9: 21 | HG9: 21 | HH9: 42 | HI9: 0 | HJ9: 0 | HK9: 4 | HL9: 3 | HM9: 0 | HN9: 3 | HO9: 3 | HP9: 3 | HQ9: 4 | HR9: 2 | HS9: 0 | HT9: 1 | HU9: 11 | HV9: 12 | HW9: 23 | HX9: 20 | HY9: 26 | HZ9: 16 | IA9: 17 | IB9: 7 | IC9: 8 | ID9: 8 | IE9: 7 | IF9: 8 | IG9: 9 | IH9: 2 | II9: 2 | IJ9: 61 | IK9: 69 | IL9: 130 | IM9: 9 | IN9: 4 | IO9: 4 | IP9: 9 | IQ9: 0 | IR9: 0 | IS9: 0 | IT9: 0 | IU9: 43 | IV9: 22 | IW9: 56 | IX9: 35 | IY9: 91 | IZ9: 33 | JA9: 15 | JB9: 22 | JC9: 11 | JD9: 1 | JE9: 0 | JF9: 0 | JG9: 0 | JH9: 124 | JI9: 94 | JJ9: 180 | JK9: 120 | JL9: 300 | JM9: 2 | JN9: 7 | JO9: 3 | JP9: 3 | JQ9: 0 | JR9: 0 | JS9: 0 | JT9: 0 | JU9: 14 | JV9: 10 | JW9: 19 | JX9: 20 | JY9: 39 | JZ9: 5 | KA9: 2 | KB9: 2 | KC9: 1 | KD9: 0 | KE9: 0 | KF9: 0 | KG9: 0 | KH9: 32 | KI9: 27 | KJ9: 39 | KK9: 30 | KL9: 69 | KM9: 5 | KN9: 10 | KO9: 4 | KP9: 0 | KQ9: 19 | KR9: 11 | KS9: 0 | KT9: 0 | KU9: 39 | KV9: 4 | KW9: 24 | KX9: 8 | KY9: 105 | KZ9: 3 | LA9: 0 | LB9: 0 | LC9: 49 | LD9: 52
A10: Traditional Arts | B10: 13 | C10: 0 | D10: 0 | E10: 0 | F10: 0 | G10: 0 | H10: 0 | I10: 0 | J10: 594125 | K10: 0 | L10: 0 | M10: 0 | N10: 0 | O10: 4 | P10: 7 | Q10: 0 | R10: 0 | S10: 7 | T10: 4 | U10: 1 | V10: 1 | W10: 11 | X10: 13 | Y10: 5 | Z10: 25 | AA10: 28 | AB10: 50 | AC10: 78 | AD10: 385 | AE10: 324 | AF10: 4 | AG10: 0 | AH10: 34 | AI10: 11 | AJ10: 423 | AK10: 335 | AL10: 758 | AM10: 120 | AN10: 131 | AO10: 251 | AP10: 10452 | AQ10: 91 | AR10: 49 | AS10: 0 | AT10: 0 | AU10: 0 | AV10: 0 | AW10: 0 | AX10: 1 | AY10: 0 | AZ10: 0 | BA10: 0 | BB10: 0 | BC10: 0 | BD10: 0 | BE10: 0 | BF10: 0 | BG10: 0 | BH10: 0 | BI10: 0 | BJ10: 0 | BK10: 0 | BL10: 0 | BM10: 0 | BN10: 0 | BO10: 0 | BP10: 0 | BQ10: 91 | BR10: 50 | BS10: 141 | BT10: 160.5 | BU10: 105 | BV10: 0 | BW10: 0 | BX10: 0 | BY10: 0 | BZ10: 0 | CA10: 0 | CB10: 0 | CC10: 0 | CD10: 0 | CE10: 0 | CF10: 0 | CG10: 0 | CH10: 0 | CI10: 0 | CJ10: 0 | CK10: 0 | CL10: 0 | CM10: 0 | CN10: 0 | CO10: 0 | CP10: 0 | CQ10: 0 | CR10: 224 | CS10: 224 | CT10: 384.5 | CU10: 329 | CV10: 713.5 | CW10: 8.5 | CX10: 5 | CY10: 0 | CZ10: 0 | DA10: 0 | DB10: 0 | DC10: 0 | DD10: 0 | DE10: 0 | DF10: 0 | DG10: 0 | DH10: 0 | DI10: 0 | DJ10: 0 | DK10: 0 | DL10: 0 | DM10: 0 | DN10: 0 | DO10: 0 | DP10: 0 | DQ10: 0 | DR10: 0 | DS10: 0 | DT10: 0 | DU10: 0 | DV10: 0 | DW10: 8.5 | DX10: 5 | DY10: 13.5 | DZ10: 25 | EA10: 40 | EB10: 0 | EC10: 0 | ED10: 0 | EE10: 0 | EF10: 0 | EG10: 0 | EH10: 0 | EI10: 0 | EJ10: 0 | EK10: 0 | EL10: 0 | EM10: 0 | EN10: 0 | EO10: 1 | EP10: 0 | EQ10: 0 | ER10: 0 | ES10: 0 | ET10: 0 | EU10: 0 | EV10: 0 | EW10: 0 | EX10: 0 | EY10: 0 | EZ10: 25 | FA10: 41 | FB10: 66 | FC10: 22 | FD10: 3 | FE10: 0 | FF10: 0 | FG10: 1 | FH10: 0 | FI10: 0 | FJ10: 0 | FK10: 6 | FL10: 0 | FM10: 29 | FN10: 3 | FO10: 32 | FP10: 2 | FQ10: 1 | FR10: 4 | FS10: 3 | FT10: 13 | FU10: 18 | FV10: 23 | FW10: 12 | FX10: 23 | FY10: 9 | FZ10: 26 | GA10: 7 | GB10: 91 | GC10: 50 | GD10: 141 | GE10: 32 | GF10: 11 | GG10: 50 | GH10: 37 | GI10: 39 | GJ10: 23 | GK10: 37 | GL10: 23 | GM10: 9 | GN10: 1 | GO10: 3.5 | GP10: 0 | GQ10: 170.5 | GR10: 95 | GS10: 265.5 | GT10: 0 | GU10: 0 | GV10: 0 | GW10: 2 | GX10: 4 | GY10: 0 | GZ10: 2 | HA10: 2 | HB10: 2 | HC10: 1 | HD10: 0.5 | HE10: 0 | HF10: 8.5 | HG10: 5 | HH10: 13.5 | HI10: 4 | HJ10: 10 | HK10: 9 | HL10: 17 | HM10: 2 | HN10: 7 | HO10: 3 | HP10: 7 | HQ10: 3 | HR10: 1 | HS10: 0 | HT10: 0 | HU10: 21 | HV10: 42 | HW10: 63 | HX10: 5 | HY10: 8 | HZ10: 3 | IA10: 6 | IB10: 12 | IC10: 12 | ID10: 7 | IE10: 19 | IF10: 6 | IG10: 7 | IH10: 1 | II10: 1 | IJ10: 34 | IK10: 53 | IL10: 87 | IM10: 14 | IN10: 9 | IO10: 18 | IP10: 10 | IQ10: 0 | IR10: 1 | IS10: 1 | IT10: 3 | IU10: 41 | IV10: 20 | IW10: 74 | IX10: 43 | IY10: 117 | IZ10: 31 | JA10: 29 | JB10: 3 | JC10: 2 | JD10: 0 | JE10: 0 | JF10: 6 | JG10: 0 | JH10: 338 | JI10: 293 | JJ10: 378 | JK10: 324 | JL10: 702 | JM10: 1 | JN10: 1 | JO10: 2 | JP10: 0 | JQ10: 0 | JR10: 0 | JS10: 2 | JT10: 1 | JU10: 3 | JV10: 2 | JW10: 8 | JX10: 4 | JY10: 12 | JZ10: 8 | KA10: 12 | KB10: 5 | KC10: 1 | KD10: 0 | KE10: 1 | KF10: 0 | KG10: 1 | KH10: 9 | KI10: 26 | KJ10: 22 | KK10: 41 | KL10: 63 | KM10: 6 | KN10: 6 | KO10: 6 | KP10: 0 | KQ10: 15 | KR10: 5 | KS10: 0 | KT10: 3 | KU10: 40 | KV10: 13 | KW10: 17 | KX10: 44 | KY10: 137 | KZ10: 7 | LA10: 0 | LB10: 1 | LC10: 12 | LD10: 20
A11: Dance | B11: 5 | C11: 0 | D11: 0 | E11: 0 | F11: 0 | G11: 0 | H11: 0 | I11: 0 | J11: 341053 | K11: 0 | L11: 0 | M11: 0 | N11: 0 | O11: 2 | P11: 0 | Q11: 0 | R11: 2 | S11: 1 | T11: 3 | U11: 0 | V11: 2 | W11: 1 | X11: 1 | Y11: 0 | Z11: 2 | AA11: 4 | AB11: 10 | AC11: 14 | AD11: 54 | AE11: 79 | AF11: 2 | AG11: 2 | AH11: 10 | AI11: 9 | AJ11: 66 | AK11: 90 | AL11: 156 | AM11: 14 | AN11: 81 | AO11: 95 | AP11: 5350 | AQ11: 7 | AR11: 17 | AS11: 0 | AT11: 0 | AU11: 0 | AV11: 0 | AW11: 0 | AX11: 0 | AY11: 0 | AZ11: 0 | BA11: 0 | BB11: 0 | BC11: 0 | BD11: 0 | BE11: 0 | BF11: 0 | BG11: 0 | BH11: 0 | BI11: 0 | BJ11: 0 | BK11: 0 | BL11: 0 | BM11: 0 | BN11: 0 | BO11: 4 | BP11: 2 | BQ11: 11 | BR11: 19 | BS11: 30 | BT11: 29 | BU11: 35 | BV11: 0 | BW11: 0 | BX11: 0 | BY11: 0 | BZ11: 0 | CA11: 0 | CB11: 0 | CC11: 0 | CD11: 0 | CE11: 0 | CF11: 0 | CG11: 0 | CH11: 0 | CI11: 0 | CJ11: 0 | CK11: 0 | CL11: 0 | CM11: 1 | CN11: 1 | CO11: 0 | CP11: 0 | CQ11: 1 | CR11: 10 | CS11: 13 | CT11: 40 | CU11: 50 | CV11: 90 | CW11: 2 | CX11: 6 | CY11: 0 | CZ11: 0 | DA11: 0 | DB11: 0 | DC11: 0 | DD11: 0 | DE11: 0 | DF11: 0 | DG11: 0 | DH11: 0 | DI11: 0 | DJ11: 0 | DK11: 0 | DL11: 0 | DM11: 0 | DN11: 0 | DO11: 0 | DP11: 0 | DQ11: 0 | DR11: 0 | DS11: 0 | DT11: 0 | DU11: 0 | DV11: 1 | DW11: 2 | DX11: 7 | DY11: 9 | DZ11: 9 | EA11: 8 | EB11: 0 | EC11: 0 | ED11: 0 | EE11: 0 | EF11: 0 | EG11: 0 | EH11: 0 | EI11: 0 | EJ11: 0 | EK11: 0 | EL11: 0 | EM11: 0 | EN11: 0 | EO11: 0 | EP11: 0 | EQ11: 0 | ER11: 0 | ES11: 0 | ET11: 0 | EU11: 0 | EV11: 0 | EW11: 0 | EX11: 20 | EY11: 32 | EZ11: 29 | FA11: 40 | FB11: 69 | FC11: 0 | FD11: 0 | FE11: 0 | FF11: 2 | FG11: 0 | FH11: 0 | FI11: 1 | FJ11: 0 | FK11: 0 | FL11: 0 | FM11: 1 | FN11: 2 | FO11: 3 | FP11: 0 | FQ11: 0 | FR11: 0 | FS11: 1 | FT11: 4 | FU11: 9 | FV11: 5 | FW11: 5 | FX11: 2 | FY11: 3 | FZ11: 0 | GA11: 1 | GB11: 11 | GC11: 19 | GD11: 30 | GE11: 3 | GF11: 6 | GG11: 19 | GH11: 26 | GI11: 12 | GJ11: 11 | GK11: 5 | GL11: 5 | GM11: 0 | GN11: 1 | GO11: 0 | GP11: 1 | GQ11: 39 | GR11: 50 | GS11: 89 | GT11: 0 | GU11: 0 | GV11: 1 | GW11: 0 | GX11: 0 | GY11: 3 | GZ11: 0 | HA11: 2 | HB11: 0 | HC11: 0 | HD11: 0 | HE11: 0 | HF11: 1 | HG11: 5 | HH11: 6 | HI11: 1 | HJ11: 0 | HK11: 3 | HL11: 2 | HM11: 4 | HN11: 3 | HO11: 2 | HP11: 2 | HQ11: 0 | HR11: 2 | HS11: 0 | HT11: 0 | HU11: 10 | HV11: 9 | HW11: 19 | HX11: 3 | HY11: 4 | HZ11: 4 | IA11: 12 | IB11: 0 | IC11: 24 | ID11: 0 | IE11: 1 | IF11: 0 | IG11: 0 | IH11: 0 | II11: 0 | IJ11: 7 | IK11: 41 | IL11: 48 | IM11: 0 | IN11: 0 | IO11: 0 | IP11: 0 | IQ11: 0 | IR11: 0 | IS11: 0 | IT11: 0 | IU11: 11 | IV11: 19 | IW11: 11 | IX11: 19 | IY11: 30 | IZ11: 0 | JA11: 0 | JB11: 0 | JC11: 0 | JD11: 0 | JE11: 0 | JF11: 0 | JG11: 0 | JH11: 40 | JI11: 50 | JJ11: 40 | JK11: 50 | JL11: 90 | JM11: 0 | JN11: 0 | JO11: 0 | JP11: 0 | JQ11: 0 | JR11: 0 | JS11: 0 | JT11: 0 | JU11: 2 | JV11: 5 | JW11: 2 | JX11: 5 | JY11: 7 | JZ11: 0 | KA11: 0 | KB11: 0 | KC11: 0 | KD11: 0 | KE11: 0 | KF11: 0 | KG11: 0 | KH11: 27 | KI11: 38 | KJ11: 27 | KK11: 38 | KL11: 65 | KM11: 4 | KN11: 1 | KO11: 4 | KP11: 0 | KQ11: 7 | KR11: 3 | KS11: 0 | KT11: 2 | KU11: 0 | KV11: 7 | KW11: 8 | KX11: 2 | KY11: 29 | KZ11: 1 | LA11: 2 | LB11: 1 | LC11: 8 | LD11: 12
A12: Drama | B12: 16 | C12: 0 | D12: 0 | E12: 0 | F12: 0 | G12: 0 | H12: 0 | I12: 0 | J12: 2372182 | K12: 0 | L12: 0 | M12: 0 | N12: 0 | O12: 4 | P12: 11 | Q12: 1 | R12: 2 | S12: 6 | T12: 19 | U12: 1 | V12: 5 | W12: 11 | X12: 14 | Y12: 15 | Z12: 29 | AA12: 38 | AB12: 80 | AC12: 118 | AD12: 270 | AE12: 260 | AF12: 3 | AG12: 10 | AH12: 22 | AI12: 31 | AJ12: 295 | AK12: 301 | AL12: 596 | AM12: 225 | AN12: 500 | AO12: 725 | AP12: 22209 | AQ12: 49 | AR12: 61 | AS12: 0 | AT12: 0 | AU12: 0 | AV12: 0 | AW12: 0 | AX12: 2 | AY12: 0 | AZ12: 0 | BA12: 0 | BB12: 0 | BC12: 0 | BD12: 0 | BE12: 0 | BF12: 0 | BG12: 0 | BH12: 0 | BI12: 0 | BJ12: 0 | BK12: 0 | BL12: 0 | BM12: 0 | BN12: 0 | BO12: 0 | BP12: 0 | BQ12: 49 | BR12: 63 | BS12: 112 | BT12: 125 | BU12: 139 | BV12: 0 | BW12: 0 | BX12: 0 | BY12: 0 | BZ12: 1 | CA12: 0 | CB12: 0 | CC12: 0 | CD12: 0 | CE12: 0 | CF12: 0 | CG12: 0 | CH12: 0 | CI12: 0 | CJ12: 0 | CK12: 0 | CL12: 0 | CM12: 0 | CN12: 0 | CO12: 1 | CP12: 2 | CQ12: 3 | CR12: 46 | CS12: 42 | CT12: 174 | CU12: 185 | CV12: 359 | CW12: 9 | CX12: 27 | CY12: 0 | CZ12: 0 | DA12: 0 | DB12: 0 | DC12: 0 | DD12: 0 | DE12: 0 | DF12: 0 | DG12: 0 | DH12: 0 | DI12: 0 | DJ12: 0 | DK12: 0 | DL12: 0 | DM12: 0 | DN12: 0 | DO12: 0 | DP12: 0 | DQ12: 0 | DR12: 0 | DS12: 0 | DT12: 0 | DU12: 0 | DV12: 0 | DW12: 9 | DX12: 27 | DY12: 36 | DZ12: 64 | EA12: 66 | EB12: 0 | EC12: 0 | ED12: 0 | EE12: 0 | EF12: 0 | EG12: 1 | EH12: 0 | EI12: 0 | EJ12: 0 | EK12: 0 | EL12: 0 | EM12: 0 | EN12: 3 | EO12: 0 | EP12: 0 | EQ12: 0 | ER12: 0 | ES12: 0 | ET12: 0 | EU12: 1 | EV12: 0 | EW12: 1 | EX12: 36 | EY12: 34 | EZ12: 103 | FA12: 103 | FB12: 206 | FC12: 2 | FD12: 2 | FE12: 0 | FF12: 2 | FG12: 0 | FH12: 1 | FI12: 0 | FJ12: 1 | FK12: 6 | FL12: 5 | FM12: 8 | FN12: 11 | FO12: 19 | FP12: 1 | FQ12: 0 | FR12: 1 | FS12: 6 | FT12: 12 | FU12: 29 | FV12: 20 | FW12: 17 | FX12: 9 | FY12: 7 | FZ12: 6 | GA12: 0 | GB12: 49 | GC12: 59 | GD12: 108 | GE12: 6 | GF12: 10 | GG12: 28 | GH12: 64 | GI12: 35 | GJ12: 29 | GK12: 24 | GL12: 15 | GM12: 5 | GN12: 6 | GO12: 2 | GP12: 0 | GQ12: 100 | GR12: 124 | GS12: 224 | GT12: 0 | GU12: 1 | GV12: 1 | GW12: 11 | GX12: 5 | GY12: 6 | GZ12: 2 | HA12: 6 | HB12: 0 | HC12: 1 | HD12: 0 | HE12: 1 | HF12: 8 | HG12: 26 | HH12: 34 | HI12: 10 | HJ12: 12 | HK12: 34 | HL12: 32 | HM12: 21 | HN12: 26 | HO12: 20 | HP12: 25 | HQ12: 1 | HR12: 7 | HS12: 0 | HT12: 1 | HU12: 86 | HV12: 103 | HW12: 189 | HX12: 109 | HY12: 180 | HZ12: 18 | IA12: 35 | IB12: 24 | IC12: 87 | ID12: 34 | IE12: 127 | IF12: 11 | IG12: 20 | IH12: 4 | II12: 7 | IJ12: 200 | IK12: 456 | IL12: 656 | IM12: 5 | IN12: 5 | IO12: 3 | IP12: 5 | IQ12: 0 | IR12: 0 | IS12: 0 | IT12: 0 | IU12: 41 | IV12: 53 | IW12: 49 | IX12: 63 | IY12: 112 | IZ12: 12 | JA12: 20 | JB12: 5 | JC12: 10 | JD12: 0 | JE12: 0 | JF12: 0 | JG12: 4 | JH12: 113 | JI12: 114 | JJ12: 130 | JK12: 148 | JL12: 278 | JM12: 4 | JN12: 5 | JO12: 3 | JP12: 5 | JQ12: 1 | JR12: 0 | JS12: 0 | JT12: 2 | JU12: 1 | JV12: 13 | JW12: 9 | JX12: 25 | JY12: 34 | JZ12: 19 | KA12: 23 | KB12: 9 | KC12: 22 | KD12: 0 | KE12: 4 | KF12: 0 | KG12: 0 | KH12: 62 | KI12: 59 | KJ12: 90 | KK12: 108 | KL12: 198 | KM12: 8 | KN12: 8 | KO12: 8 | KP12: 0 | KQ12: 34 | KR12: 19 | KS12: 0 | KT12: 3 | KU12: 82 | KV12: 2 | KW12: 39 | KX12: 60 | KY12: 239 | KZ12: 12 | LA12: 10 | LB12: 8 | LC12: 60 | LD12: 90
A13: Belfast | B13: 68 | C13: 0 | D13: 0 | E13: 0 | F13: 0 | G13: 0 | H13: 0 | I13: 0 | J13: 10981467 | K13: 0 | L13: 0 | M13: 0 | N13: 0 | O13: 53 | P13: 33 | Q13: 4 | R13: 7 | S13: 35 | T13: 67 | U13: 8 | V13: 31 | W13: 57 | X13: 66 | Y13: 95 | Z13: 166 | AA13: 252 | AB13: 370 | AC13: 622 | AD13: 1358 | AE13: 1408 | AF13: 23 | AG13: 73 | AH13: 186 | AI13: 194 | AJ13: 1567 | AK13: 1675 | AL13: 3242 | AM13: 890 | AN13: 1570 | AO13: 2460 | AP13: 59418 | AQ13: 265 | AR13: 232 | AS13: 0 | AT13: 0 | AU13: 0 | AV13: 0 | AW13: 3 | AX13: 4 | AY13: 0 | AZ13: 0 | BA13: 0 | BB13: 1 | BC13: 0 | BD13: 0 | BE13: 0 | BF13: 0 | BG13: 1 | BH13: 0 | BI13: 0 | BJ13: 0 | BK13: 0 | BL13: 0 | BM13: 1 | BN13: 0 | BO13: 15 | BP13: 5 | BQ13: 285 | BR13: 242 | BS13: 527 | BT13: 826 | BU13: 787 | BV13: 0 | BW13: 0 | BX13: 0 | BY13: 0 | BZ13: 1 | CA13: 4 | CB13: 1 | CC13: 0 | CD13: 0 | CE13: 0 | CF13: 0 | CG13: 0 | CH13: 0 | CI13: 1 | CJ13: 4 | CK13: 3 | CL13: 2 | CM13: 1 | CN13: 1 | CO13: 8 | CP13: 12 | CQ13: 17 | CR13: 204 | CS13: 306 | CT13: 1051 | CU13: 1127 | CV13: 2178 | CW13: 56 | CX13: 142 | CY13: 0 | CZ13: 0 | DA13: 0 | DB13: 0 | DC13: 1 | DD13: 2 | DE13: 0 | DF13: 0 | DG13: 0 | DH13: 0 | DI13: 0 | DJ13: 0 | DK13: 0 | DL13: 0 | DM13: 0 | DN13: 0 | DO13: 0 | DP13: 0 | DQ13: 0 | DR13: 0 | DS13: 0 | DT13: 2 | DU13: 4 | DV13: 5 | DW13: 61 | DX13: 151 | DY13: 212 | DZ13: 244 | EA13: 331 | EB13: 0 | EC13: 0 | ED13: 0 | EE13: 0 | EF13: 0 | EG13: 2 | EH13: 0 | EI13: 0 | EJ13: 0 | EK13: 0 | EL13: 0 | EM13: 0 | EN13: 3 | EO13: 0 | EP13: 0 | EQ13: 1 | ER13: 0 | ES13: 0 | ET13: 2 | EU13: 2 | EV13: 1 | EW13: 2 | EX13: 24 | EY13: 33 | EZ13: 274 | FA13: 371 | FB13: 645 | FC13: 36 | FD13: 29 | FE13: 12 | FF13: 10 | FG13: 1 | FH13: 5 | FI13: 9 | FJ13: 14 | FK13: 54 | FL13: 59 | FM13: 112 | FN13: 117 | FO13: 229 | FP13: 5 | FQ13: 4 | FR13: 19 | FS13: 31 | FT13: 56 | FU13: 85 | FV13: 91 | FW13: 61 | FX13: 59 | FY13: 33 | FZ13: 38 | GA13: 10 | GB13: 268 | GC13: 224 | GD13: 492 | GE13: 106 | GF13: 114 | GG13: 253 | GH13: 307 | GI13: 272 | GJ13: 285 | GK13: 173 | GL13: 173 | GM13: 75 | GN13: 78 | GO13: 27 | GP13: 29 | GQ13: 906 | GR13: 986 | GS13: 1892 | GT13: 0 | GU13: 7 | GV13: 20 | GW13: 59 | GX13: 16 | GY13: 45 | GZ13: 17 | HA13: 26 | HB13: 6 | HC13: 6 | HD13: 3 | HE13: 1 | HF13: 62 | HG13: 144 | HH13: 206 | HI13: 30 | HJ13: 54 | HK13: 100 | HL13: 133 | HM13: 53 | HN13: 93 | HO13: 44 | HP13: 48 | HQ13: 14 | HR13: 15 | HS13: 0 | HT13: 6 | HU13: 241 | HV13: 349 | HW13: 590 | HX13: 196 | HY13: 350 | HZ13: 135 | IA13: 205 | IB13: 115 | IC13: 209 | ID13: 92 | IE13: 208 | IF13: 69 | IG13: 77 | IH13: 32 | II13: 36 | IJ13: 639 | IK13: 1085 | IL13: 1724 | IM13: 43 | IN13: 36 | IO13: 31 | IP13: 31 | IQ13: 0 | IR13: 4 | IS13: 6 | IT13: 14 | IU13: 190 | IV13: 160 | IW13: 270 | IX13: 245 | IY13: 515 | IZ13: 71 | JA13: 86 | JB13: 33 | JC13: 50 | JD13: 1 | JE13: 5 | JF13: 10 | JG13: 6 | JH13: 851 | JI13: 890 | JJ13: 966 | JK13: 1037 | JL13: 2003 | JM13: 16 | JN13: 27 | JO13: 11 | JP13: 15 | JQ13: 2 | JR13: 1 | JS13: 4 | JT13: 10 | JU13: 28 | JV13: 90 | JW13: 61 | JX13: 143 | JY13: 204 | JZ13: 81 | KA13: 118 | KB13: 38 | KC13: 72 | KD13: 1 | KE13: 4 | KF13: 2 | KG13: 6 | KH13: 200 | KI13: 365 | KJ13: 322 | KK13: 565 | KL13: 887 | KM13: 47 | KN13: 23 | KO13: 45 | KP13: 1 | KQ13: 137 | KR13: 129 | KS13: 86 | KT13: 35 | KU13: 182 | KV13: 70 | KW13: 222 | KX13: 175 | KY13: 1036 | KZ13: 39 | LA13: 8 | LB13: 288 | LC13: 206 | LD13: 541
A14: Derry and Strabane | B14: 12 | C14: 0 | D14: 0 | E14: 0 | F14: 0 | G14: 0 | H14: 0 | I14: 0 | J14: 1835539 | K14: 0 | L14: 0 | M14: 0 | N14: 0 | O14: 2 | P14: 5 | Q14: 1 | R14: 2 | S14: 23 | T14: 20 | U14: 0 | V14: 0 | W14: 46 | X14: 32 | Y14: 36 | Z14: 49 | AA14: 108 | AB14: 108 | AC14: 216 | AD14: 227 | AE14: 296 | AF14: 1 | AG14: 0 | AH14: 41 | AI14: 35 | AJ14: 269 | AK14: 331 | AL14: 600 | AM14: 153 | AN14: 196 | AO14: 349 | AP14: 13990 | AQ14: 69 | AR14: 59 | AS14: 0 | AT14: 0 | AU14: 0 | AV14: 0 | AW14: 0 | AX14: 0 | AY14: 0 | AZ14: 0 | BA14: 0 | BB14: 0 | BC14: 0 | BD14: 0 | BE14: 0 | BF14: 0 | BG14: 0 | BH14: 1 | BI14: 0 | BJ14: 0 | BK14: 0 | BL14: 0 | BM14: 0 | BN14: 0 | BO14: 0 | BP14: 0 | BQ14: 69 | BR14: 60 | BS14: 129 | BT14: 169 | BU14: 210 | BV14: 0 | BW14: 0 | BX14: 0 | BY14: 0 | BZ14: 0 | CA14: 0 | CB14: 0 | CC14: 0 | CD14: 0 | CE14: 0 | CF14: 0 | CG14: 0 | CH14: 0 | CI14: 0 | CJ14: 0 | CK14: 0 | CL14: 0 | CM14: 0 | CN14: 1 | CO14: 2 | CP14: 0 | CQ14: 0 | CR14: 44 | CS14: 42 | CT14: 214 | CU14: 254 | CV14: 468 | CW14: 23 | CX14: 23 | CY14: 0 | CZ14: 0 | DA14: 0 | DB14: 0 | DC14: 0 | DD14: 0 | DE14: 0 | DF14: 0 | DG14: 0 | DH14: 0 | DI14: 0 | DJ14: 0 | DK14: 0 | DL14: 0 | DM14: 0 | DN14: 0 | DO14: 0 | DP14: 0 | DQ14: 0 | DR14: 0 | DS14: 0 | DT14: 0 | DU14: 0 | DV14: 0 | DW14: 23 | DX14: 23 | DY14: 46 | DZ14: 84 | EA14: 89 | EB14: 0 | EC14: 0 | ED14: 0 | EE14: 0 | EF14: 0 | EG14: 0 | EH14: 0 | EI14: 0 | EJ14: 0 | EK14: 0 | EL14: 0 | EM14: 0 | EN14: 0 | EO14: 1 | EP14: 1 | EQ14: 0 | ER14: 0 | ES14: 0 | ET14: 0 | EU14: 0 | EV14: 0 | EW14: 0 | EX14: 24 | EY14: 37 | EZ14: 109 | FA14: 127 | FB14: 236 | FC14: 0 | FD14: 1 | FE14: 2 | FF14: 1 | FG14: 1 | FH14: 1 | FI14: 2 | FJ14: 2 | FK14: 2 | FL14: 7 | FM14: 7 | FN14: 12 | FO14: 19 | FP14: 1 | FQ14: 0 | FR14: 4 | FS14: 4 | FT14: 6 | FU14: 10 | FV14: 27 | FW14: 28 | FX14: 23 | FY14: 14 | FZ14: 8 | GA14: 5 | GB14: 69 | GC14: 61 | GD14: 130 | GE14: 27 | GF14: 33 | GG14: 47 | GH14: 84 | GI14: 50 | GJ14: 62 | GK14: 32 | GL14: 24 | GM14: 11 | GN14: 9 | GO14: 2 | GP14: 0 | GQ14: 169 | GR14: 212 | GS14: 381 | GT14: 0 | GU14: 0 | GV14: 0 | GW14: 4 | GX14: 9 | GY14: 15 | GZ14: 11 | HA14: 2 | HB14: 3 | HC14: 2 | HD14: 0 | HE14: 0 | HF14: 23 | HG14: 23 | HH14: 46 | HI14: 7 | HJ14: 14 | HK14: 23 | HL14: 23 | HM14: 17 | HN14: 26 | HO14: 6 | HP14: 9 | HQ14: 8 | HR14: 2 | HS14: 2 | HT14: 4 | HU14: 63 | HV14: 78 | HW14: 141 | HX14: 39 | HY14: 30 | HZ14: 23 | IA14: 22 | IB14: 19 | IC14: 15 | ID14: 8 | IE14: 22 | IF14: 7 | IG14: 7 | IH14: 2 | II14: 4 | IJ14: 98 | IK14: 100 | IL14: 198 | IM14: 16 | IN14: 17 | IO14: 4 | IP14: 3 | IQ14: 2 | IR14: 0 | IS14: 0 | IT14: 0 | IU14: 48 | IV14: 29 | IW14: 70 | IX14: 49 | IY14: 119 | IZ14: 19 | JA14: 26 | JB14: 3 | JC14: 10 | JD14: 4 | JE14: 2 | JF14: 2 | JG14: 4 | JH14: 186 | JI14: 212 | JJ14: 214 | JK14: 254 | JL14: 468 | JM14: 6 | JN14: 9 | JO14: 3 | JP14: 1 | JQ14: 0 | JR14: 0 | JS14: 0 | JT14: 1 | JU14: 14 | JV14: 11 | JW14: 23 | JX14: 22 | JY14: 45 | JZ14: 19 | KA14: 22 | KB14: 3 | KC14: 4 | KD14: 0 | KE14: 1 | KF14: 1 | KG14: 0 | KH14: 86 | KI14: 101 | KJ14: 109 | KK14: 128 | KL14: 237 | KM14: 9 | KN14: 5 | KO14: 8 | KP14: 0 | KQ14: 34 | KR14: 58 | KS14: 13 | KT14: 16 | KU14: 70 | KV14: 31 | KW14: 44 | KX14: 37 | KY14: 303 | KZ14: 8 | LA14: 2 | LB14: 22 | LC14: 134 | LD14: 166
A15: All LGD's (not Belfast or Derry) | I15: 0 | J15: 1089177 | K15: 0 | L15: 1095510 | M15: 5613375.7 | N15: 0 | O15: 2 | P15: 3 | Q15: 1 | R15: 5 | S15: 7 | T15: 9 | U15: 1 | V15: 2 | W15: 1 | X15: 2 | Y15: 3 | Z15: 4 | AA15: 15 | AB15: 25 | AC15: 40 | AD15: 417 | AE15: 412 | AF15: 7 | AG15: 5 | AH15: 42 | AI15: 20 | AJ15: 466 | AK15: 437 | AL15: 903 | AM15: 130 | AN15: 179 | AO15: 309 | AP15: 6983 | AQ15: 98 | AR15: 52 | AS15: 0 | AT15: 0 | AU15: 0 | AV15: 0 | AW15: 0 | AX15: 0 | AY15: 0 | AZ15: 0 | BA15: 0 | BB15: 0 | BC15: 0 | BD15: 0 | BE15: 0 | BF15: 0 | BG15: 0 | BH15: 0 | BI15: 0 | BJ15: 0 | BK15: 0 | BL15: 0 | BM15: 0 | BN15: 0 | BO15: 0 | BP15: 0 | BQ15: 98 | BR15: 52 | BS15: 150 | BT15: 119 | BU15: 110 | BV15: 0 | BW15: 1 | BX15: 1 | BY15: 1 | BZ15: 0 | CA15: 0 | CB15: 0 | CC15: 0 | CD15: 0 | CE15: 0 | CF15: 0 | CG15: 0 | CH15: 0 | CI15: 0 | CJ15: 0 | CK15: 0 | CL15: 0 | CM15: 0 | CN15: 2 | CO15: 1 | CP15: 3 | CQ15: 1 | CR15: 224 | CS15: 224 | CT15: 349 | CU15: 338 | CV15: 687 | CW15: 11 | CX15: 15 | CY15: 0 | CZ15: 0 | DA15: 0 | DB15: 0 | DC15: 0 | DD15: 0 | DE15: 0 | DF15: 0 | DG15: 0 | DH15: 0 | DI15: 0 | DJ15: 0 | DK15: 0 | DL15: 0 | DM15: 0 | DN15: 0 | DO15: 0 | DP15: 0 | DQ15: 0 | DR15: 0 | DS15: 0 | DT15: 0 | DU15: 0 | DV15: 0 | DW15: 11 | DX15: 15 | DY15: 26 | DZ15: 17 | EA15: 34 | EB15: 0 | EC15: 0 | ED15: 0 | EE15: 0 | EF15: 0 | EG15: 0 | EH15: 0 | EI15: 0 | EJ15: 0 | EK15: 0 | EL15: 0 | EM15: 0 | EN15: 0 | EO15: 0 | EP15: 0 | EQ15: 0 | ER15: 0 | ES15: 0 | ET15: 0 | EU15: 0 | EV15: 0 | EW15: 0 | EX15: 23 | EY15: 26 | EZ15: 40 | FA15: 60 | FB15: 100 | FC15: 27 | FD15: 8 | FE15: 13 | FF15: 7 | FG15: 3 | FH15: 0 | FI15: 2 | FJ15: 2 | FK15: 12 | FL15: 8 | FM15: 57 | FN15: 25 | FO15: 82 | FP15: 2 | FQ15: 1 | FR15: 3 | FS15: 4 | FT15: 15 | FU15: 18 | FV15: 19 | FW15: 11 | FX15: 32 | FY15: 12 | FZ15: 26 | GA15: 6 | GB15: 97 | GC15: 52 | GD15: 149 | GE15: 19 | GF15: 11 | GG15: 44 | GH15: 45 | GI15: 41 | GJ15: 35 | GK15: 15 | GL15: 18 | GM15: 6 | GN15: 1 | GO15: 2 | GP15: 1 | GQ15: 127 | GR15: 111 | GS15: 238 | GT15: 0 | GU15: 0 | GV15: 1 | GW15: 1 | GX15: 4 | GY15: 6 | GZ15: 6 | HA15: 5 | HB15: 0 | HC15: 1 | HD15: 0 | HE15: 0 | HF15: 11 | HG15: 13 | HH15: 24 | HI15: 4 | HJ15: 2 | HK15: 12 | HL15: 15 | HM15: 14 | HN15: 20 | HO15: 9 | HP15: 18 | HQ15: 0 | HR15: 6 | HS15: 0 | HT15: 0 | HU15: 39 | HV15: 61 | HW15: 100 | HX15: 16 | HY15: 17 | HZ15: 8 | IA15: 16 | IB15: 9 | IC15: 35 | ID15: 5 | IE15: 17 | IF15: 3 | IG15: 6 | IH15: 0 | II15: 0 | IJ15: 41 | IK15: 91 | IL15: 132 | IM15: 17 | IN15: 8 | IO15: 18 | IP15: 10 | IQ15: 0 | IR15: 0 | IS15: 2 | IT15: 0 | IU15: 62 | IV15: 32 | IW15: 99 | IX15: 50 | IY15: 149 | IZ15: 25 | JA15: 16 | JB15: 13 | JC15: 6 | JD15: 1 | JE15: 1 | JF15: 1 | JG15: 3 | JH15: 309 | JI15: 306 | JJ15: 349 | JK15: 332 | JL15: 681 | JM15: 3 | JN15: 6 | JO15: 1 | JP15: 1 | JQ15: 0 | JR15: 0 | JS15: 1 | JT15: 2 | JU15: 6 | JV15: 4 | JW15: 11 | JX15: 13 | JY15: 24 | JZ15: 1 | KA15: 2 | KB15: 0 | KC15: 0 | KD15: 0 | KE15: 0 | KF15: 0 | KG15: 0 | KH15: 37 | KI15: 57 | KJ15: 38 | KK15: 59 | KL15: 97 | KM15: 8 | KN15: 8 | KO15: 8 | KP15: 0 | KQ15: 20 | KR15: 2 | KS15: 0 | KT15: 6 | KU15: 16 | KV15: 12 | KW15: 25 | KX15: 3 | KY15: 84 | KZ15: 5 | LA15: 9 | LB15: 0 | LC15: 47 | LD15: 61
A16: Republic of Ireland | B16: 5 | C16: 0 | D16: 0 | E16: 0 | F16: 0 | G16: 0 | H16: 0 | I16: 0 | J16: 243390 | K16: 0 | L16: 0 | M16: 0 | N16: 0 | O16: 6 | P16: 7 | Q16: 1 | R16: 1 | S16: 4 | T16: 4 | U16: 0 | V16: 3 | W16: 0 | X16: 6 | Y16: 2 | Z16: 6 | AA16: 13 | AB16: 27 | AC16: 40 | AD16: 3 | AE16: 0 | AF16: 1 | AG16: 1 | AH16: 0 | AI16: 10 | AJ16: 4 | AK16: 11 | AL16: 15 | AM16: 33 | AN16: 66 | AO16: 99 | AP16: 1440 | AQ16: 17 | AR16: 15 | AS16: 0 | AT16: 0 | AU16: 0 | AV16: 0 | AW16: 0 | AX16: 0 | AY16: 0 | AZ16: 0 | BA16: 0 | BB16: 0 | BC16: 0 | BD16: 0 | BE16: 0 | BF16: 0 | BG16: 0 | BH16: 0 | BI16: 0 | BJ16: 0 | BK16: 0 | BL16: 0 | BM16: 0 | BN16: 0 | BO16: 6 | BP16: 5 | BQ16: 23 | BR16: 20 | BS16: 43 | BT16: 8.5 | BU16: 7 | BV16: 0 | BW16: 0 | BX16: 0 | BY16: 0 | BZ16: 0 | CA16: 0 | CB16: 0 | CC16: 0 | CD16: 0 | CE16: 0 | CF16: 0 | CG16: 0 | CH16: 0 | CI16: 0 | CJ16: 0 | CK16: 0 | CL16: 0 | CM16: 0 | CN16: 0 | CO16: 0 | CP16: 0 | CQ16: 0 | CR16: 0 | CS16: 0 | CT16: 8.5 | CU16: 7 | CV16: 15.5 | CW16: 4.5 | CX16: 6 | CY16: 0 | CZ16: 0 | DA16: 0 | DB16: 0 | DC16: 0 | DD16: 0 | DE16: 0 | DF16: 0 | DG16: 0 | DH16: 0 | DI16: 0 | DJ16: 0 | DK16: 0 | DL16: 0 | DM16: 0 | DN16: 0 | DO16: 0 | DP16: 0 | DQ16: 0 | DR16: 0 | DS16: 0 | DT16: 0 | DU16: 0 | DV16: 1 | DW16: 4.5 | DX16: 7 | DY16: 11.5 | DZ16: 2 | EA16: 13 | EB16: 0 | EC16: 0 | ED16: 0 | EE16: 0 | EF16: 0 | EG16: 0 | EH16: 0 | EI16: 0 | EJ16: 0 | EK16: 0 | EL16: 0 | EM16: 0 | EN16: 0 | EO16: 0 | EP16: 0 | EQ16: 0 | ER16: 0 | ES16: 0 | ET16: 0 | EU16: 0 | EV16: 0 | EW16: 0 | EX16: 1 | EY16: 5 | EZ16: 3 | FA16: 18 | FB16: 21 | FC16: 0 | FD16: 0 | FE16: 0 | FF16: 0 | FG16: 0 | FH16: 0 | FI16: 1 | FJ16: 0 | FK16: 0 | FL16: 0 | FM16: 1 | FN16: 0 | FO16: 1 | FP16: 0 | FQ16: 0 | FR16: 2 | FS16: 1 | FT16: 4 | FU16: 6 | FV16: 11 | FW16: 12 | FX16: 3 | FY16: 1 | FZ16: 2 | GA16: 1 | GB16: 22 | GC16: 21 | GD16: 43 | GE16: 1 | GF16: 0 | GG16: 3 | GH16: 2 | GI16: 2 | GJ16: 3 | GK16: 1 | GL16: 2 | GM16: 0 | GN16: 0 | GO16: 1.5 | GP16: 0 | GQ16: 8.5 | GR16: 7 | GS16: 15.5 | GT16: 0 | GU16: 0 | GV16: 0 | GW16: 0 | GX16: 2 | GY16: 2 | GZ16: 0 | HA16: 5 | HB16: 1 | HC16: 0 | HD16: 0.5 | HE16: 0 | HF16: 3.5 | HG16: 7 | HH16: 10.5 | HI16: 0 | HJ16: 0 | HK16: 1 | HL16: 2 | HM16: 2 | HN16: 4 | HO16: 1 | HP16: 9 | HQ16: 0 | HR16: 2 | HS16: 0 | HT16: 0 | HU16: 4 | HV16: 17 | HW16: 21 | HX16: 0 | HY16: 0 | HZ16: 26 | IA16: 51 | IB16: 6 | IC16: 10 | ID16: 0 | IE16: 4 | IF16: 0 | IG16: 0 | IH16: 1 | II16: 1 | IJ16: 33 | IK16: 66 | IL16: 99 | IM16: 1 | IN16: 4 | IO16: 1 | IP16: 1 | IQ16: 1 | IR16: 0 | IS16: 0 | IT16: 0 | IU16: 7 | IV16: 7 | IW16: 10 | IX16: 12 | IY16: 22 | IZ16: 0 | JA16: 0 | JB16: 0 | JC16: 0 | JD16: 0 | JE16: 0 | JF16: 0 | JG16: 0 | JH16: 2 | JI16: 2 | JJ16: 2 | JK16: 2 | JL16: 4 | JM16: 1 | JN16: 1 | JO16: 0 | JP16: 1 | JQ16: 0 | JR16: 0 | JS16: 0 | JT16: 0 | JU16: 3 | JV16: 3 | JW16: 4 | JX16: 5 | JY16: 9 | JZ16: 0 | KA16: 4 | KB16: 0 | KC16: 2 | KD16: 0 | KE16: 0 | KF16: 0 | KG16: 0 | KH16: 2 | KI16: 7 | KJ16: 2 | KK16: 13 | KL16: 15 | KM16: 1 | KN16: 4 | KO16: 1 | KP16: 0 | KQ16: 0 | KR16: 0 | KS16: 0 | KT16: 0 | KU16: 0 | KV16: 0 | KW16: 0 | KX16: 0 | KY16: 0 | KZ16: 2 | LA16: 0 | LB16: 0 | LC16: 7 | LD16: 9
A17: Mid Ulster | B17: 1 | C17: 0 | D17: 0 | E17: 0 | F17: 0 | G17: 0 | H17: 0 | I17: 0 | J17: 38204 | K17: 0 | L17: 0 | M17: 0 | N17: 0 | O17: 0 | P17: 0 | Q17: 0 | R17: 0 | S17: 1 | T17: 1 | U17: 0 | V17: 0 | W17: 0 | X17: 0 | Y17: 0 | Z17: 0 | AA17: 1 | AB17: 1 | AC17: 2 | AD17: 20 | AE17: 8 | AF17: 0 | AG17: 0 | AH17: 4 | AI17: 6 | AJ17: 24 | AK17: 14 | AL17: 38 | AM17: 12 | AN17: 9 | AO17: 21 | AP17: 180 | AQ17: 2 | AR17: 3 | AS17: 0 | AT17: 0 | AU17: 0 | AV17: 0 | AW17: 0 | AX17: 0 | AY17: 0 | AZ17: 0 | BA17: 0 | BB17: 0 | BC17: 0 | BD17: 0 | BE17: 0 | BF17: 0 | BG17: 0 | BH17: 0 | BI17: 0 | BJ17: 0 | BK17: 0 | BL17: 0 | BM17: 0 | BN17: 0 | BO17: 0 | BP17: 0 | BQ17: 2 | BR17: 3 | BS17: 5 | BT17: 19 | BU17: 7 | BV17: 0 | BW17: 0 | BX17: 0 | BY17: 0 | BZ17: 0 | CA17: 0 | CB17: 0 | CC17: 0 | CD17: 0 | CE17: 0 | CF17: 0 | CG17: 0 | CH17: 0 | CI17: 0 | CJ17: 0 | CK17: 0 | CL17: 0 | CM17: 0 | CN17: 1 | CO17: 1 | CP17: 0 | CQ17: 0 | CR17: 0 | CS17: 0 | CT17: 20 | CU17: 8 | CV17: 28 | CW17: 1 | CX17: 1 | CY17: 0 | CZ17: 0 | DA17: 0 | DB17: 0 | DC17: 0 | DD17: 0 | DE17: 0 | DF17: 0 | DG17: 0 | DH17: 0 | DI17: 0 | DJ17: 0 | DK17: 0 | DL17: 0 | DM17: 0 | DN17: 0 | DO17: 0 | DP17: 0 | DQ17: 0 | DR17: 0 | DS17: 0 | DT17: 0 | DU17: 0 | DV17: 0 | DW17: 1 | DX17: 1 | DY17: 2 | DZ17: 0 | EA17: 0 | EB17: 0 | EC17: 0 | ED17: 0 | EE17: 0 | EF17: 0 | EG17: 0 | EH17: 0 | EI17: 0 | EJ17: 0 | EK17: 0 | EL17: 0 | EM17: 0 | EN17: 0 | EO17: 0 | EP17: 0 | EQ17: 0 | ER17: 0 | ES17: 0 | ET17: 0 | EU17: 0 | EV17: 0 | EW17: 0 | EX17: 0 | EY17: 0 | EZ17: 0 | FA17: 0 | FB17: 0 | FC17: 0 | FD17: 0 | FE17: 0 | FF17: 0 | FG17: 1 | FH17: 0 | FI17: 0 | FJ17: 0 | FK17: 0 | FL17: 1 | FM17: 1 | FN17: 1 | FO17: 2 | FP17: 0 | FQ17: 0 | FR17: 0 | FS17: 0 | FT17: 2 | FU17: 2 | FV17: 0 | FW17: 1 | FX17: 0 | FY17: 0 | FZ17: 0 | GA17: 0 | GB17: 2 | GC17: 3 | GD17: 5 | GE17: 7 | GF17: 4 | GG17: 8 | GH17: 3 | GI17: 4 | GJ17: 1 | GK17: 0 | GL17: 0 | GM17: 0 | GN17: 0 | GO17: 1 | GP17: 0 | GQ17: 20 | GR17: 8 | GS17: 28 | GT17: 0 | GU17: 0 | GV17: 0 | GW17: 0 | GX17: 0 | GY17: 1 | GZ17: 1 | HA17: 0 | HB17: 0 | HC17: 0 | HD17: 0 | HE17: 0 | HF17: 1 | HG17: 1 | HH17: 2 | HI17: 0 | HJ17: 0 | HK17: 0 | HL17: 0 | HM17: 0 | HN17: 0 | HO17: 0 | HP17: 0 | HQ17: 0 | HR17: 0 | HS17: 0 | HT17: 0 | HU17: 0 | HV17: 0 | HW17: 0 | HX17: 8 | HY17: 7 | HZ17: 3 | IA17: 1 | IB17: 1 | IC17: 1 | ID17: 0 | IE17: 0 | IF17: 0 | IG17: 0 | IH17: 0 | II17: 0 | IJ17: 12 | IK17: 9 | IL17: 21 | IM17: 2 | IN17: 1 | IO17: 0 | IP17: 2 | IQ17: 0 | IR17: 0 | IS17: 0 | IT17: 0 | IU17: 0 | IV17: 0 | IW17: 2 | IX17: 3 | IY17: 5 | IZ17: 16 | JA17: 6 | JB17: 4 | JC17: 2 | JD17: 0 | JE17: 0 | JF17: 0 | JG17: 0 | JH17: 0 | JI17: 0 | JJ17: 20 | JK17: 8 | JL17: 28 | JM17: 1 | JN17: 1 | JO17: 0 | JP17: 0 | JQ17: 0 | JR17: 0 | JS17: 0 | JT17: 0 | JU17: 0 | JV17: 0 | JW17: 1 | JX17: 1 | JY17: 2 | JZ17: 0 | KA17: 0 | KB17: 0 | KC17: 0 | KD17: 0 | KE17: 0 | KF17: 0 | KG17: 0 | KH17: 0 | KI17: 0 | KJ17: 0 | KK17: 0 | KL17: 0 | KM17: 0 | KN17: 1 | KO17: 0 | KP17: 0 | KQ17: 0 | KR17: 0 | KS17: 0 | KT17: 0 | KU17: 0 | KV17: 0 | KW17: 0 | KX17: 0 | KY17: 0 | KZ17: 0 | LA17: 0 | LB17: 0 | LC17: 6 | LD17: 6
A18: Armagh, Banbridge and Craigavon | B18: 5 | C18: 0 | D18: 0 | E18: 0 | F18: 0 | G18: 0 | H18: 0 | I18: 0 | J18: 204170 | K18: 0 | L18: 0 | M18: 0 | N18: 0 | O18: 1 | P18: 1 | Q18: 0 | R18: 1 | S18: 1 | T18: 1 | U18: 0 | V18: 0 | W18: 1 | X18: 1 | Y18: 1 | Z18: 0 | AA18: 4 | AB18: 4 | AC18: 8 | AD18: 50 | AE18: 56 | AF18: 0 | AG18: 0 | AH18: 2 | AI18: 1 | AJ18: 52 | AK18: 57 | AL18: 109 | AM18: 11 | AN18: 14 | AO18: 25 | AP18: 314 | AQ18: 26 | AR18: 13 | AS18: 0 | AT18: 0 | AU18: 0 | AV18: 0 | AW18: 0 | AX18: 0 | AY18: 0 | AZ18: 0 | BA18: 0 | BB18: 0 | BC18: 0 | BD18: 0 | BE18: 0 | BF18: 0 | BG18: 0 | BH18: 0 | BI18: 0 | BJ18: 0 | BK18: 0 | BL18: 0 | BM18: 0 | BN18: 0 | BO18: 0 | BP18: 0 | BQ18: 26 | BR18: 13 | BS18: 39 | BT18: 59 | BU18: 57 | BV18: 0 | BW18: 0 | BX18: 0 | BY18: 0 | BZ18: 0 | CA18: 0 | CB18: 0 | CC18: 0 | CD18: 0 | CE18: 0 | CF18: 0 | CG18: 0 | CH18: 0 | CI18: 0 | CJ18: 0 | CK18: 0 | CL18: 0 | CM18: 0 | CN18: 0 | CO18: 0 | CP18: 0 | CQ18: 0 | CR18: 0 | CS18: 0 | CT18: 59 | CU18: 57 | CV18: 116 | CW18: 2 | CX18: 2 | CY18: 0 | CZ18: 0 | DA18: 0 | DB18: 0 | DC18: 0 | DD18: 0 | DE18: 0 | DF18: 0 | DG18: 0 | DH18: 0 | DI18: 0 | DJ18: 0 | DK18: 0 | DL18: 0 | DM18: 0 | DN18: 0 | DO18: 0 | DP18: 0 | DQ18: 0 | DR18: 0 | DS18: 0 | DT18: 0 | DU18: 0 | DV18: 0 | DW18: 2 | DX18: 2 | DY18: 4 | DZ18: 3 | EA18: 4 | EB18: 0 | EC18: 0 | ED18: 0 | EE18: 0 | EF18: 0 | EG18: 0 | EH18: 0 | EI18: 0 | EJ18: 0 | EK18: 0 | EL18: 0 | EM18: 0 | EN18: 0 | EO18: 0 | EP18: 0 | EQ18: 0 | ER18: 0 | ES18: 0 | ET18: 0 | EU18: 0 | EV18: 0 | EW18: 0 | EX18: 0 | EY18: 0 | EZ18: 3 | FA18: 4 | FB18: 7 | FC18: 8 | FD18: 6 | FE18: 11 | FF18: 6 | FG18: 1 | FH18: 0 | FI18: 0 | FJ18: 2 | FK18: 3 | FL18: 5 | FM18: 23 | FN18: 19 | FO18: 42 | FP18: 0 | FQ18: 0 | FR18: 1 | FS18: 1 | FT18: 3 | FU18: 5 | FV18: 4 | FW18: 2 | FX18: 9 | FY18: 4 | FZ18: 9 | GA18: 1 | GB18: 26 | GC18: 13 | GD18: 39 | GE18: 11 | GF18: 3 | GG18: 23 | GH18: 19 | GI18: 16 | GJ18: 18 | GK18: 7 | GL18: 15 | GM18: 3 | GN18: 0 | GO18: 1 | GP18: 0 | GQ18: 61 | GR18: 55 | GS18: 116 | GT18: 0 | GU18: 0 | GV18: 0 | GW18: 1 | GX18: 2 | GY18: 1 | GZ18: 0 | HA18: 0 | HB18: 0 | HC18: 0 | HD18: 0 | HE18: 0 | HF18: 2 | HG18: 2 | HH18: 4 | HI18: 0 | HJ18: 0 | HK18: 0 | HL18: 2 | HM18: 0 | HN18: 0 | HO18: 2 | HP18: 1 | HQ18: 0 | HR18: 2 | HS18: 0 | HT18: 0 | HU18: 2 | HV18: 5 | HW18: 7 | HX18: 0 | HY18: 5 | HZ18: 3 | IA18: 3 | IB18: 2 | IC18: 2 | ID18: 0 | IE18: 5 | IF18: 0 | IG18: 0 | IH18: 0 | II18: 0 | IJ18: 5 | IK18: 15 | IL18: 20 | IM18: 9 | IN18: 4 | IO18: 5 | IP18: 3 | IQ18: 0 | IR18: 0 | IS18: 2 | IT18: 0 | IU18: 10 | IV18: 6 | IW18: 26 | IX18: 13 | IY18: 39 | IZ18: 2 | JA18: 8 | JB18: 3 | JC18: 3 | JD18: 0 | JE18: 0 | JF18: 1 | JG18: 0 | JH18: 53 | JI18: 46 | JJ18: 59 | JK18: 57 | JL18: 116 | JM18: 0 | JN18: 0 | JO18: 0 | JP18: 0 | JQ18: 0 | JR18: 0 | JS18: 0 | JT18: 0 | JU18: 2 | JV18: 2 | JW18: 2 | JX18: 2 | JY18: 4 | JZ18: 1 | KA18: 0 | KB18: 0 | KC18: 0 | KD18: 0 | KE18: 0 | KF18: 0 | KG18: 0 | KH18: 2 | KI18: 4 | KJ18: 3 | KK18: 4 | KL18: 7 | KM18: 3 | KN18: 1 | KO18: 3 | KP18: 0 | KQ18: 10 | KR18: 2 | KS18: 0 | KT18: 3 | KU18: 12 | KV18: 11 | KW18: 15 | KX18: 0 | KY18: 53 | KZ18: 1 | LA18: 0 | LB18: 0 | LC18: 6 | LD18: 7
A19: Newry, Mourne and Down | B19: 4 | C19: 0 | D19: 0 | E19: 0 | F19: 0 | G19: 0 | H19: 0 | I19: 0 | J19: 255485 | K19: 0 | L19: 0 | M19: 0 | N19: 0 | O19: 0 | P19: 0 | Q19: 1 | R19: 3 | S19: 1 | T19: 2 | U19: 1 | V19: 2 | W19: 0 | X19: 0 | Y19: 1 | Z19: 3 | AA19: 4 | AB19: 10 | AC19: 14 | AD19: 41 | AE19: 48 | AF19: 0 | AG19: 1 | AH19: 0 | AI19: 0 | AJ19: 41 | AK19: 49 | AL19: 90 | AM19: 15 | AN19: 21 | AO19: 36 | AP19: 1000 | AQ19: 9 | AR19: 10 | AS19: 0 | AT19: 0 | AU19: 0 | AV19: 0 | AW19: 0 | AX19: 0 | AY19: 0 | AZ19: 0 | BA19: 0 | BB19: 0 | BC19: 0 | BD19: 0 | BE19: 0 | BF19: 0 | BG19: 0 | BH19: 0 | BI19: 0 | BJ19: 0 | BK19: 0 | BL19: 0 | BM19: 0 | BN19: 0 | BO19: 0 | BP19: 0 | BQ19: 9 | BR19: 10 | BS19: 19 | BT19: 31 | BU19: 27 | BV19: 0 | BW19: 1 | BX19: 1 | BY19: 1 | BZ19: 0 | CA19: 0 | CB19: 0 | CC19: 0 | CD19: 0 | CE19: 0 | CF19: 0 | CG19: 0 | CH19: 0 | CI19: 0 | CJ19: 0 | CK19: 0 | CL19: 0 | CM19: 0 | CN19: 0 | CO19: 0 | CP19: 3 | CQ19: 1 | CR19: 0 | CS19: 0 | CT19: 35 | CU19: 30 | CV19: 65 | CW19: 2 | CX19: 5 | CY19: 0 | CZ19: 0 | DA19: 0 | DB19: 0 | DC19: 0 | DD19: 0 | DE19: 0 | DF19: 0 | DG19: 0 | DH19: 0 | DI19: 0 | DJ19: 0 | DK19: 0 | DL19: 0 | DM19: 0 | DN19: 0 | DO19: 0 | DP19: 0 | DQ19: 0 | DR19: 0 | DS19: 0 | DT19: 0 | DU19: 0 | DV19: 0 | DW19: 2 | DX19: 5 | DY19: 7 | DZ19: 7 | EA19: 23 | EB19: 0 | EC19: 0 | ED19: 0 | EE19: 0 | EF19: 0 | EG19: 0 | EH19: 0 | EI19: 0 | EJ19: 0 | EK19: 0 | EL19: 0 | EM19: 0 | EN19: 0 | EO19: 0 | EP19: 0 | EQ19: 0 | ER19: 0 | ES19: 0 | ET19: 0 | EU19: 0 | EV19: 0 | EW19: 0 | EX19: 0 | EY19: 0 | EZ19: 7 | FA19: 23 | FB19: 30 | FC19: 1 | FD19: 1 | FE19: 2 | FF19: 0 | FG19: 0 | FH19: 0 | FI19: 0 | FJ19: 0 | FK19: 3 | FL19: 2 | FM19: 6 | FN19: 3 | FO19: 9 | FP19: 0 | FQ19: 1 | FR19: 1 | FS19: 1 | FT19: 3 | FU19: 2 | FV19: 1 | FW19: 4 | FX19: 3 | FY19: 0 | FZ19: 1 | GA19: 2 | GB19: 9 | GC19: 10 | GD19: 19 | GE19: 1 | GF19: 4 | GG19: 12 | GH19: 13 | GI19: 15 | GJ19: 12 | GK19: 5 | GL19: 0 | GM19: 2 | GN19: 0 | GO19: 0 | GP19: 0 | GQ19: 35 | GR19: 29 | GS19: 64 | GT19: 0 | GU19: 0 | GV19: 0 | GW19: 0 | GX19: 1 | GY19: 2 | GZ19: 1 | HA19: 3 | HB19: 0 | HC19: 0 | HD19: 0 | HE19: 0 | HF19: 2 | HG19: 5 | HH19: 7 | HI19: 0 | HJ19: 0 | HK19: 0 | HL19: 2 | HM19: 6 | HN19: 10 | HO19: 1 | HP19: 10 | HQ19: 0 | HR19: 1 | HS19: 0 | HT19: 0 | HU19: 7 | HV19: 23 | HW19: 30 | HX19: 5 | HY19: 3 | HZ19: 0 | IA19: 0 | IB19: 0 | IC19: 0 | ID19: 0 | IE19: 0 | IF19: 0 | IG19: 0 | IH19: 0 | II19: 0 | IJ19: 5 | IK19: 3 | IL19: 8 | IM19: 5 | IN19: 3 | IO19: 1 | IP19: 5 | IQ19: 0 | IR19: 0 | IS19: 0 | IT19: 0 | IU19: 3 | IV19: 2 | IW19: 9 | IX19: 10 | IY19: 19 | IZ19: 7 | JA19: 2 | JB19: 6 | JC19: 1 | JD19: 1 | JE19: 1 | JF19: 0 | JG19: 0 | JH19: 21 | JI19: 20 | JJ19: 35 | JK19: 24 | JL19: 59 | JM19: 2 | JN19: 4 | JO19: 0 | JP19: 0 | JQ19: 0 | JR19: 0 | JS19: 0 | JT19: 0 | JU19: 0 | JV19: 1 | JW19: 2 | JX19: 5 | JY19: 7 | JZ19: 0 | KA19: 1 | KB19: 0 | KC19: 0 | KD19: 0 | KE19: 0 | KF19: 0 | KG19: 0 | KH19: 7 | KI19: 22 | KJ19: 7 | KK19: 23 | KL19: 30 | KM19: 1 | KN19: 3 | KO19: 1 | KP19: 0 | KQ19: 2 | KR19: 0 | KS19: 0 | KT19: 1 | KU19: 0 | KV19: 0 | KW19: 5 | KX19: 2 | KY19: 10 | KZ19: 1 | LA19: 0 | LB19: 0 | LC19: 12 | LD19: 13
A20: Causeway Coast and Glens | B20: 1 | C20: 0 | D20: 0 | E20: 0 | F20: 0 | G20: 0 | H20: 0 | I20: 0 | J20: 150350 | K20: 0 | L20: 0 | M20: 0 | N20: 0 | O20: 0 | P20: 2 | Q20: 0 | R20: 1 | S20: 0 | T20: 3 | U20: 0 | V20: 0 | W20: 0 | X20: 1 | Y20: 0 | Z20: 0 | AA20: 0 | AB20: 7 | AC20: 7 | AD20: 23 | AE20: 24 | AF20: 0 | AG20: 2 | AH20: 0 | AI20: 0 | AJ20: 23 | AK20: 26 | AL20: 49 | AM20: 0 | AN20: 0 | AO20: 0 | AP20: 0 | AQ20: 5 | AR20: 4 | AS20: 0 | AT20: 0 | AU20: 0 | AV20: 0 | AW20: 0 | AX20: 0 | AY20: 0 | AZ20: 0 | BA20: 0 | BB20: 0 | BC20: 0 | BD20: 0 | BE20: 0 | BF20: 0 | BG20: 0 | BH20: 0 | BI20: 0 | BJ20: 0 | BK20: 0 | BL20: 0 | BM20: 0 | BN20: 0 | BO20: 0 | BP20: 0 | BQ20: 5 | BR20: 4 | BS20: 9 | BT20: 0 | BU20: 3 | BV20: 0 | BW20: 0 | BX20: 0 | BY20: 0 | BZ20: 0 | CA20: 0 | CB20: 0 | CC20: 0 | CD20: 0 | CE20: 0 | CF20: 0 | CG20: 0 | CH20: 0 | CI20: 0 | CJ20: 0 | CK20: 0 | CL20: 0 | CM20: 0 | CN20: 0 | CO20: 0 | CP20: 0 | CQ20: 0 | CR20: 0 | CS20: 0 | CT20: 0 | CU20: 3 | CV20: 3 | CW20: 0 | CX20: 3 | CY20: 0 | CZ20: 0 | DA20: 0 | DB20: 0 | DC20: 0 | DD20: 0 | DE20: 0 | DF20: 0 | DG20: 0 | DH20: 0 | DI20: 0 | DJ20: 0 | DK20: 0 | DL20: 0 | DM20: 0 | DN20: 0 | DO20: 0 | DP20: 0 | DQ20: 0 | DR20: 0 | DS20: 0 | DT20: 0 | DU20: 0 | DV20: 0 | DW20: 0 | DX20: 3 | DY20: 3 | DZ20: 0 | EA20: 1 | EB20: 0 | EC20: 0 | ED20: 0 | EE20: 0 | EF20: 0 | EG20: 0 | EH20: 0 | EI20: 0 | EJ20: 0 | EK20: 0 | EL20: 0 | EM20: 0 | EN20: 0 | EO20: 0 | EP20: 0 | EQ20: 0 | ER20: 0 | ES20: 0 | ET20: 0 | EU20: 0 | EV20: 0 | EW20: 0 | EX20: 23 | EY20: 26 | EZ20: 23 | FA20: 27 | FB20: 50 | FC20: 0 | FD20: 0 | FE20: 0 | FF20: 0 | FG20: 0 | FH20: 0 | FI20: 0 | FJ20: 0 | FK20: 0 | FL20: 0 | FM20: 0 | FN20: 0 | FO20: 0 | FP20: 0 | FQ20: 0 | FR20: 0 | FS20: 0 | FT20: 0 | FU20: 0 | FV20: 3 | FW20: 1 | FX20: 0 | FY20: 3 | FZ20: 2 | GA20: 0 | GB20: 5 | GC20: 4 | GD20: 9 | GE20: 0 | GF20: 0 | GG20: 0 | GH20: 2 | GI20: 0 | GJ20: 0 | GK20: 0 | GL20: 1 | GM20: 0 | GN20: 0 | GO20: 0 | GP20: 0 | GQ20: 0 | GR20: 3 | GS20: 3 | GT20: 0 | GU20: 0 | GV20: 0 | GW20: 0 | GX20: 0 | GY20: 1 | GZ20: 0 | HA20: 1 | HB20: 0 | HC20: 1 | HD20: 0 | HE20: 0 | HF20: 0 | HG20: 3 | HH20: 3 | HI20: 1 | HJ20: 0 | HK20: 10 | HL20: 10 | HM20: 8 | HN20: 10 | HO20: 4 | HP20: 5 | HQ20: 0 | HR20: 2 | HS20: 0 | HT20: 0 | HU20: 23 | HV20: 27 | HW20: 50 | HX20: 0 | HY20: 0 | HZ20: 0 | IA20: 0 | IB20: 0 | IC20: 0 | ID20: 0 | IE20: 0 | IF20: 0 | IG20: 0 | IH20: 0 | II20: 0 | IJ20: 0 | IK20: 0 | IL20: 0 | IM20: 0 | IN20: 0 | IO20: 0 | IP20: 0 | IQ20: 0 | IR20: 0 | IS20: 0 | IT20: 0 | IU20: 5 | IV20: 4 | IW20: 5 | IX20: 4 | IY20: 9 | IZ20: 0 | JA20: 0 | JB20: 0 | JC20: 0 | JD20: 0 | JE20: 0 | JF20: 0 | JG20: 3 | JH20: 0 | JI20: 0 | JJ20: 0 | JK20: 3 | JL20: 3 | JM20: 0 | JN20: 1 | JO20: 0 | JP20: 1 | JQ20: 0 | JR20: 0 | JS20: 0 | JT20: 1 | JU20: 0 | JV20: 0 | JW20: 0 | JX20: 3 | JY20: 3 | JZ20: 0 | KA20: 1 | KB20: 0 | KC20: 0 | KD20: 0 | KE20: 0 | KF20: 0 | KG20: 0 | KH20: 23 | KI20: 26 | KJ20: 23 | KK20: 27 | KL20: 50 | KM20: 1 | KN20: 0 | KO20: 1 | KP20: 0 | KQ20: 0 | KR20: 0 | KS20: 0 | KT20: 0 | KU20: 1 | KV20: 1 | KW20: 2 | KX20: 1 | KY20: 5 | KZ20: 0 | LA20: 9 | LB20: 0 | LC20: 5 | LD20: 14
A21: Fermanagh and Omagh | B21: 3 | C21: 0 | D21: 0 | E21: 0 | F21: 0 | G21: 0 | H21: 0 | I21: 0 | J21: 195967 | K21: 0 | L21: 0 | M21: 0 | N21: 0 | O21: 1 | P21: 0 | Q21: 0 | R21: 0 | S21: 1 | T21: 1 | U21: 0 | V21: 0 | W21: 0 | X21: 0 | Y21: 0 | Z21: 0 | AA21: 2 | AB21: 1 | AC21: 3 | AD21: 227 | AE21: 228 | AF21: 1 | AG21: 2 | AH21: 2 | AI21: 1 | AJ21: 230 | AK21: 231 | AL21: 461 | AM21: 44 | AN21: 66 | AO21: 110 | AP21: 1608 | AQ21: 25 | AR21: 11 | AS21: 0 | AT21: 0 | AU21: 0 | AV21: 0 | AW21: 0 | AX21: 0 | AY21: 0 | AZ21: 0 | BA21: 0 | BB21: 0 | BC21: 0 | BD21: 0 | BE21: 0 | BF21: 0 | BG21: 0 | BH21: 0 | BI21: 0 | BJ21: 0 | BK21: 0 | BL21: 0 | BM21: 0 | BN21: 0 | BO21: 0 | BP21: 0 | BQ21: 25 | BR21: 11 | BS21: 36 | BT21: 4 | BU21: 4 | BV21: 0 | BW21: 0 | BX21: 0 | BY21: 0 | BZ21: 0 | CA21: 0 | CB21: 0 | CC21: 0 | CD21: 0 | CE21: 0 | CF21: 0 | CG21: 0 | CH21: 0 | CI21: 0 | CJ21: 0 | CK21: 0 | CL21: 0 | CM21: 0 | CN21: 1 | CO21: 0 | CP21: 0 | CQ21: 0 | CR21: 224 | CS21: 224 | CT21: 229 | CU21: 228 | CV21: 457 | CW21: 2 | CX21: 3 | CY21: 0 | CZ21: 0 | DA21: 0 | DB21: 0 | DC21: 0 | DD21: 0 | DE21: 0 | DF21: 0 | DG21: 0 | DH21: 0 | DI21: 0 | DJ21: 0 | DK21: 0 | DL21: 0 | DM21: 0 | DN21: 0 | DO21: 0 | DP21: 0 | DQ21: 0 | DR21: 0 | DS21: 0 | DT21: 0 | DU21: 0 | DV21: 0 | DW21: 2 | DX21: 3 | DY21: 5 | DZ21: 2 | EA21: 1 | EB21: 0 | EC21: 0 | ED21: 0 | EE21: 0 | EF21: 0 | EG21: 0 | EH21: 0 | EI21: 0 | EJ21: 0 | EK21: 0 | EL21: 0 | EM21: 0 | EN21: 0 | EO21: 0 | EP21: 0 | EQ21: 0 | ER21: 0 | ES21: 0 | ET21: 0 | EU21: 0 | EV21: 0 | EW21: 0 | EX21: 0 | EY21: 0 | EZ21: 2 | FA21: 1 | FB21: 3 | FC21: 4 | FD21: 1 | FE21: 0 | FF21: 0 | FG21: 0 | FH21: 0 | FI21: 1 | FJ21: 0 | FK21: 0 | FL21: 0 | FM21: 5 | FN21: 1 | FO21: 6 | FP21: 2 | FQ21: 0 | FR21: 0 | FS21: 0 | FT21: 2 | FU21: 6 | FV21: 3 | FW21: 1 | FX21: 12 | FY21: 2 | FZ21: 5 | GA21: 2 | GB21: 24 | GC21: 11 | GD21: 35 | GE21: 0 | GF21: 0 | GG21: 1 | GH21: 3 | GI21: 3 | GJ21: 1 | GK21: 1 | GL21: 0 | GM21: 0 | GN21: 0 | GO21: 0 | GP21: 0 | GQ21: 5 | GR21: 4 | GS21: 9 | GT21: 0 | GU21: 0 | GV21: 1 | GW21: 0 | GX21: 1 | GY21: 1 | GZ21: 0 | HA21: 0 | HB21: 0 | HC21: 0 | HD21: 0 | HE21: 0 | HF21: 2 | HG21: 1 | HH21: 3 | HI21: 0 | HJ21: 0 | HK21: 1 | HL21: 1 | HM21: 0 | HN21: 0 | HO21: 1 | HP21: 0 | HQ21: 0 | HR21: 0 | HS21: 0 | HT21: 0 | HU21: 2 | HV21: 1 | HW21: 3 | HX21: 0 | HY21: 0 | HZ21: 0 | IA21: 8 | IB21: 0 | IC21: 24 | ID21: 0 | IE21: 0 | IF21: 0 | IG21: 0 | IH21: 0 | II21: 0 | IJ21: 0 | IK21: 32 | IL21: 32 | IM21: 0 | IN21: 0 | IO21: 0 | IP21: 0 | IQ21: 0 | IR21: 0 | IS21: 0 | IT21: 0 | IU21: 25 | IV21: 11 | IW21: 25 | IX21: 11 | IY21: 36 | IZ21: 0 | JA21: 0 | JB21: 0 | JC21: 0 | JD21: 0 | JE21: 0 | JF21: 0 | JG21: 0 | JH21: 229 | JI21: 228 | JJ21: 229 | JK21: 228 | JL21: 457 | JM21: 0 | JN21: 0 | JO21: 0 | JP21: 0 | JQ21: 0 | JR21: 0 | JS21: 0 | JT21: 0 | JU21: 2 | JV21: 1 | JW21: 2 | JX21: 1 | JY21: 3 | JZ21: 0 | KA21: 0 | KB21: 0 | KC21: 0 | KD21: 0 | KE21: 0 | KF21: 0 | KG21: 0 | KH21: 0 | KI21: 0 | KJ21: 0 | KK21: 0 | KL21: 0 | KM21: 1 | KN21: 1 | KO21: 1 | KP21: 0 | KQ21: 1 | KR21: 0 | KS21: 0 | KT21: 2 | KU21: 0 | KV21: 0 | KW21: 2 | KX21: 0 | KY21: 5 | KZ21: 0 | LA21: 0 | LB21: 0 | LC21: 0 | LD21: 0
A22: Lisburn and Castlereagh | B22: 1 | C22: 0 | D22: 0 | E22: 0 | F22: 0 | G22: 0 | H22: 0 | I22: 0 | J22: 35890 | K22: 0 | L22: 0 | M22: 0 | N22: 0 | O22: 0 | P22: 0 | Q22: 0 | R22: 0 | S22: 1 | T22: 0 | U22: 0 | V22: 0 | W22: 0 | X22: 0 | Y22: 0 | Z22: 0 | AA22: 1 | AB22: 0 | AC22: 1 | AD22: 0 | AE22: 0 | AF22: 0 | AG22: 0 | AH22: 2 | AI22: 9 | AJ22: 2 | AK22: 9 | AL22: 11 | AM22: 15 | AN22: 15 | AO22: 30 | AP22: 2160 | AQ22: 12 | AR22: 2 | AS22: 0 | AT22: 0 | AU22: 0 | AV22: 0 | AW22: 0 | AX22: 0 | AY22: 0 | AZ22: 0 | BA22: 0 | BB22: 0 | BC22: 0 | BD22: 0 | BE22: 0 | BF22: 0 | BG22: 0 | BH22: 0 | BI22: 0 | BJ22: 0 | BK22: 0 | BL22: 0 | BM22: 0 | BN22: 0 | BO22: 0 | BP22: 0 | BQ22: 12 | BR22: 2 | BS22: 14 | BT22: 0 | BU22: 0 | BV22: 0 | BW22: 0 | BX22: 0 | BY22: 0 | BZ22: 0 | CA22: 0 | CB22: 0 | CC22: 0 | CD22: 0 | CE22: 0 | CF22: 0 | CG22: 0 | CH22: 0 | CI22: 0 | CJ22: 0 | CK22: 0 | CL22: 0 | CM22: 0 | CN22: 0 | CO22: 0 | CP22: 0 | CQ22: 0 | CR22: 0 | CS22: 0 | CT22: 0 | CU22: 0 | CV22: 0 | CW22: 1 | CX22: 0 | CY22: 0 | CZ22: 0 | DA22: 0 | DB22: 0 | DC22: 0 | DD22: 0 | DE22: 0 | DF22: 0 | DG22: 0 | DH22: 0 | DI22: 0 | DJ22: 0 | DK22: 0 | DL22: 0 | DM22: 0 | DN22: 0 | DO22: 0 | DP22: 0 | DQ22: 0 | DR22: 0 | DS22: 0 | DT22: 0 | DU22: 0 | DV22: 0 | DW22: 1 | DX22: 0 | DY22: 1 | DZ22: 0 | EA22: 0 | EB22: 0 | EC22: 0 | ED22: 0 | EE22: 0 | EF22: 0 | EG22: 0 | EH22: 0 | EI22: 0 | EJ22: 0 | EK22: 0 | EL22: 0 | EM22: 0 | EN22: 0 | EO22: 0 | EP22: 0 | EQ22: 0 | ER22: 0 | ES22: 0 | ET22: 0 | EU22: 0 | EV22: 0 | EW22: 0 | EX22: 0 | EY22: 0 | EZ22: 0 | FA22: 0 | FB22: 0 | FC22: 14 | FD22: 0 | FE22: 0 | FF22: 0 | FG22: 1 | FH22: 0 | FI22: 0 | FJ22: 0 | FK22: 6 | FL22: 0 | FM22: 21 | FN22: 0 | FO22: 21 | FP22: 0 | FQ22: 0 | FR22: 1 | FS22: 0 | FT22: 2 | FU22: 1 | FV22: 1 | FW22: 0 | FX22: 2 | FY22: 0 | FZ22: 6 | GA22: 1 | GB22: 12 | GC22: 2 | GD22: 14 | GE22: 0 | GF22: 0 | GG22: 0 | GH22: 0 | GI22: 0 | GJ22: 0 | GK22: 0 | GL22: 0 | GM22: 0 | GN22: 0 | GO22: 0 | GP22: 0 | GQ22: 0 | GR22: 0 | GS22: 0 | GT22: 0 | GU22: 0 | GV22: 0 | GW22: 0 | GX22: 0 | GY22: 0 | GZ22: 1 | HA22: 0 | HB22: 0 | HC22: 0 | HD22: 0 | HE22: 0 | HF22: 1 | HG22: 0 | HH22: 1 | HI22: 0 | HJ22: 0 | HK22: 0 | HL22: 0 | HM22: 0 | HN22: 0 | HO22: 0 | HP22: 0 | HQ22: 0 | HR22: 0 | HS22: 0 | HT22: 0 | HU22: 0 | HV22: 0 | HW22: 0 | HX22: 0 | HY22: 0 | HZ22: 0 | IA22: 0 | IB22: 0 | IC22: 0 | ID22: 0 | IE22: 0 | IF22: 0 | IG22: 0 | IH22: 0 | II22: 0 | IJ22: 0 | IK22: 0 | IL22: 0 | IM22: 1 | IN22: 0 | IO22: 12 | IP22: 0 | IQ22: 0 | IR22: 0 | IS22: 0 | IT22: 0 | IU22: 0 | IV22: 0 | IW22: 13 | IX22: 0 | IY22: 13 | IZ22: 0 | JA22: 0 | JB22: 0 | JC22: 0 | JD22: 0 | JE22: 0 | JF22: 0 | JG22: 0 | JH22: 0 | JI22: 0 | JJ22: 0 | JK22: 0 | JL22: 0 | JM22: 0 | JN22: 0 | JO22: 1 | JP22: 0 | JQ22: 0 | JR22: 0 | JS22: 0 | JT22: 0 | JU22: 0 | JV22: 0 | JW22: 1 | JX22: 0 | JY22: 1 | JZ22: 0 | KA22: 0 | KB22: 0 | KC22: 0 | KD22: 0 | KE22: 0 | KF22: 0 | KG22: 0 | KH22: 0 | KI22: 0 | KJ22: 0 | KK22: 0 | KL22: 0 | KM22: 0 | KN22: 1 | KO22: 0 | KP22: 0 | KQ22: 0 | KR22: 0 | KS22: 0 | KT22: 0 | KU22: 0 | KV22: 0 | KW22: 0 | KX22: 0 | KY22: 0 | KZ22: 0 | LA22: 0 | LB22: 0 | LC22: 1 | LD22: 1
A23: Mid and East Antrim | B23: 0 | C23: 0 | D23: 0 | E23: 0 | F23: 0 | G23: 0 | H23: 0 | I23: 0 | J23: 0 | K23: 0 | L23: 0 | M23: 0 | N23: 0 | O23: 0 | P23: 0 | Q23: 0 | R23: 0 | S23: 0 | T23: 0 | U23: 0 | V23: 0 | W23: 0 | X23: 0 | Y23: 0 | Z23: 0 | AA23: 0 | AB23: 0 | AC23: 0 | AD23: 0 | AE23: 0 | AF23: 0 | AG23: 0 | AH23: 0 | AI23: 0 | AJ23: 0 | AK23: 0 | AL23: 0 | AM23: 0 | AN23: 0 | AO23: 0 | AP23: 0 | AQ23: 0 | AR23: 0 | AS23: 0 | AT23: 0 | AU23: 0 | AV23: 0 | AW23: 0 | AX23: 0 | AY23: 0 | AZ23: 0 | BA23: 0 | BB23: 0 | BC23: 0 | BD23: 0 | BE23: 0 | BF23: 0 | BG23: 0 | BH23: 0 | BI23: 0 | BJ23: 0 | BK23: 0 | BL23: 0 | BM23: 0 | BN23: 0 | BO23: 0 | BP23: 0 | BQ23: 0 | BR23: 0 | BS23: 0 | BT23: 0 | BU23: 0 | BV23: 0 | BW23: 0 | BX23: 0 | BY23: 0 | BZ23: 0 | CA23: 0 | CB23: 0 | CC23: 0 | CD23: 0 | CE23: 0 | CF23: 0 | CG23: 0 | CH23: 0 | CI23: 0 | CJ23: 0 | CK23: 0 | CL23: 0 | CM23: 0 | CN23: 0 | CO23: 0 | CP23: 0 | CQ23: 0 | CR23: 0 | CS23: 0 | CT23: 0 | CU23: 0 | CV23: 0 | CW23: 0 | CX23: 0 | CY23: 0 | CZ23: 0 | DA23: 0 | DB23: 0 | DC23: 0 | DD23: 0 | DE23: 0 | DF23: 0 | DG23: 0 | DH23: 0 | DI23: 0 | DJ23: 0 | DK23: 0 | DL23: 0 | DM23: 0 | DN23: 0 | DO23: 0 | DP23: 0 | DQ23: 0 | DR23: 0 | DS23: 0 | DT23: 0 | DU23: 0 | DV23: 0 | DW23: 0 | DX23: 0 | DY23: 0 | DZ23: 0 | EA23: 0 | EB23: 0 | EC23: 0 | ED23: 0 | EE23: 0 | EF23: 0 | EG23: 0 | EH23: 0 | EI23: 0 | EJ23: 0 | EK23: 0 | EL23: 0 | EM23: 0 | EN23: 0 | EO23: 0 | EP23: 0 | EQ23: 0 | ER23: 0 | ES23: 0 | ET23: 0 | EU23: 0 | EV23: 0 | EW23: 0 | EX23: 0 | EY23: 0 | EZ23: 0 | FA23: 0 | FB23: 0 | FC23: 0 | FD23: 0 | FE23: 0 | FF23: 0 | FG23: 0 | FH23: 0 | FI23: 0 | FJ23: 0 | FK23: 0 | FL23: 0 | FM23: 0 | FN23: 0 | FO23: 0 | FP23: 0 | FQ23: 0 | FR23: 0 | FS23: 0 | FT23: 0 | FU23: 0 | FV23: 0 | FW23: 0 | FX23: 0 | FY23: 0 | FZ23: 0 | GA23: 0 | GB23: 0 | GC23: 0 | GD23: 0 | GE23: 0 | GF23: 0 | GG23: 0 | GH23: 0 | GI23: 0 | GJ23: 0 | GK23: 0 | GL23: 0 | GM23: 0 | GN23: 0 | GO23: 0 | GP23: 0 | GQ23: 0 | GR23: 0 | GS23: 0 | GT23: 0 | GU23: 0 | GV23: 0 | GW23: 0 | GX23: 0 | GY23: 0 | GZ23: 0 | HA23: 0 | HB23: 0 | HC23: 0 | HD23: 0 | HE23: 0 | HF23: 0 | HG23: 0 | HH23: 0 | HI23: 0 | HJ23: 0 | HK23: 0 | HL23: 0 | HM23: 0 | HN23: 0 | HO23: 0 | HP23: 0 | HQ23: 0 | HR23: 0 | HS23: 0 | HT23: 0 | HU23: 0 | HV23: 0 | HW23: 0 | HX23: 0 | HY23: 0 | HZ23: 0 | IA23: 0 | IB23: 0 | IC23: 0 | ID23: 0 | IE23: 0 | IF23: 0 | IG23: 0 | IH23: 0 | II23: 0 | IJ23: 0 | IK23: 0 | IL23: 0 | IM23: 0 | IN23: 0 | IO23: 0 | IP23: 0 | IQ23: 0 | IR23: 0 | IS23: 0 | IT23: 0 | IU23: 0 | IV23: 0 | IW23: 0 | IX23: 0 | IY23: 0 | IZ23: 0 | JA23: 0 | JB23: 0 | JC23: 0 | JD23: 0 | JE23: 0 | JF23: 0 | JG23: 0 | JH23: 0 | JI23: 0 | JJ23: 0 | JK23: 0 | JL23: 0 | JM23: 0 | JN23: 0 | JO23: 0 | JP23: 0 | JQ23: 0 | JR23: 0 | JS23: 0 | JT23: 0 | JU23: 0 | JV23: 0 | JW23: 0 | JX23: 0 | JY23: 0 | JZ23: 0 | KA23: 0 | KB23: 0 | KC23: 0 | KD23: 0 | KE23: 0 | KF23: 0 | KG23: 0 | KH23: 0 | KI23: 0 | KJ23: 0 | KK23: 0 | KL23: 0 | KM23: 0 | KN23: 0 | KO23: 0 | KP23: 0 | KQ23: 0 | KR23: 0 | KS23: 0 | KT23: 0 | KU23: 0 | KV23: 0 | KW23: 0 | KX23: 0 | KY23: 0 | KZ23: 0 | LA23: 0 | LB23: 0 | LC23: 0 | LD23: 0
A24: Antrim and Newtownabbey | B24: 0 | C24: 0 | D24: 0 | E24: 0 | F24: 0 | G24: 0 | H24: 0 | I24: 0 | J24: 0 | K24: 0 | L24: 0 | M24: 0 | N24: 0 | O24: 0 | P24: 0 | Q24: 0 | R24: 0 | S24: 0 | T24: 0 | U24: 0 | V24: 0 | W24: 0 | X24: 0 | Y24: 0 | Z24: 0 | AA24: 0 | AB24: 0 | AC24: 0 | AD24: 0 | AE24: 0 | AF24: 0 | AG24: 0 | AH24: 0 | AI24: 0 | AJ24: 0 | AK24: 0 | AL24: 0 | AM24: 0 | AN24: 0 | AO24: 0 | AP24: 0 | AQ24: 0 | AR24: 0 | AS24: 0 | AT24: 0 | AU24: 0 | AV24: 0 | AW24: 0 | AX24: 0 | AY24: 0 | AZ24: 0 | BA24: 0 | BB24: 0 | BC24: 0 | BD24: 0 | BE24: 0 | BF24: 0 | BG24: 0 | BH24: 0 | BI24: 0 | BJ24: 0 | BK24: 0 | BL24: 0 | BM24: 0 | BN24: 0 | BO24: 0 | BP24: 0 | BQ24: 0 | BR24: 0 | BS24: 0 | BT24: 0 | BU24: 0 | BV24: 0 | BW24: 0 | BX24: 0 | BY24: 0 | BZ24: 0 | CA24: 0 | CB24: 0 | CC24: 0 | CD24: 0 | CE24: 0 | CF24: 0 | CG24: 0 | CH24: 0 | CI24: 0 | CJ24: 0 | CK24: 0 | CL24: 0 | CM24: 0 | CN24: 0 | CO24: 0 | CP24: 0 | CQ24: 0 | CR24: 0 | CS24: 0 | CT24: 0 | CU24: 0 | CV24: 0 | CW24: 0 | CX24: 0 | CY24: 0 | CZ24: 0 | DA24: 0 | DB24: 0 | DC24: 0 | DD24: 0 | DE24: 0 | DF24: 0 | DG24: 0 | DH24: 0 | DI24: 0 | DJ24: 0 | DK24: 0 | DL24: 0 | DM24: 0 | DN24: 0 | DO24: 0 | DP24: 0 | DQ24: 0 | DR24: 0 | DS24: 0 | DT24: 0 | DU24: 0 | DV24: 0 | DW24: 0 | DX24: 0 | DY24: 0 | DZ24: 0 | EA24: 0 | EB24: 0 | EC24: 0 | ED24: 0 | EE24: 0 | EF24: 0 | EG24: 0 | EH24: 0 | EI24: 0 | EJ24: 0 | EK24: 0 | EL24: 0 | EM24: 0 | EN24: 0 | EO24: 0 | EP24: 0 | EQ24: 0 | ER24: 0 | ES24: 0 | ET24: 0 | EU24: 0 | EV24: 0 | EW24: 0 | EX24: 0 | EY24: 0 | EZ24: 0 | FA24: 0 | FB24: 0 | FC24: 0 | FD24: 0 | FE24: 0 | FF24: 0 | FG24: 0 | FH24: 0 | FI24: 0 | FJ24: 0 | FK24: 0 | FL24: 0 | FM24: 0 | FN24: 0 | FO24: 0 | FP24: 0 | FQ24: 0 | FR24: 0 | FS24: 0 | FT24: 0 | FU24: 0 | FV24: 0 | FW24: 0 | FX24: 0 | FY24: 0 | FZ24: 0 | GA24: 0 | GB24: 0 | GC24: 0 | GD24: 0 | GE24: 0 | GF24: 0 | GG24: 0 | GH24: 0 | GI24: 0 | GJ24: 0 | GK24: 0 | GL24: 0 | GM24: 0 | GN24: 0 | GO24: 0 | GP24: 0 | GQ24: 0 | GR24: 0 | GS24: 0 | GT24: 0 | GU24: 0 | GV24: 0 | GW24: 0 | GX24: 0 | GY24: 0 | GZ24: 0 | HA24: 0 | HB24: 0 | HC24: 0 | HD24: 0 | HE24: 0 | HF24: 0 | HG24: 0 | HH24: 0 | HI24: 0 | HJ24: 0 | HK24: 0 | HL24: 0 | HM24: 0 | HN24: 0 | HO24: 0 | HP24: 0 | HQ24: 0 | HR24: 0 | HS24: 0 | HT24: 0 | HU24: 0 | HV24: 0 | HW24: 0 | HX24: 0 | HY24: 0 | HZ24: 0 | IA24: 0 | IB24: 0 | IC24: 0 | ID24: 0 | IE24: 0 | IF24: 0 | IG24: 0 | IH24: 0 | II24: 0 | IJ24: 0 | IK24: 0 | IL24: 0 | IM24: 0 | IN24: 0 | IO24: 0 | IP24: 0 | IQ24: 0 | IR24: 0 | IS24: 0 | IT24: 0 | IU24: 0 | IV24: 0 | IW24: 0 | IX24: 0 | IY24: 0 | IZ24: 0 | JA24: 0 | JB24: 0 | JC24: 0 | JD24: 0 | JE24: 0 | JF24: 0 | JG24: 0 | JH24: 0 | JI24: 0 | JJ24: 0 | JK24: 0 | JL24: 0 | JM24: 0 | JN24: 0 | JO24: 0 | JP24: 0 | JQ24: 0 | JR24: 0 | JS24: 0 | JT24: 0 | JU24: 0 | JV24: 0 | JW24: 0 | JX24: 0 | JY24: 0 | JZ24: 0 | KA24: 0 | KB24: 0 | KC24: 0 | KD24: 0 | KE24: 0 | KF24: 0 | KG24: 0 | KH24: 0 | KI24: 0 | KJ24: 0 | KK24: 0 | KL24: 0 | KM24: 0 | KN24: 0 | KO24: 0 | KP24: 0 | KQ24: 0 | KR24: 0 | KS24: 0 | KT24: 0 | KU24: 0 | KV24: 0 | KW24: 0 | KX24: 0 | KY24: 0 | KZ24: 0 | LA24: 0 | LB24: 0 | LC24: 0 | LD24: 0
A25: North Down and Ards | B25: 3 | C25: 0 | D25: 0 | E25: 0 | F25: 0 | G25: 0 | H25: 0 | I25: 0 | J25: 209111 | K25: 0 | L25: 0 | M25: 0 | N25: 0 | O25: 0 | P25: 0 | Q25: 0 | R25: 0 | S25: 2 | T25: 1 | U25: 0 | V25: 0 | W25: 0 | X25: 0 | Y25: 1 | Z25: 1 | AA25: 3 | AB25: 2 | AC25: 5 | AD25: 56 | AE25: 48 | AF25: 6 | AG25: 0 | AH25: 32 | AI25: 3 | AJ25: 94 | AK25: 51 | AL25: 145 | AM25: 33 | AN25: 54 | AO25: 87 | AP25: 1721 | AQ25: 19 | AR25: 9 | AS25: 0 | AT25: 0 | AU25: 0 | AV25: 0 | AW25: 0 | AX25: 0 | AY25: 0 | AZ25: 0 | BA25: 0 | BB25: 0 | BC25: 0 | BD25: 0 | BE25: 0 | BF25: 0 | BG25: 0 | BH25: 0 | BI25: 0 | BJ25: 0 | BK25: 0 | BL25: 0 | BM25: 0 | BN25: 0 | BO25: 0 | BP25: 0 | BQ25: 19 | BR25: 9 | BS25: 28 | BT25: 6 | BU25: 12 | BV25: 0 | BW25: 0 | BX25: 0 | BY25: 0 | BZ25: 0 | CA25: 0 | CB25: 0 | CC25: 0 | CD25: 0 | CE25: 0 | CF25: 0 | CG25: 0 | CH25: 0 | CI25: 0 | CJ25: 0 | CK25: 0 | CL25: 0 | CM25: 0 | CN25: 0 | CO25: 0 | CP25: 0 | CQ25: 0 | CR25: 0 | CS25: 0 | CT25: 6 | CU25: 12 | CV25: 18 | CW25: 3 | CX25: 1 | CY25: 0 | CZ25: 0 | DA25: 0 | DB25: 0 | DC25: 0 | DD25: 0 | DE25: 0 | DF25: 0 | DG25: 0 | DH25: 0 | DI25: 0 | DJ25: 0 | DK25: 0 | DL25: 0 | DM25: 0 | DN25: 0 | DO25: 0 | DP25: 0 | DQ25: 0 | DR25: 0 | DS25: 0 | DT25: 0 | DU25: 0 | DV25: 0 | DW25: 3 | DX25: 1 | DY25: 4 | DZ25: 5 | EA25: 5 | EB25: 0 | EC25: 0 | ED25: 0 | EE25: 0 | EF25: 0 | EG25: 0 | EH25: 0 | EI25: 0 | EJ25: 0 | EK25: 0 | EL25: 0 | EM25: 0 | EN25: 0 | EO25: 0 | EP25: 0 | EQ25: 0 | ER25: 0 | ES25: 0 | ET25: 0 | EU25: 0 | EV25: 0 | EW25: 0 | EX25: 0 | EY25: 0 | EZ25: 5 | FA25: 5 | FB25: 10 | FC25: 0 | FD25: 0 | FE25: 0 | FF25: 1 | FG25: 0 | FH25: 0 | FI25: 1 | FJ25: 0 | FK25: 0 | FL25: 0 | FM25: 1 | FN25: 1 | FO25: 2 | FP25: 0 | FQ25: 0 | FR25: 0 | FS25: 2 | FT25: 3 | FU25: 2 | FV25: 7 | FW25: 2 | FX25: 6 | FY25: 3 | FZ25: 3 | GA25: 0 | GB25: 19 | GC25: 9 | GD25: 28 | GE25: 0 | GF25: 0 | GG25: 0 | GH25: 5 | GI25: 3 | GJ25: 3 | GK25: 2 | GL25: 2 | GM25: 1 | GN25: 1 | GO25: 0 | GP25: 1 | GQ25: 6 | GR25: 12 | GS25: 18 | GT25: 0 | GU25: 0 | GV25: 0 | GW25: 0 | GX25: 0 | GY25: 0 | GZ25: 3 | HA25: 1 | HB25: 0 | HC25: 0 | HD25: 0 | HE25: 0 | HF25: 3 | HG25: 1 | HH25: 4 | HI25: 3 | HJ25: 2 | HK25: 1 | HL25: 0 | HM25: 0 | HN25: 0 | HO25: 1 | HP25: 2 | HQ25: 0 | HR25: 1 | HS25: 0 | HT25: 0 | HU25: 5 | HV25: 5 | HW25: 10 | HX25: 3 | HY25: 2 | HZ25: 2 | IA25: 4 | IB25: 6 | IC25: 8 | ID25: 5 | IE25: 12 | IF25: 3 | IG25: 6 | IH25: 0 | II25: 0 | IJ25: 19 | IK25: 32 | IL25: 51 | IM25: 0 | IN25: 0 | IO25: 0 | IP25: 0 | IQ25: 0 | IR25: 0 | IS25: 0 | IT25: 0 | IU25: 19 | IV25: 9 | IW25: 19 | IX25: 9 | IY25: 28 | IZ25: 0 | JA25: 0 | JB25: 0 | JC25: 0 | JD25: 0 | JE25: 0 | JF25: 0 | JG25: 0 | JH25: 6 | JI25: 12 | JJ25: 6 | JK25: 12 | JL25: 18 | JM25: 0 | JN25: 0 | JO25: 0 | JP25: 0 | JQ25: 0 | JR25: 0 | JS25: 1 | JT25: 1 | JU25: 2 | JV25: 0 | JW25: 3 | JX25: 1 | JY25: 4 | JZ25: 0 | KA25: 0 | KB25: 0 | KC25: 0 | KD25: 0 | KE25: 0 | KF25: 0 | KG25: 0 | KH25: 5 | KI25: 5 | KJ25: 5 | KK25: 5 | KL25: 10 | KM25: 2 | KN25: 1 | KO25: 2 | KP25: 0 | KQ25: 7 | KR25: 0 | KS25: 0 | KT25: 0 | KU25: 3 | KV25: 0 | KW25: 1 | KX25: 0 | KY25: 11 | KZ25: 3 | LA25: 0 | LB25: 0 | LC25: 17 | LD25: 20

Sheet 2015E
A1: Name | B1: Number of Organisations | C1: ID | D1: Fund | E1: reference number | F1: Staff Person | G1: Type | H1: Status | I1: Organisation Size | J1: award | K1: Programming | L1: request | M1: cost | N1: artform | O1: Qu1-01_PermanentStaff| Full-time Artist | Male | P1: Qu1-01_PermanentStaff| Full-time Artist | Female | Q1: Qu1-01_PermanentStaff| Part-time Artist | Male | R1: Qu1-01_PermanentStaff| Part-time Artist | Female | S1: Qu1-01_PermanentStaff| Full-time Managers | Male | T1: Qu1-01_PermanentStaff| Full-time Managers | Female | U1: Qu1-01_PermanentStaff| Part-time Managers | Male | V1: Qu1-01_PermanentStaff| Part-time Managers | Female | W1: Qu1-01_PermanentStaff| Full-time Other Staff | Male | X1: Qu1-01_PermanentStaff| Full-time Other Staff | Female | Y1: Qu1-01_PermanentStaff| Part-time Other Staff | Male | Z1: Qu1-01_PermanentStaff| Part-time Other Staff | Female | AA1: Qu1-01_PermanentStaff| Total | Male | AB1: Qu1-01_PermanentStaff| Total Female | AC1: Qu1-01_PermanentStaff| Total | AD1: Qu1-02_ContractStaff| Artistic Staff | Male | AE1: Qu1-02_ContractStaff| Artistic Staff | Female | AF1: Qu1-02_ContractStaff| Managers | Male | AG1: Qu1-02_ContractStaff| Managers | Female | AH1: Qu1-02_ContractStaff| Other Staff | Male | AI1: Qu1-02_ContractStaff| Other Staff | Female | AJ1: Qu1-02_ContractStaff| Total | Male | AK1: Qu1-02_ContractStaff| Total | Female | AL1: Qu1-02_ContractStaff| Total | AM1: Qu1-03_VolNumbers|Number of volunteers| Male | AN1: Qu1-03_VolNumbers|Number of volunteers| Female | AO1: Total volunteers | AP1: Qu1-04_Volhrs|Number of hours worked| Hours worked | AQ1: Qu1-05_Ethnicity| White |Board Members|Male | AR1: Qu1-05_Ethnicity| White |Board Members|Female | AS1: Qu1-05_Ethnicity| Irish Traveller |Board Members|Male | AT1: Qu1-05_Ethnicity| Irish Traveller |Board Members|Female | AU1: Qu1-05_Ethnicity| Chinese |Board Members|Male | AV1: Qu1-05_Ethnicity| Chinese |Board Members|Female | AW1: Qu1-05_Ethnicity| Indian |Board Members|Male | AX1: Qu1-05_Ethnicity| Indian |Board Members|Female | AY1: Qu1-05_Ethnicity| Pakistani |Board Members|Male | AZ1: Qu1-05_Ethnicity| Pakistani |Board Members|Female | BA1: Qu1-05_Ethnicity| Bangladeshi |Board Members|Male | BB1: Qu1-05_Ethnicity| Bangladeshi |Board Members|Female | BC1: Qu1-05_Ethnicity| Other Asian |Board Members|Male | BD1: Qu1-05_Ethnicity| Other Asian |Board Members|Female | BE1: Qu1-05_Ethnicity| Black Caribbean |Board Members|Male | BF1: Qu1-05_Ethnicity| Black Caribbean |Board Members|Female | BG1: Qu1-05_Ethnicity| Black African |Board Members|Male | BH1: Qu1-05_Ethnicity| Black African |Board Members|Female | BI1: Qu1-05_Ethnicity| Black Other |Board Members|Male | BJ1: Qu1-05_Ethnicity| Black Other |Board Members|Female | BK1: Qu1-05_Ethnicity| Mixed ethnic group |Board Members|Male | BL1: Qu1-05_Ethnicity| Mixed ethnic group |Board Members|Female | BM1: Qu1-05_Ethnicity| Other ethnic group |Board Members|Male | BN1: Qu1-05_Ethnicity| Other ethnic group |Board Members|Female | BO1: Qu1-05_Ethnicity| Unspecified or not collected |Board Members|Male | BP1: Qu1-05_Ethnicity| Unspecified or not collected |Board Members|Female | BQ1: Qu1-05_Ethnicity| Total |Board Members|Male | BR1: Qu1-05_Ethnicity| Total |Board Members | BS1: Qu1-05_Ethnicity| Total |Board Members | BT1: Qu1-05_Ethnicity| White |Artistic Staff|Male | BU1: Qu1-05_Ethnicity| White |Artistic Staff|Female | BV1: Qu1-05_Ethnicity| Irish Traveller |Artistic Staff|Male | BW1: Qu1-05_Ethnicity| Irish Traveller |Artistic Staff|Female | BX1: Qu1-05_Ethnicity| Chinese |Artistic Staff|Male | BY1: Qu1-05_Ethnicity| Chinese |Artistic Staff|Female | BZ1: Qu1-05_Ethnicity| Indian |Artistic Staff|Male | CA1: Qu1-05_Ethnicity| Indian |Artistic Staff|Female | CB1: Qu1-05_Ethnicity| Pakistani |Artistic Staff|Male | CC1: Qu1-05_Ethnicity| Pakistani |Artistic Staff|Female | CD1: Qu1-05_Ethnicity| Bangladeshi |Artistic Staff|Male | CE1: Qu1-05_Ethnicity| Bangladeshi |Artistic Staff|Female | CF1: Qu1-05_Ethnicity| Other Asian |Artistic Staff|Male | CG1: Qu1-05_Ethnicity| Other Asian |Artistic Staff|Female | CH1: Qu1-05_Ethnicity| Black Caribbean |Artistic Staff|Male | CI1: Qu1-05_Ethnicity| Black Caribbean |Artistic Staff|Female | CJ1: Qu1-05_Ethnicity| Black African |Artistic Staff|Male | CK1: Qu1-05_Ethnicity| Black African |Artistic Staff|Female | CL1: Qu1-05_Ethnicity| Black Other |Artistic Staff|Male | CM1: Qu1-05_Ethnicity| Black Other |Artistic Staff|Female | CN1: Qu1-05_Ethnicity| Mixed ethnic group |Artistic Staff|Male | CO1: Qu1-05_Ethnicity| Mixed ethnic group |Artistic Staff|Female | CP1: Qu1-05_Ethnicity| Other ethnic group |Artistic Staff|Male | CQ1: Qu1-05_Ethnicity| Other ethnic group |Artistic Staff|Female | CR1: Qu1-05_Ethnicity| Unspecified or not collected |Artistic Staff|Male | CS1: Qu1-05_Ethnicity| Unspecified or not collected |Artistic Staff|Female | CT1: Ethnicity Artistic Staff Total Male | CU1: Ethnicity Artistic Staff Total Female | CV1: Ethnicity Artistic Staff Total | CW1: Qu1-05_Ethnicity| White |Managers|Male | CX1: Qu1-05_Ethnicity| White |Managers|Female | CY1: Qu1-05_Ethnicity| Irish Traveller |Managers|Male | CZ1: Qu1-05_Ethnicity| Irish Traveller |Managers|Female | DA1: Qu1-05_Ethnicity| Chinese |Managers|Male | DB1: Qu1-05_Ethnicity| Chinese |Managers|Female | DC1: Qu1-05_Ethnicity| Indian |Managers|Male | DD1: Qu1-05_Ethnicity| Indian |Managers|Female | DE1: Qu1-05_Ethnicity| Pakistani |Managers|Male | DF1: Qu1-05_Ethnicity| Pakistani |Managers|Female | DG1: Qu1-05_Ethnicity| Bangladeshi |Managers|Male | DH1: Qu1-05_Ethnicity| Bangladeshi |Managers|Female | DI1: Qu1-05_Ethnicity| Other Asian |Managers|Male | DJ1: Qu1-05_Ethnicity| Other Asian |Managers|Female | DK1: Qu1-05_Ethnicity| Black Caribbean |Managers|Male | DL1: Qu1-05_Ethnicity| Black Caribbean |Managers|Female | DM1: Qu1-05_Ethnicity| Black African |Managers|Male | DN1: Qu1-05_Ethnicity| Black African |Managers|Female | DO1: Qu1-05_Ethnicity| Black Other |Managers|Male | DP1: Qu1-05_Ethnicity| Black Other |Managers|Female | DQ1: Qu1-05_Ethnicity| Mixed ethnic group |Managers|Male | DR1: Qu1-05_Ethnicity| Mixed ethnic group |Managers|Female | DS1: Qu1-05_Ethnicity| Other ethnic group |Managers|Male | DT1: Qu1-05_Ethnicity| Other ethnic group |Managers|Female | DU1: Qu1-05_Ethnicity| Unspecified or not collected |Managers|Male | DV1: Qu1-05_Ethnicity| Unspecified or not collected |Managers|Female | DW1: Qu1-05_Ethnicity| Total |Managers|Male | DX1: Qu1-05_Ethnicity| Total |Managers|Female | DY1: Qu1-05_Ethnicity| Total |Managers | DZ1: Qu1-05_Ethnicity| White |Other Staff|Male | EA1: Qu1-05_Ethnicity| White |Other Staff|Female | EB1: Qu1-05_Ethnicity| Irish Traveller |Other Staff|Male | EC1: Qu1-05_Ethnicity| Irish Traveller |Other Staff|Female | ED1: Qu1-05_Ethnicity| Chinese |Other Staff|Male | EE1: Qu1-05_Ethnicity| Chinese |Other Staff|Female | EF1: Qu1-05_Ethnicity| Indian |Other Staff|Male | EG1: Qu1-05_Ethnicity| Indian |Other Staff|Female | EH1: Qu1-05_Ethnicity| Pakistani |Other Staff|Male | EI1: Qu1-05_Ethnicity| Pakistani |Other Staff|Female | EJ1: Qu1-05_Ethnicity| Bangladeshi |Other Staff|Male | EK1: Qu1-05_Ethnicity| Bangladeshi |Other Staff|Female | EL1: Qu1-05_Ethnicity| Other Asian |Other Staff|Male | EM1: Qu1-05_Ethnicity| Other Asian |Other Staff|Female | EN1: Qu1-05_Ethnicity| Black Caribbean |Other Staff|Male | EO1: Qu1-05_Ethnicity| Black Caribbean |Other Staff|Female | EP1: Qu1-05_Ethnicity| Black African |Other Staff|Male | EQ1: Qu1-05_Ethnicity| Black African |Other Staff|Female | ER1: Qu1-05_Ethnicity| Black Other |Other Staff|Male | ES1: Qu1-05_Ethnicity| Black Other |Other Staff|Female | ET1: Qu1-05_Ethnicity| Mixed ethnic group |Other Staff|Male | EU1: Qu1-05_Ethnicity| Mixed ethnic group |Other Staff|Female | EV1: Qu1-05_Ethnicity| Other ethnic group |Other Staff|Male | EW1: Qu1-05_Ethnicity| Other ethnic group |Other Staff|Female | EX1: Qu1-05_Ethnicity| Unspecified or not collected |Other Staff|Male | EY1: Qu1-05_Ethnicity| Unspecified or not collected |Other Staff|Female | EZ1: Qu1-05_Ethnicity| Total |Other Staff|Male | FA1: Qu1-05_Ethnicity| Total |Other Staff | FB1: Qu1-05_Ethnicity| Total |Other Staff|Female | FC1: Qu1-06_Disability| Board Members |Male | FD1: Qu1-06_Disability| Board Members |Female | FE1: Qu1-06_Disability| Artistic Staff |Male | FF1: Qu1-06_Disability| Artistic Staff |Female | FG1: Qu1-06_Disability| Managers |Male | FH1: Qu1-06_Disability| Managers |Female | FI1: Qu1-06_Disability| Other Staff |Male | FJ1: Qu1-06_Disability| Other Staff |Female | FK1: Qu1-06_Disability| Volunteers |Male | FL1: Qu1-06_Disability| Volunteers |Female | FM1: Qu1-06_Disability| Totals |Male | FN1: Qu1-06_Disability| Totals | FO1: Qu1-06_Disability| Totals |Female | FP1: Qu1-07_Age| Board Members |16 to 24 years|Male | FQ1: Qu1-07_Age| Board Members |16 to 24 years|Female | FR1: Qu1-07_Age| Board Members |25 to 34 years|Male | FS1: Qu1-07_Age| Board Members |25 to 34 years|Female | FT1: Qu1-07_Age| Board Members |35 to 44 years|Male | FU1: Qu1-07_Age| Board Members |35 to 44 years|Female | FV1: Qu1-07_Age| Board Members |45 to 54 years|Male | FW1: Qu1-07_Age| Board Members |45 to 54 years|Female | FX1: Qu1-07_Age| Board Members |55 to 64 years|Male | FY1: Qu1-07_Age| Board Members |55 to 64 years|Female | FZ1: Qu1-07_Age| Board Members |65+ years|Male | GA1: Qu1-07_Age| Board Members |65+ years|Female | GB1: Qu1-07_Age| Board Members |Female | GC1: Qu1-07_Age| Board Members |Male | GD1: Qu1-07_Age| Board Members | GE1: Qu1-07_Age| Artistic Staff |16 to 24 years|Male | GF1: Qu1-07_Age| Artistic Staff |16 to 24 years|Female | GG1: Qu1-07_Age| Artistic Staff |25 to 34 years|Male | GH1: Qu1-07_Age| Artistic Staff |25 to 34 years|Female | GI1: Qu1-07_Age| Artistic Staff |35 to 44 years|Male | GJ1: Qu1-07_Age| Artistic Staff |35 to 44 years|Female | GK1: Qu1-07_Age| Artistic Staff |45 to 54 years|Male | GL1: Qu1-07_Age| Artistic Staff |45 to 54 years|Female | GM1: Qu1-07_Age| Artistic Staff |55 to 64 years|Male | GN1: Qu1-07_Age| Artistic Staff |55 to 64 years|Female | GO1: Qu1-07_Age| Artistic Staff |65+ years|Male | GP1: Qu1-07_Age| Artistic Staff |65+ years|Female | GQ1: Qu1-07_Age| Artistic Staff |Female | GR1: Qu1-07_Age| Artistic Staff |Male | GS1: Qu1-07_Age| Artistic Staff | GT1: Qu1-07_Age| Managers |16 to 24 years|Male | GU1: Qu1-07_Age| Managers |16 to 24 years|Female | GV1: Qu1-07_Age| Managers |25 to 34 years|Male | GW1: Qu1-07_Age| Managers |25 to 34 years|Female | GX1: Qu1-07_Age| Managers |35 to 44 years|Male | GY1: Qu1-07_Age| Managers |35 to 44 years|Female | GZ1: Qu1-07_Age| Managers |45 to 54 years|Male | HA1: Qu1-07_Age| Managers |45 to 54 years|Female | HB1: Qu1-07_Age| Managers |55 to 64 years|Male | HC1: Qu1-07_Age| Managers |55 to 64 years|Female | HD1: Qu1-07_Age| Managers |65+ years|Male | HE1: Qu1-07_Age| Managers |65+ years|Female | HF1: Qu1-07_Age| Managers |Female | HG1: Qu1-07_Age| Managers |Male | HH1: Qu1-07_Age| Managers | HI1: Qu1-07_Age| Other Staff |16 to 24 years|Male | HJ1: Qu1-07_Age| Other Staff |16 to 24 years|Female | HK1: Qu1-07_Age| Other Staff |25 to 34 years|Male | HL1: Qu1-07_Age| Other Staff |25 to 34 years|Female | HM1: Qu1-07_Age| Other Staff |35 to 44 years|Male | HN1: Qu1-07_Age| Other Staff |35 to 44 years|Female | HO1: Qu1-07_Age| Other Staff |45 to 54 years|Male | HP1: Qu1-07_Age| Other Staff |45 to 54 years|Female | HQ1: Qu1-07_Age| Other Staff |55 to 64 years|Male | HR1: Qu1-07_Age| Other Staff |55 to 64 years|Female | HS1: Qu1-07_Age| Other Staff |65+ years|Male | HT1: Qu1-07_Age| Other Staff |65+ years|Female | HU1: Qu1-07_Age| Other Staff |Female | HV1: Qu1-07_Age| Other Staff |Male | HW1: Qu1-07_Age| Other Staff | HX1: Qu1-07_Age| Volunteers |16 to 24 years|Male | HY1: Qu1-07_Age| Volunteers |16 to 24 years|Female | HZ1: Qu1-07_Age| Volunteers |25 to 34 years|Male | IA1: Qu1-07_Age| Volunteers |25 to 34 years|Female | IB1: Qu1-07_Age| Volunteers |35 to 44 years|Male | IC1: Qu1-07_Age| Volunteers |35 to 44 years|Female | ID1: Qu1-07_Age| Volunteers |45 to 54 years|Male | IE1: Qu1-07_Age| Volunteers |45 to 54 years|Female | IF1: Qu1-07_Age| Volunteers |55 to 64 years|Male | IG1: Qu1-07_Age| Volunteers |55 to 64 years|Female | IH1: Qu1-07_Age| Volunteers |65+ years|Male | II1: Qu1-07_Age| Volunteers |65+ years|Female | IJ1: Qu1-07_Age| Volunteers |Female | IK1: Qu1-07_Age| Volunteers |Male | IL1: Qu1-07_Age| Volunteers | IM1: Qu1-08_Religion| Roman Catholic |Board Members|Male | IN1: Qu1-08_Religion| Roman Catholic |Board Members|Female | IO1: Qu1-08_Religion| Protestant |Board Members|Male | IP1: Qu1-08_Religion| Protestant |Board Members|Female | IQ1: Qu1-08_Religion| Other Religious Faith |Board Members|Male | IR1: Qu1-08_Religion| Other Religious Faith |Board Members|Female | IS1: Qu1-08_Religion| None |Board Members|Male | IT1: Qu1-08_Religion| None |Board Members|Female | IU1: Qu1-08_Religion| Unspecified or Not Collected |Board Members|Male | IV1: Qu1-08_Religion| Unspecified or Not Collected |Board Members|Female | IW1: Qu1-08_Religion| Totals |Board Members|Male | IX1: Qu1-08_Religion| Totals |Board Members|Female | IY1: Qu1-08_Religion| Totals |Board Members| | IZ1: Qu1-08_Religion| Roman Catholic |Artistic Staff|Male | JA1: Qu1-08_Religion| Roman Catholic |Artistic Staff|Female | JB1: Qu1-08_Religion| Protestant |Artistic Staff|Male | JC1: Qu1-08_Religion| Protestant |Artistic Staff|Female | JD1: Qu1-08_Religion| Other Religious Faith |Artistic Staff|Male | JE1: Qu1-08_Religion| Other Religious Faith |Artistic Staff|Female | JF1: Qu1-08_Religion| None |Artistic Staff|Male | JG1: Qu1-08_Religion| None |Artistic Staff|Female | JH1: Qu1-08_Religion| Unspecified or Not Collected |Artistic Staff|Male | JI1: Qu1-08_Religion| Unspecified or Not Collected |Artistic Staff|Female | JJ1: Qu1-08_Religion| Totals |Artistic Staff|Male | JK1: Qu1-08_Religion| Totals |Artistic Staff | JL1: Qu1-08_Religion| Totals |Artistic Staff | JM1: Qu1-08_Religion| Roman Catholic |Managers|Male | JN1: Qu1-08_Religion| Roman Catholic |Managers|Female | JO1: Qu1-08_Religion| Protestant |Managers|Male | JP1: Qu1-08_Religion| Protestant |Managers|Female | JQ1: Qu1-08_Religion| Other Religious Faith |Managers|Male | JR1: Qu1-08_Religion| Other Religious Faith |Managers|Female | JS1: Qu1-08_Religion| None |Managers|Male | JT1: Qu1-08_Religion| None |Managers|Female | JU1: Qu1-08_Religion| Unspecified or Not Collected |Managers|Male | JV1: Qu1-08_Religion| Unspecified or Not Collected |Managers|Female | JW1: Qu1-08_Religion| Totals |Managers|Male | JX1: Qu1-08_Religion| Totals |Managers|Female | JY1: Qu1-08_Religion| Totals |Managers | JZ1: Qu1-08_Religion| Roman Catholic |Other Staff|Male | KA1: Qu1-08_Religion| Roman Catholic |Other Staff|Female | KB1: Qu1-08_Religion| Protestant |Other Staff|Male | KC1: Qu1-08_Religion| Protestant |Other Staff|Female | KD1: Qu1-08_Religion| Other Religious Faith |Other Staff|Male | KE1: Qu1-08_Religion| Other Religious Faith |Other Staff|Female | KF1: Qu1-08_Religion| None |Other Staff|Male | KG1: Qu1-08_Religion| None |Other Staff|Female | KH1: Qu1-08_Religion| Unspecified or Not Collected |Other Staff|Male | KI1: Qu1-08_Religion| Unspecified or Not Collected |Other Staff|Female | KJ1: Qu1-08_Religion| Totals |Other Staff|Male | KK1: Qu1-08_Religion| Totals |Other Staff|Female | KL1: Qu1-08_Religion| Totals |Other Staff | KM1: xxxQu1-09_CDPExists| Yes | KN1: xxxQu1-09_CDPExists| No | KO1: Qu1-09_CDPOffered| Yes | KP1: Qu1-09_CDPOffered| No | KQ1: Qu1-10_CDPCourses| Leadership, management &amp; business skills |Number | KR1: Qu1-10_CDPCourses| Personal, effectiveness &amp; behavioural skills |Number | KS1: Qu1-10_CDPCourses| Performance &amp; reward skills |Number | KT1: Qu1-10_CDPCourses| Human resources |Number | KU1: Qu1-10_CDPCourses| Learning &amp; development |Number | KV1: Qu1-10_CDPCourses| Organisation, development &amp; design |Number | KW1: Qu1-10_CDPCourses| Artistic practice |Number | KX1: Qu1-10_CDPCourses| Other types of continuous professional development |Number | KY1: Courses total | KZ1: Qu1-11_Apprenticeships| Paid internships |Total Number | LA1: Qu1-11_Apprenticeships| Formal apprenticeships |Total Number | LB1: Qu1-11_Apprenticeships| Unaccredited apprenticeships |Total Number | LC1: Qu1-11_Apprenticeships| Work experience for students at school or in further/higher education |Total Number | LD1: Apprenticeship total | LE1: Homebase | LF1: Homebase_all other
A2: All organisations | B2: 109 | C2: 0 | D2: 0 | E2: 0 | F2: 0 | G2: 0 | H2: 0 | I2: 0 | J2: 13541192 | K2: 0 | L2: 0 | M2: 0 | N2: 0 | O2: 73 | P2: 48.5 | Q2: 13 | R2: 23 | S2: 80 | T2: 106.5 | U2: 14 | V2: 33 | W2: 89.5 | X2: 97.5 | Y2: 134 | Z2: 240 | AA2: 403.5 | AB2: 548.5 | AC2: 952 | AD2: 2537 | AE2: 2411 | AF2: 44 | AG2: 80.5 | AH2: 362 | AI2: 348 | AJ2: 2943 | AK2: 2839.5 | AL2: 5782.5 | AM2: 2649 | AN2: 3177 | AO2: 5826 | AP2: 82470.5 | AQ2: 399 | AR2: 347 | AS2: 0 | AT2: 1 | AU2: 0 | AV2: 0 | AW2: 3 | AX2: 3 | AY2: 0 | AZ2: 0 | BA2: 0 | BB2: 0 | BC2: 0 | BD2: 0 | BE2: 0 | BF2: 0 | BG2: 1 | BH2: 0 | BI2: 0 | BJ2: 0 | BK2: 1 | BL2: 2 | BM2: 1 | BN2: 4 | BO2: 22 | BP2: 20 | BQ2: 427 | BR2: 377 | BS2: 804 | BT2: 1336 | BU2: 1221.5 | BV2: 0 | BW2: 1 | BX2: 2 | BY2: 7 | BZ2: 2 | CA2: 7 | CB2: 0 | CC2: 1 | CD2: 0 | CE2: 0 | CF2: 2 | CG2: 1 | CH2: 1 | CI2: 0 | CJ2: 5 | CK2: 0 | CL2: 2 | CM2: 1 | CN2: 1 | CO2: 4 | CP2: 10 | CQ2: 27 | CR2: 619 | CS2: 389 | CT2: 1980 | CU2: 1659.5 | CV2: 3639.5 | CW2: 105.5 | CX2: 191.5 | CY2: 0 | CZ2: 0 | DA2: 0 | DB2: 0 | DC2: 1 | DD2: 1 | DE2: 0 | DF2: 0 | DG2: 0 | DH2: 1 | DI2: 0 | DJ2: 0 | DK2: 0 | DL2: 0 | DM2: 0 | DN2: 0 | DO2: 0 | DP2: 0 | DQ2: 0 | DR2: 0 | DS2: 0 | DT2: 0 | DU2: 1.5 | DV2: 3.5 | DW2: 108 | DX2: 197 | DY2: 305 | DZ2: 417 | EA2: 472 | EB2: 0 | EC2: 0 | ED2: 1 | EE2: 0 | EF2: 2 | EG2: 0 | EH2: 0 | EI2: 0 | EJ2: 0 | EK2: 0 | EL2: 0 | EM2: 0 | EN2: 0 | EO2: 2 | EP2: 0 | EQ2: 1 | ER2: 0 | ES2: 0 | ET2: 1 | EU2: 1 | EV2: 1 | EW2: 2 | EX2: 214 | EY2: 103 | EZ2: 636 | FA2: 581 | FB2: 1217 | FC2: 31 | FD2: 32 | FE2: 9 | FF2: 14 | FG2: 5 | FH2: 4 | FI2: 67 | FJ2: 55 | FK2: 37 | FL2: 49 | FM2: 149 | FN2: 154 | FO2: 303 | FP2: 5 | FQ2: 1 | FR2: 29 | FS2: 49 | FT2: 82 | FU2: 103 | FV2: 130 | FW2: 138 | FX2: 122 | FY2: 58 | FZ2: 71 | GA2: 19 | GB2: 439 | GC2: 368 | GD2: 807 | GE2: 301 | GF2: 294 | GG2: 684 | GH2: 694 | GI2: 449 | GJ2: 340 | GK2: 253 | GL2: 164.5 | GM2: 175 | GN2: 59 | GO2: 37 | GP2: 23 | GQ2: 1899 | GR2: 1574.5 | GS2: 3473.5 | GT2: 6 | GU2: 11 | GV2: 16.5 | GW2: 47.5 | GX2: 37 | GY2: 68 | GZ2: 27 | HA2: 37 | HB2: 16 | HC2: 14 | HD2: 0 | HE2: 1 | HF2: 102.5 | HG2: 178.5 | HH2: 281 | HI2: 50 | HJ2: 71 | HK2: 237 | HL2: 241 | HM2: 176 | HN2: 144 | HO2: 80 | HP2: 70 | HQ2: 41 | HR2: 29 | HS2: 5 | HT2: 10 | HU2: 589 | HV2: 565 | HW2: 1154 | HX2: 235 | HY2: 280 | HZ2: 230 | IA2: 346 | IB2: 206 | IC2: 311 | ID2: 252 | IE2: 336 | IF2: 267 | IG2: 212 | IH2: 184 | II2: 108 | IJ2: 1374 | IK2: 1593 | IL2: 2967 | IM2: 64 | IN2: 81 | IO2: 48 | IP2: 50 | IQ2: 3 | IR2: 3 | IS2: 16 | IT2: 17 | IU2: 260 | IV2: 205 | IW2: 391 | IX2: 356 | IY2: 747 | IZ2: 115 | JA2: 107 | JB2: 43 | JC2: 40 | JD2: 6 | JE2: 5 | JF2: 23 | JG2: 24 | JH2: 1959 | JI2: 1602 | JJ2: 2146 | JK2: 1778 | JL2: 3924 | JM2: 29 | JN2: 50 | JO2: 22 | JP2: 20 | JQ2: 0 | JR2: 0 | JS2: 6 | JT2: 12 | JU2: 49.5 | JV2: 104 | JW2: 106.5 | JX2: 186 | JY2: 292.5 | JZ2: 132 | KA2: 183 | KB2: 79 | KC2: 74 | KD2: 0 | KE2: 0 | KF2: 8 | KG2: 15 | KH2: 384 | KI2: 314 | KJ2: 603 | KK2: 586 | KL2: 1189 | KM2: 0 | KN2: 0 | KO2: 98 | KP2: 10 | KQ2: 229 | KR2: 139 | KS2: 138 | KT2: 105 | KU2: 367 | KV2: 188 | KW2: 478 | KX2: 318 | KY2: 1962 | KZ2: 51 | LA2: 11 | LB2: 35 | LC2: 356 | LD2: 402
A3: Small | B3: 54 | C3: 0 | D3: 0 | E3: 0 | F3: 0 | G3: 0 | H3: 0 | I3: 0 | J3: 2996364 | K3: 0 | L3: 0 | M3: 0 | N3: 0 | O3: 8 | P3: 4 | Q3: 5 | R3: 5 | S3: 15 | T3: 19 | U3: 5 | V3: 15 | W3: 1.5 | X3: 8.5 | Y3: 9 | Z3: 25 | AA3: 43.5 | AB3: 76.5 | AC3: 120 | AD3: 925 | AE3: 754 | AF3: 12 | AG3: 13.5 | AH3: 141 | AI3: 127 | AJ3: 1078 | AK3: 894.5 | AL3: 1972.5 | AM3: 1129 | AN3: 875 | AO3: 2004 | AP3: 22809 | AQ3: 160 | AR3: 161 | AS3: 0 | AT3: 1 | AU3: 0 | AV3: 0 | AW3: 0 | AX3: 2 | AY3: 0 | AZ3: 0 | BA3: 0 | BB3: 0 | BC3: 0 | BD3: 0 | BE3: 0 | BF3: 0 | BG3: 1 | BH3: 0 | BI3: 0 | BJ3: 0 | BK3: 0 | BL3: 0 | BM3: 0 | BN3: 3 | BO3: 22 | BP3: 20 | BQ3: 183 | BR3: 187 | BS3: 370 | BT3: 661 | BU3: 502 | BV3: 0 | BW3: 0 | BX3: 0 | BY3: 1 | BZ3: 0 | CA3: 0 | CB3: 0 | CC3: 0 | CD3: 0 | CE3: 0 | CF3: 2 | CG3: 0 | CH3: 1 | CI3: 0 | CJ3: 0 | CK3: 0 | CL3: 1 | CM3: 1 | CN3: 0 | CO3: 1 | CP3: 2 | CQ3: 5 | CR3: 79 | CS3: 55 | CT3: 746 | CU3: 565 | CV3: 1311 | CW3: 16.5 | CX3: 36 | CY3: 0 | CZ3: 0 | DA3: 0 | DB3: 0 | DC3: 0 | DD3: 0 | DE3: 0 | DF3: 0 | DG3: 0 | DH3: 1 | DI3: 0 | DJ3: 0 | DK3: 0 | DL3: 0 | DM3: 0 | DN3: 0 | DO3: 0 | DP3: 0 | DQ3: 0 | DR3: 0 | DS3: 0 | DT3: 0 | DU3: 1.5 | DV3: 3.5 | DW3: 18 | DX3: 40.5 | DY3: 58.5 | DZ3: 167 | EA3: 138 | EB3: 0 | EC3: 0 | ED3: 1 | EE3: 0 | EF3: 0 | EG3: 0 | EH3: 0 | EI3: 0 | EJ3: 0 | EK3: 0 | EL3: 0 | EM3: 0 | EN3: 0 | EO3: 2 | EP3: 0 | EQ3: 0 | ER3: 0 | ES3: 0 | ET3: 0 | EU3: 0 | EV3: 1 | EW3: 2 | EX3: 35 | EY3: 26 | EZ3: 204 | FA3: 168 | FB3: 372 | FC3: 25 | FD3: 26 | FE3: 9 | FF3: 11 | FG3: 3 | FH3: 4 | FI3: 58 | FJ3: 50 | FK3: 22 | FL3: 38 | FM3: 117 | FN3: 129 | FO3: 246 | FP3: 4 | FQ3: 1 | FR3: 14 | FS3: 24 | FT3: 40 | FU3: 48 | FV3: 42 | FW3: 68 | FX3: 45 | FY3: 28 | FZ3: 40 | GA3: 9 | GB3: 185 | GC3: 178 | GD3: 363 | GE3: 54 | GF3: 107 | GG3: 287 | GH3: 292 | GI3: 130 | GJ3: 122 | GK3: 120 | GL3: 64 | GM3: 99 | GN3: 27 | GO3: 27 | GP3: 8 | GQ3: 717 | GR3: 620 | GS3: 1337 | GT3: 1 | GU3: 0 | GV3: 2.5 | GW3: 7.5 | GX3: 9 | GY3: 13 | GZ3: 5 | HA3: 13.5 | HB3: 6 | HC3: 6 | HD3: 0 | HE3: 0 | HF3: 23.5 | HG3: 40 | HH3: 63.5 | HI3: 11 | HJ3: 9 | HK3: 28 | HL3: 33 | HM3: 25 | HN3: 23 | HO3: 23 | HP3: 17 | HQ3: 1 | HR3: 4 | HS3: 4 | HT3: 1 | HU3: 92 | HV3: 87 | HW3: 179 | HX3: 130 | HY3: 130 | HZ3: 83 | IA3: 105 | IB3: 103 | IC3: 162 | ID3: 179 | IE3: 218 | IF3: 220 | IG3: 146 | IH3: 162 | II3: 75 | IJ3: 877 | IK3: 836 | IL3: 1713 | IM3: 21 | IN3: 33 | IO3: 19 | IP3: 23 | IQ3: 1 | IR3: 1 | IS3: 5 | IT3: 10 | IU3: 127 | IV3: 107 | IW3: 173 | IX3: 174 | IY3: 347 | IZ3: 50 | JA3: 48 | JB3: 7 | JC3: 7 | JD3: 1 | JE3: 1 | JF3: 11 | JG3: 2 | JH3: 750 | JI3: 574 | JJ3: 819 | JK3: 632 | JL3: 1451 | JM3: 3 | JN3: 5 | JO3: 4 | JP3: 5 | JQ3: 0 | JR3: 0 | JS3: 2 | JT3: 6 | JU3: 14.5 | JV3: 25 | JW3: 23.5 | JX3: 41 | JY3: 64.5 | JZ3: 9 | KA3: 14 | KB3: 25 | KC3: 6 | KD3: 0 | KE3: 0 | KF3: 2 | KG3: 4 | KH3: 114 | KI3: 106 | KJ3: 150 | KK3: 130 | KL3: 280 | KM3: 0 | KN3: 0 | KO3: 48 | KP3: 5 | KQ3: 79 | KR3: 46 | KS3: 14 | KT3: 30 | KU3: 168 | KV3: 88 | KW3: 216 | KX3: 133 | KY3: 774 | KZ3: 12 | LA3: 1 | LB3: 6 | LC3: 76 | LD3: 83
A4: Medium | B4: 47 | C4: 0 | D4: 0 | E4: 0 | F4: 0 | G4: 0 | H4: 0 | I4: 0 | J4: 5919770 | K4: 0 | L4: 0 | M4: 0 | N4: 0 | O4: 18 | P4: 18.5 | Q4: 1 | R4: 15 | S4: 30 | T4: 55.5 | U4: 3 | V4: 18 | W4: 28 | X4: 36 | Y4: 38 | Z4: 55 | AA4: 118 | AB4: 198 | AC4: 316 | AD4: 1308 | AE4: 1359 | AF4: 22 | AG4: 65 | AH4: 183 | AI4: 181 | AJ4: 1513 | AK4: 1605 | AL4: 3118 | AM4: 1363 | AN4: 2055 | AO4: 3418 | AP4: 52511.5 | AQ4: 194 | AR4: 164 | AS4: 0 | AT4: 0 | AU4: 0 | AV4: 0 | AW4: 3 | AX4: 1 | AY4: 0 | AZ4: 0 | BA4: 0 | BB4: 0 | BC4: 0 | BD4: 0 | BE4: 0 | BF4: 0 | BG4: 0 | BH4: 0 | BI4: 0 | BJ4: 0 | BK4: 1 | BL4: 2 | BM4: 0 | BN4: 1 | BO4: 0 | BP4: 0 | BQ4: 198 | BR4: 168 | BS4: 366 | BT4: 621 | BU4: 693.5 | BV4: 0 | BW4: 1 | BX4: 2 | BY4: 6 | BZ4: 2 | CA4: 7 | CB4: 0 | CC4: 1 | CD4: 0 | CE4: 0 | CF4: 0 | CG4: 1 | CH4: 0 | CI4: 0 | CJ4: 5 | CK4: 0 | CL4: 1 | CM4: 0 | CN4: 1 | CO4: 3 | CP4: 8 | CQ4: 22 | CR4: 540 | CS4: 334 | CT4: 1180 | CU4: 1068.5 | CV4: 2248.5 | CW4: 50 | CX4: 125.5 | CY4: 0 | CZ4: 0 | DA4: 0 | DB4: 0 | DC4: 1 | DD4: 1 | DE4: 0 | DF4: 0 | DG4: 0 | DH4: 0 | DI4: 0 | DJ4: 0 | DK4: 0 | DL4: 0 | DM4: 0 | DN4: 0 | DO4: 0 | DP4: 0 | DQ4: 0 | DR4: 0 | DS4: 0 | DT4: 0 | DU4: 0 | DV4: 0 | DW4: 51 | DX4: 126.5 | DY4: 177.5 | DZ4: 99 | EA4: 145 | EB4: 0 | EC4: 0 | ED4: 0 | EE4: 0 | EF4: 2 | EG4: 0 | EH4: 0 | EI4: 0 | EJ4: 0 | EK4: 0 | EL4: 0 | EM4: 0 | EN4: 0 | EO4: 0 | EP4: 0 | EQ4: 0 | ER4: 0 | ES4: 0 | ET4: 0 | EU4: 1 | EV4: 0 | EW4: 0 | EX4: 179 | EY4: 77 | EZ4: 280 | FA4: 223 | FB4: 503 | FC4: 6 | FD4: 6 | FE4: 0 | FF4: 3 | FG4: 1 | FH4: 0 | FI4: 5 | FJ4: 3 | FK4: 8 | FL4: 8 | FM4: 20 | FN4: 20 | FO4: 40 | FP4: 1 | FQ4: 0 | FR4: 12 | FS4: 25 | FT4: 37 | FU4: 52 | FV4: 77 | FW4: 57 | FX4: 55 | FY4: 24 | FZ4: 24 | GA4: 10 | GB4: 206 | GC4: 168 | GD4: 374 | GE4: 247 | GF4: 187 | GG4: 386 | GH4: 392 | GI4: 300 | GJ4: 209 | GK4: 116 | GL4: 91.5 | GM4: 62 | GN4: 31 | GO4: 10 | GP4: 15 | GQ4: 1121 | GR4: 925.5 | GS4: 2046.5 | GT4: 4 | GU4: 11 | GV4: 9 | GW4: 34 | GX4: 11 | GY4: 40 | GZ4: 12 | HA4: 15.5 | HB4: 8 | HC4: 7 | HD4: 0 | HE4: 0 | HF4: 44 | HG4: 107.5 | HH4: 151.5 | HI4: 15 | HJ4: 12 | HK4: 131 | HL4: 111 | HM4: 103 | HN4: 71 | HO4: 36 | HP4: 29 | HQ4: 25 | HR4: 12 | HS4: 0 | HT4: 3 | HU4: 310 | HV4: 238 | HW4: 548 | HX4: 68 | HY4: 100 | HZ4: 103 | IA4: 185 | IB4: 83 | IC4: 128 | ID4: 52 | IE4: 98 | IF4: 32 | IG4: 57 | IH4: 22 | II4: 31 | IJ4: 360 | IK4: 599 | IL4: 959 | IM4: 23 | IN4: 33 | IO4: 24 | IP4: 24 | IQ4: 2 | IR4: 2 | IS4: 10 | IT4: 7 | IU4: 112 | IV4: 94 | IW4: 171 | IX4: 160 | IY4: 331 | IZ4: 49 | JA4: 51 | JB4: 24 | JC4: 25 | JD4: 5 | JE4: 4 | JF4: 12 | JG4: 22 | JH4: 1183 | JI4: 1018 | JJ4: 1273 | JK4: 1120 | JL4: 2393 | JM4: 4 | JN4: 23 | JO4: 8 | JP4: 10 | JQ4: 0 | JR4: 0 | JS4: 1 | JT4: 6 | JU4: 31 | JV4: 72 | JW4: 44 | JX4: 111 | JY4: 155 | JZ4: 14 | KA4: 29 | KB4: 13 | KC4: 23 | KD4: 0 | KE4: 0 | KF4: 3 | KG4: 6 | KH4: 232 | KI4: 162 | KJ4: 262 | KK4: 220 | KL4: 482 | KM4: 0 | KN4: 0 | KO4: 43 | KP4: 4 | KQ4: 95 | KR4: 63 | KS4: 24 | KT4: 39 | KU4: 125 | KV4: 99 | KW4: 246 | KX4: 158 | KY4: 849 | KZ4: 26 | LA4: 9 | LB4: 29 | LC4: 206 | LD4: 244
A5: Large | B5: 8 | C5: 0 | D5: 0 | E5: 0 | F5: 0 | G5: 0 | H5: 0 | I5: 0 | J5: 4625058 | K5: 0 | L5: 0 | M5: 0 | N5: 0 | O5: 47 | P5: 26 | Q5: 7 | R5: 3 | S5: 35 | T5: 32 | U5: 6 | V5: 0 | W5: 60 | X5: 53 | Y5: 87 | Z5: 160 | AA5: 242 | AB5: 274 | AC5: 516 | AD5: 304 | AE5: 298 | AF5: 10 | AG5: 2 | AH5: 38 | AI5: 40 | AJ5: 352 | AK5: 340 | AL5: 692 | AM5: 157 | AN5: 247 | AO5: 404 | AP5: 7150 | AQ5: 45 | AR5: 22 | AS5: 0 | AT5: 0 | AU5: 0 | AV5: 0 | AW5: 0 | AX5: 0 | AY5: 0 | AZ5: 0 | BA5: 0 | BB5: 0 | BC5: 0 | BD5: 0 | BE5: 0 | BF5: 0 | BG5: 0 | BH5: 0 | BI5: 0 | BJ5: 0 | BK5: 0 | BL5: 0 | BM5: 1 | BN5: 0 | BO5: 0 | BP5: 0 | BQ5: 46 | BR5: 22 | BS5: 68 | BT5: 54 | BU5: 26 | BV5: 0 | BW5: 0 | BX5: 0 | BY5: 0 | BZ5: 0 | CA5: 0 | CB5: 0 | CC5: 0 | CD5: 0 | CE5: 0 | CF5: 0 | CG5: 0 | CH5: 0 | CI5: 0 | CJ5: 0 | CK5: 0 | CL5: 0 | CM5: 0 | CN5: 0 | CO5: 0 | CP5: 0 | CQ5: 0 | CR5: 0 | CS5: 0 | CT5: 54 | CU5: 26 | CV5: 80 | CW5: 39 | CX5: 30 | CY5: 0 | CZ5: 0 | DA5: 0 | DB5: 0 | DC5: 0 | DD5: 0 | DE5: 0 | DF5: 0 | DG5: 0 | DH5: 0 | DI5: 0 | DJ5: 0 | DK5: 0 | DL5: 0 | DM5: 0 | DN5: 0 | DO5: 0 | DP5: 0 | DQ5: 0 | DR5: 0 | DS5: 0 | DT5: 0 | DU5: 0 | DV5: 0 | DW5: 39 | DX5: 30 | DY5: 69 | DZ5: 151 | EA5: 189 | EB5: 0 | EC5: 0 | ED5: 0 | EE5: 0 | EF5: 0 | EG5: 0 | EH5: 0 | EI5: 0 | EJ5: 0 | EK5: 0 | EL5: 0 | EM5: 0 | EN5: 0 | EO5: 0 | EP5: 0 | EQ5: 1 | ER5: 0 | ES5: 0 | ET5: 1 | EU5: 0 | EV5: 0 | EW5: 0 | EX5: 0 | EY5: 0 | EZ5: 152 | FA5: 190 | FB5: 342 | FC5: 0 | FD5: 0 | FE5: 0 | FF5: 0 | FG5: 1 | FH5: 0 | FI5: 4 | FJ5: 2 | FK5: 7 | FL5: 3 | FM5: 12 | FN5: 5 | FO5: 17 | FP5: 0 | FQ5: 0 | FR5: 3 | FS5: 0 | FT5: 5 | FU5: 3 | FV5: 11 | FW5: 13 | FX5: 22 | FY5: 6 | FZ5: 7 | GA5: 0 | GB5: 48 | GC5: 22 | GD5: 70 | GE5: 0 | GF5: 0 | GG5: 11 | GH5: 10 | GI5: 19 | GJ5: 9 | GK5: 17 | GL5: 9 | GM5: 14 | GN5: 1 | GO5: 0 | GP5: 0 | GQ5: 61 | GR5: 29 | GS5: 90 | GT5: 1 | GU5: 0 | GV5: 5 | GW5: 6 | GX5: 17 | GY5: 15 | GZ5: 10 | HA5: 8 | HB5: 2 | HC5: 1 | HD5: 0 | HE5: 1 | HF5: 35 | HG5: 31 | HH5: 66 | HI5: 24 | HJ5: 50 | HK5: 78 | HL5: 97 | HM5: 48 | HN5: 50 | HO5: 21 | HP5: 24 | HQ5: 15 | HR5: 13 | HS5: 1 | HT5: 6 | HU5: 187 | HV5: 240 | HW5: 427 | HX5: 37 | HY5: 50 | HZ5: 44 | IA5: 56 | IB5: 20 | IC5: 21 | ID5: 21 | IE5: 20 | IF5: 15 | IG5: 9 | IH5: 0 | II5: 2 | IJ5: 137 | IK5: 158 | IL5: 295 | IM5: 20 | IN5: 15 | IO5: 5 | IP5: 3 | IQ5: 0 | IR5: 0 | IS5: 1 | IT5: 0 | IU5: 21 | IV5: 4 | IW5: 47 | IX5: 22 | IY5: 69 | IZ5: 16 | JA5: 8 | JB5: 12 | JC5: 8 | JD5: 0 | JE5: 0 | JF5: 0 | JG5: 0 | JH5: 26 | JI5: 10 | JJ5: 54 | JK5: 26 | JL5: 80 | JM5: 22 | JN5: 22 | JO5: 10 | JP5: 5 | JQ5: 0 | JR5: 0 | JS5: 3 | JT5: 0 | JU5: 4 | JV5: 7 | JW5: 39 | JX5: 34 | JY5: 73 | JZ5: 109 | KA5: 140 | KB5: 41 | KC5: 45 | KD5: 0 | KE5: 0 | KF5: 3 | KG5: 5 | KH5: 38 | KI5: 46 | KJ5: 191 | KK5: 236 | KL5: 427 | KM5: 0 | KN5: 0 | KO5: 7 | KP5: 1 | KQ5: 55 | KR5: 30 | KS5: 100 | KT5: 36 | KU5: 74 | KV5: 1 | KW5: 16 | KX5: 27 | KY5: 339 | KZ5: 13 | LA5: 1 | LB5: 0 | LC5: 74 | LD5: 75
A6: Visual Arts | B6: 21 | C6: 0 | D6: 0 | E6: 0 | F6: 0 | G6: 0 | H6: 0 | I6: 0 | J6: 1473138 | K6: 0 | L6: 0 | M6: 0 | N6: 0 | O6: 2 | P6: 1 | Q6: 1 | R6: 3 | S6: 8 | T6: 14 | U6: 6 | V6: 8 | W6: 4 | X6: 7 | Y6: 8 | Z6: 20 | AA6: 29 | AB6: 53 | AC6: 82 | AD6: 133 | AE6: 167 | AF6: 4 | AG6: 9 | AH6: 105 | AI6: 99 | AJ6: 242 | AK6: 275 | AL6: 517 | AM6: 117 | AN6: 157 | AO6: 274 | AP6: 7286 | AQ6: 82 | AR6: 73 | AS6: 0 | AT6: 0 | AU6: 0 | AV6: 0 | AW6: 0 | AX6: 0 | AY6: 0 | AZ6: 0 | BA6: 0 | BB6: 0 | BC6: 0 | BD6: 0 | BE6: 0 | BF6: 0 | BG6: 0 | BH6: 0 | BI6: 0 | BJ6: 0 | BK6: 1 | BL6: 1 | BM6: 0 | BN6: 1 | BO6: 3 | BP6: 6 | BQ6: 86 | BR6: 81 | BS6: 167 | BT6: 73 | BU6: 100 | BV6: 0 | BW6: 0 | BX6: 0 | BY6: 0 | BZ6: 0 | CA6: 0 | CB6: 0 | CC6: 0 | CD6: 0 | CE6: 0 | CF6: 1 | CG6: 0 | CH6: 0 | CI6: 0 | CJ6: 0 | CK6: 0 | CL6: 1 | CM6: 0 | CN6: 0 | CO6: 0 | CP6: 0 | CQ6: 0 | CR6: 26 | CS6: 25 | CT6: 101 | CU6: 125 | CV6: 226 | CW6: 11 | CX6: 22 | CY6: 0 | CZ6: 0 | DA6: 0 | DB6: 0 | DC6: 0 | DD6: 0 | DE6: 0 | DF6: 0 | DG6: 0 | DH6: 0 | DI6: 0 | DJ6: 0 | DK6: 0 | DL6: 0 | DM6: 0 | DN6: 0 | DO6: 0 | DP6: 0 | DQ6: 0 | DR6: 0 | DS6: 0 | DT6: 0 | DU6: 0 | DV6: 0 | DW6: 11 | DX6: 22 | DY6: 33 | DZ6: 77 | EA6: 77 | EB6: 0 | EC6: 0 | ED6: 0 | EE6: 0 | EF6: 0 | EG6: 0 | EH6: 0 | EI6: 0 | EJ6: 0 | EK6: 0 | EL6: 0 | EM6: 0 | EN6: 0 | EO6: 0 | EP6: 0 | EQ6: 0 | ER6: 0 | ES6: 0 | ET6: 0 | EU6: 1 | EV6: 0 | EW6: 0 | EX6: 2 | EY6: 3 | EZ6: 79 | FA6: 81 | FB6: 160 | FC6: 19 | FD6: 12 | FE6: 7 | FF6: 7 | FG6: 2 | FH6: 1 | FI6: 54 | FJ6: 46 | FK6: 7 | FL6: 2 | FM6: 89 | FN6: 68 | FO6: 157 | FP6: 1 | FQ6: 0 | FR6: 3 | FS6: 13 | FT6: 14 | FU6: 21 | FV6: 31 | FW6: 32 | FX6: 14 | FY6: 3 | FZ6: 15 | GA6: 3 | GB6: 78 | GC6: 72 | GD6: 150 | GE6: 7 | GF6: 13 | GG6: 56 | GH6: 59 | GI6: 18 | GJ6: 25 | GK6: 6 | GL6: 6 | GM6: 2 | GN6: 3 | GO6: 5 | GP6: 6 | GQ6: 94 | GR6: 112 | GS6: 206 | GT6: 0 | GU6: 0 | GV6: 0 | GW6: 4 | GX6: 2 | GY6: 11 | GZ6: 2 | HA6: 4 | HB6: 2 | HC6: 2 | HD6: 0 | HE6: 0 | HF6: 6 | HG6: 21 | HH6: 27 | HI6: 0 | HJ6: 2 | HK6: 16 | HL6: 17 | HM6: 7 | HN6: 14 | HO6: 3 | HP6: 3 | HQ6: 1 | HR6: 1 | HS6: 0 | HT6: 0 | HU6: 27 | HV6: 37 | HW6: 64 | HX6: 25 | HY6: 27 | HZ6: 21 | IA6: 33 | IB6: 1 | IC6: 13 | ID6: 2 | IE6: 6 | IF6: 1 | IG6: 3 | IH6: 0 | II6: 0 | IJ6: 50 | IK6: 82 | IL6: 132 | IM6: 6 | IN6: 9 | IO6: 4 | IP6: 1 | IQ6: 1 | IR6: 0 | IS6: 1 | IT6: 1 | IU6: 58 | IV6: 62 | IW6: 70 | IX6: 73 | IY6: 143 | IZ6: 1 | JA6: 2 | JB6: 1 | JC6: 1 | JD6: 0 | JE6: 0 | JF6: 0 | JG6: 0 | JH6: 98 | JI6: 118 | JJ6: 100 | JK6: 121 | JL6: 221 | JM6: 1 | JN6: 7 | JO6: 3 | JP6: 4 | JQ6: 0 | JR6: 0 | JS6: 0 | JT6: 1 | JU6: 7 | JV6: 10 | JW6: 11 | JX6: 22 | JY6: 33 | JZ6: 6 | KA6: 7 | KB6: 3 | KC6: 3 | KD6: 0 | KE6: 0 | KF6: 0 | KG6: 0 | KH6: 17 | KI6: 30 | KJ6: 26 | KK6: 40 | KL6: 66 | KM6: 0 | KN6: 0 | KO6: 20 | KP6: 1 | KQ6: 29 | KR6: 5 | KS6: 5 | KT6: 6 | KU6: 20 | KV6: 29 | KW6: 43 | KX6: 26 | KY6: 163 | KZ6: 9 | LA6: 0 | LB6: 0 | LC6: 48 | LD6: 48
A7: Combined | B7: 34 | C7: 0 | D7: 0 | E7: 0 | F7: 0 | G7: 0 | H7: 0 | I7: 0 | J7: 5343634 | K7: 0 | L7: 0 | M7: 0 | N7: 0 | O7: 12 | P7: 6 | Q7: 0 | R7: 3 | S7: 40 | T7: 54 | U7: 8 | V7: 9 | W7: 42.5 | X7: 51.5 | Y7: 84 | Z7: 151 | AA7: 186.5 | AB7: 274.5 | AC7: 461 | AD7: 930 | AE7: 1119 | AF7: 24 | AG7: 57 | AH7: 84 | AI7: 81 | AJ7: 1038 | AK7: 1257 | AL7: 2295 | AM7: 582 | AN7: 909 | AO7: 1491 | AP7: 26426.5 | AQ7: 126 | AR7: 116 | AS7: 0 | AT7: 1 | AU7: 0 | AV7: 0 | AW7: 2 | AX7: 1 | AY7: 0 | AZ7: 0 | BA7: 0 | BB7: 0 | BC7: 0 | BD7: 0 | BE7: 0 | BF7: 0 | BG7: 1 | BH7: 0 | BI7: 0 | BJ7: 0 | BK7: 0 | BL7: 1 | BM7: 1 | BN7: 1 | BO7: 3 | BP7: 3 | BQ7: 133 | BR7: 123 | BS7: 256 | BT7: 444 | BU7: 481 | BV7: 0 | BW7: 1 | BX7: 2 | BY7: 6 | BZ7: 1 | CA7: 7 | CB7: 0 | CC7: 1 | CD7: 0 | CE7: 0 | CF7: 0 | CG7: 0 | CH7: 0 | CI7: 0 | CJ7: 2 | CK7: 0 | CL7: 1 | CM7: 0 | CN7: 1 | CO7: 1 | CP7: 8 | CQ7: 23 | CR7: 1 | CS7: 0 | CT7: 460 | CU7: 520 | CV7: 980 | CW7: 55.5 | CX7: 110.5 | CY7: 0 | CZ7: 0 | DA7: 0 | DB7: 0 | DC7: 1 | DD7: 1 | DE7: 0 | DF7: 0 | DG7: 0 | DH7: 1 | DI7: 0 | DJ7: 0 | DK7: 0 | DL7: 0 | DM7: 0 | DN7: 0 | DO7: 0 | DP7: 0 | DQ7: 0 | DR7: 0 | DS7: 0 | DT7: 0 | DU7: 0.5 | DV7: 1.5 | DW7: 57 | DX7: 114 | DY7: 171 | DZ7: 201 | EA7: 253 | EB7: 0 | EC7: 0 | ED7: 0 | EE7: 0 | EF7: 2 | EG7: 0 | EH7: 0 | EI7: 0 | EJ7: 0 | EK7: 0 | EL7: 0 | EM7: 0 | EN7: 0 | EO7: 0 | EP7: 0 | EQ7: 1 | ER7: 0 | ES7: 0 | ET7: 1 | EU7: 0 | EV7: 0 | EW7: 0 | EX7: 31 | EY7: 18 | EZ7: 235 | FA7: 272 | FB7: 507 | FC7: 8 | FD7: 16 | FE7: 2 | FF7: 4 | FG7: 3 | FH7: 1 | FI7: 6 | FJ7: 6 | FK7: 16 | FL7: 20 | FM7: 35 | FN7: 47 | FO7: 82 | FP7: 2 | FQ7: 0 | FR7: 15 | FS7: 15 | FT7: 33 | FU7: 38 | FV7: 35 | FW7: 53 | FX7: 38 | FY7: 20 | FZ7: 19 | GA7: 5 | GB7: 142 | GC7: 131 | GD7: 273 | GE7: 80 | GF7: 73 | GG7: 201 | GH7: 220 | GI7: 163 | GJ7: 165 | GK7: 66 | GL7: 65 | GM7: 62 | GN7: 37 | GO7: 8 | GP7: 14 | GQ7: 580 | GR7: 574 | GS7: 1154 | GT7: 4 | GU7: 8 | GV7: 12.5 | GW7: 33.5 | GX7: 18 | GY7: 35 | GZ7: 14 | HA7: 16 | HB7: 9 | HC7: 7 | HD7: 0 | HE7: 0 | HF7: 57.5 | HG7: 99.5 | HH7: 157 | HI7: 20 | HJ7: 41 | HK7: 66 | HL7: 97 | HM7: 57 | HN7: 70 | HO7: 20 | HP7: 25 | HQ7: 19 | HR7: 16 | HS7: 1 | HT7: 7 | HU7: 183 | HV7: 256 | HW7: 439 | HX7: 94 | HY7: 129 | HZ7: 123 | IA7: 194 | IB7: 94 | IC7: 121 | ID7: 59 | IE7: 93 | IF7: 36 | IG7: 44 | IH7: 4 | II7: 11 | IJ7: 410 | IK7: 592 | IL7: 1002 | IM7: 34 | IN7: 40 | IO7: 19 | IP7: 20 | IQ7: 2 | IR7: 2 | IS7: 7 | IT7: 5 | IU7: 61 | IV7: 49 | IW7: 123 | IX7: 116 | IY7: 239 | IZ7: 46 | JA7: 37 | JB7: 23 | JC7: 23 | JD7: 5 | JE7: 4 | JF7: 10 | JG7: 16 | JH7: 597 | JI7: 621 | JJ7: 681 | JK7: 701 | JL7: 1382 | JM7: 20 | JN7: 28 | JO7: 10 | JP7: 11 | JQ7: 0 | JR7: 0 | JS7: 2 | JT7: 5 | JU7: 26.5 | JV7: 58.5 | JW7: 58.5 | JX7: 102.5 | JY7: 161 | JZ7: 97 | KA7: 132 | KB7: 40 | KC7: 54 | KD7: 0 | KE7: 0 | KF7: 5 | KG7: 9 | KH7: 83 | KI7: 97 | KJ7: 225 | KK7: 292 | KL7: 517 | KM7: 0 | KN7: 0 | KO7: 31 | KP7: 3 | KQ7: 112 | KR7: 57 | KS7: 119 | KT7: 45 | KU7: 160 | KV7: 72 | KW7: 294 | KX7: 124 | KY7: 983 | KZ7: 18 | LA7: 9 | LB7: 24 | LC7: 157 | LD7: 190
A8: Literature | B8: 5 | C8: 0 | D8: 0 | E8: 0 | F8: 0 | G8: 0 | H8: 0 | I8: 0 | J8: 441749 | K8: 0 | L8: 0 | M8: 0 | N8: 0 | O8: 1 | P8: 1 | Q8: 1 | R8: 7 | S8: 2 | T8: 5 | U8: 0 | V8: 3 | W8: 1 | X8: 2 | Y8: 2 | Z8: 0 | AA8: 7 | AB8: 18 | AC8: 25 | AD8: 26 | AE8: 18 | AF8: 0 | AG8: 2 | AH8: 0 | AI8: 1 | AJ8: 26 | AK8: 21 | AL8: 47 | AM8: 21 | AN8: 49 | AO8: 70 | AP8: 3585 | AQ8: 15 | AR8: 7 | AS8: 0 | AT8: 0 | AU8: 0 | AV8: 0 | AW8: 0 | AX8: 0 | AY8: 0 | AZ8: 0 | BA8: 0 | BB8: 0 | BC8: 0 | BD8: 0 | BE8: 0 | BF8: 0 | BG8: 0 | BH8: 0 | BI8: 0 | BJ8: 0 | BK8: 0 | BL8: 0 | BM8: 0 | BN8: 0 | BO8: 7 | BP8: 5 | BQ8: 22 | BR8: 12 | BS8: 34 | BT8: 2 | BU8: 9 | BV8: 0 | BW8: 0 | BX8: 0 | BY8: 0 | BZ8: 0 | CA8: 0 | CB8: 0 | CC8: 0 | CD8: 0 | CE8: 0 | CF8: 0 | CG8: 0 | CH8: 0 | CI8: 0 | CJ8: 0 | CK8: 0 | CL8: 0 | CM8: 0 | CN8: 0 | CO8: 0 | CP8: 0 | CQ8: 0 | CR8: 0 | CS8: 0 | CT8: 2 | CU8: 9 | CV8: 11 | CW8: 2 | CX8: 8 | CY8: 0 | CZ8: 0 | DA8: 0 | DB8: 0 | DC8: 0 | DD8: 0 | DE8: 0 | DF8: 0 | DG8: 0 | DH8: 0 | DI8: 0 | DJ8: 0 | DK8: 0 | DL8: 0 | DM8: 0 | DN8: 0 | DO8: 0 | DP8: 0 | DQ8: 0 | DR8: 0 | DS8: 0 | DT8: 0 | DU8: 0 | DV8: 0 | DW8: 2 | DX8: 8 | DY8: 10 | DZ8: 3 | EA8: 2 | EB8: 0 | EC8: 0 | ED8: 0 | EE8: 0 | EF8: 0 | EG8: 0 | EH8: 0 | EI8: 0 | EJ8: 0 | EK8: 0 | EL8: 0 | EM8: 0 | EN8: 0 | EO8: 0 | EP8: 0 | EQ8: 0 | ER8: 0 | ES8: 0 | ET8: 0 | EU8: 0 | EV8: 0 | EW8: 0 | EX8: 0 | EY8: 0 | EZ8: 3 | FA8: 2 | FB8: 5 | FC8: 1 | FD8: 0 | FE8: 0 | FF8: 0 | FG8: 0 | FH8: 0 | FI8: 0 | FJ8: 0 | FK8: 0 | FL8: 1 | FM8: 1 | FN8: 1 | FO8: 2 | FP8: 0 | FQ8: 0 | FR8: 2 | FS8: 0 | FT8: 0 | FU8: 1 | FV8: 5 | FW8: 4 | FX8: 12 | FY8: 3 | FZ8: 5 | GA8: 1 | GB8: 24 | GC8: 9 | GD8: 33 | GE8: 0 | GF8: 0 | GG8: 0 | GH8: 1 | GI8: 0 | GJ8: 4 | GK8: 0 | GL8: 2 | GM8: 2 | GN8: 1 | GO8: 0 | GP8: 0 | GQ8: 2 | GR8: 8 | GS8: 10 | GT8: 0 | GU8: 1 | GV8: 0 | GW8: 2 | GX8: 1 | GY8: 3 | GZ8: 1 | HA8: 2 | HB8: 0 | HC8: 0 | HD8: 0 | HE8: 0 | HF8: 2 | HG8: 8 | HH8: 10 | HI8: 0 | HJ8: 0 | HK8: 0 | HL8: 0 | HM8: 2 | HN8: 2 | HO8: 0 | HP8: 0 | HQ8: 1 | HR8: 0 | HS8: 0 | HT8: 0 | HU8: 3 | HV8: 2 | HW8: 5 | HX8: 5 | HY8: 5 | HZ8: 1 | IA8: 7 | IB8: 2 | IC8: 9 | ID8: 1 | IE8: 7 | IF8: 2 | IG8: 0 | IH8: 2 | II8: 12 | IJ8: 13 | IK8: 40 | IL8: 53 | IM8: 0 | IN8: 2 | IO8: 2 | IP8: 3 | IQ8: 0 | IR8: 0 | IS8: 0 | IT8: 0 | IU8: 17 | IV8: 10 | IW8: 19 | IX8: 15 | IY8: 34 | IZ8: 0 | JA8: 7 | JB8: 0 | JC8: 2 | JD8: 1 | JE8: 0 | JF8: 0 | JG8: 0 | JH8: 0 | JI8: 0 | JJ8: 1 | JK8: 9 | JL8: 10 | JM8: 1 | JN8: 2 | JO8: 0 | JP8: 0 | JQ8: 0 | JR8: 0 | JS8: 0 | JT8: 0 | JU8: 1 | JV8: 5 | JW8: 2 | JX8: 7 | JY8: 9 | JZ8: 3 | KA8: 2 | KB8: 0 | KC8: 0 | KD8: 0 | KE8: 0 | KF8: 0 | KG8: 0 | KH8: 0 | KI8: 0 | KJ8: 3 | KK8: 2 | KL8: 5 | KM8: 0 | KN8: 0 | KO8: 4 | KP8: 0 | KQ8: 3 | KR8: 3 | KS8: 0 | KT8: 23 | KU8: 8 | KV8: 14 | KW8: 2 | KX8: 10 | KY8: 63 | KZ8: 0 | LA8: 0 | LB8: 4 | LC8: 15 | LD8: 19
A9: Music | B9: 15 | C9: 0 | D9: 0 | E9: 0 | F9: 0 | G9: 0 | H9: 0 | I9: 0 | J9: 3123660 | K9: 0 | L9: 0 | M9: 0 | N9: 0 | O9: 47 | P9: 23 | Q9: 9 | R9: 3 | S9: 13 | T9: 13 | U9: 0 | V9: 1 | W9: 18 | X9: 13 | Y9: 8 | Z9: 18 | AA9: 95 | AB9: 71 | AC9: 166 | AD9: 624 | AE9: 441 | AF9: 7 | AG9: 5.5 | AH9: 103 | AI9: 101 | AJ9: 734 | AK9: 547.5 | AL9: 1281.5 | AM9: 107 | AN9: 126 | AO9: 233 | AP9: 10695 | AQ9: 63 | AR9: 40 | AS9: 0 | AT9: 0 | AU9: 0 | AV9: 0 | AW9: 1 | AX9: 0 | AY9: 0 | AZ9: 0 | BA9: 0 | BB9: 0 | BC9: 0 | BD9: 0 | BE9: 0 | BF9: 0 | BG9: 0 | BH9: 0 | BI9: 0 | BJ9: 0 | BK9: 0 | BL9: 0 | BM9: 0 | BN9: 0 | BO9: 0 | BP9: 0 | BQ9: 64 | BR9: 40 | BS9: 104 | BT9: 268 | BU9: 220 | BV9: 0 | BW9: 0 | BX9: 0 | BY9: 1 | BZ9: 0 | CA9: 0 | CB9: 0 | CC9: 0 | CD9: 0 | CE9: 0 | CF9: 0 | CG9: 1 | CH9: 0 | CI9: 0 | CJ9: 3 | CK9: 0 | CL9: 0 | CM9: 0 | CN9: 0 | CO9: 1 | CP9: 0 | CQ9: 0 | CR9: 558 | CS9: 340 | CT9: 829 | CU9: 563 | CV9: 1392 | CW9: 18 | CX9: 19.5 | CY9: 0 | CZ9: 0 | DA9: 0 | DB9: 0 | DC9: 0 | DD9: 0 | DE9: 0 | DF9: 0 | DG9: 0 | DH9: 0 | DI9: 0 | DJ9: 0 | DK9: 0 | DL9: 0 | DM9: 0 | DN9: 0 | DO9: 0 | DP9: 0 | DQ9: 0 | DR9: 0 | DS9: 0 | DT9: 0 | DU9: 0 | DV9: 0 | DW9: 18 | DX9: 19.5 | DY9: 37.5 | DZ9: 67 | EA9: 72 | EB9: 0 | EC9: 0 | ED9: 1 | EE9: 0 | EF9: 0 | EG9: 0 | EH9: 0 | EI9: 0 | EJ9: 0 | EK9: 0 | EL9: 0 | EM9: 0 | EN9: 0 | EO9: 0 | EP9: 0 | EQ9: 0 | ER9: 0 | ES9: 0 | ET9: 0 | EU9: 0 | EV9: 1 | EW9: 0 | EX9: 172 | EY9: 65 | EZ9: 241 | FA9: 137 | FB9: 378 | FC9: 0 | FD9: 2 | FE9: 0 | FF9: 1 | FG9: 0 | FH9: 0 | FI9: 4 | FJ9: 1 | FK9: 4 | FL9: 5 | FM9: 8 | FN9: 9 | FO9: 17 | FP9: 0 | FQ9: 0 | FR9: 3 | FS9: 5 | FT9: 9 | FU9: 7 | FV9: 24 | FW9: 11 | FX9: 27 | FY9: 13 | FZ9: 7 | GA9: 4 | GB9: 70 | GC9: 40 | GD9: 110 | GE9: 176 | GF9: 116 | GG9: 219 | GH9: 194 | GI9: 171 | GJ9: 64 | GK9: 83 | GL9: 30 | GM9: 33 | GN9: 4 | GO9: 4 | GP9: 2 | GQ9: 686 | GR9: 410 | GS9: 1096 | GT9: 1 | GU9: 1 | GV9: 0 | GW9: 3 | GX9: 7 | GY9: 8 | GZ9: 5 | HA9: 5.5 | HB9: 3 | HC9: 1 | HD9: 0 | HE9: 0 | HF9: 16 | HG9: 18.5 | HH9: 34.5 | HI9: 2 | HJ9: 6 | HK9: 97 | HL9: 49 | HM9: 79 | HN9: 31 | HO9: 22 | HP9: 14 | HQ9: 12 | HR9: 5 | HS9: 0 | HT9: 1 | HU9: 212 | HV9: 106 | HW9: 318 | HX9: 9 | HY9: 13 | HZ9: 24 | IA9: 21 | IB9: 16 | IC9: 16 | ID9: 9 | IE9: 10 | IF9: 14 | IG9: 19 | IH9: 2 | II9: 4 | IJ9: 74 | IK9: 83 | IL9: 157 | IM9: 7 | IN9: 4 | IO9: 2 | IP9: 4 | IQ9: 0 | IR9: 0 | IS9: 5 | IT9: 3 | IU9: 47 | IV9: 26 | IW9: 61 | IX9: 37 | IY9: 98 | IZ9: 31 | JA9: 16 | JB9: 15 | JC9: 11 | JD9: 0 | JE9: 0 | JF9: 2 | JG9: 0 | JH9: 671 | JI9: 417 | JJ9: 719 | JK9: 444 | JL9: 1163 | JM9: 4 | JN9: 6 | JO9: 5 | JP9: 1 | JQ9: 0 | JR9: 0 | JS9: 1 | JT9: 0 | JU9: 4 | JV9: 10.5 | JW9: 14 | JX9: 17.5 | JY9: 31.5 | JZ9: 11 | KA9: 13 | KB9: 5 | KC9: 4 | KD9: 0 | KE9: 0 | KF9: 1 | KG9: 3 | KH9: 200 | KI9: 97 | KJ9: 217 | KK9: 117 | KL9: 334 | KM9: 0 | KN9: 0 | KO9: 13 | KP9: 2 | KQ9: 20 | KR9: 6 | KS9: 0 | KT9: 6 | KU9: 108 | KV9: 9 | KW9: 28 | KX9: 31 | KY9: 208 | KZ9: 3 | LA9: 0 | LB9: 1 | LC9: 27 | LD9: 28
A10: Traditional Arts | B10: 13 | C10: 0 | D10: 0 | E10: 0 | F10: 0 | G10: 0 | H10: 0 | I10: 0 | J10: 605983 | K10: 0 | L10: 0 | M10: 0 | N10: 0 | O10: 5 | P10: 3.5 | Q10: 1 | R10: 0 | S10: 8 | T10: 2.5 | U10: 0 | V10: 5 | W10: 8 | X10: 7 | Y10: 7 | Z10: 7 | AA10: 29 | AB10: 25 | AC10: 54 | AD10: 442 | AE10: 295 | AF10: 2 | AG10: 2 | AH10: 33 | AI10: 13 | AJ10: 477 | AK10: 310 | AL10: 787 | AM10: 867 | AN10: 528 | AO10: 1395 | AP10: 11001 | AQ10: 68 | AR10: 48 | AS10: 0 | AT10: 0 | AU10: 0 | AV10: 0 | AW10: 0 | AX10: 1 | AY10: 0 | AZ10: 0 | BA10: 0 | BB10: 0 | BC10: 0 | BD10: 0 | BE10: 0 | BF10: 0 | BG10: 0 | BH10: 0 | BI10: 0 | BJ10: 0 | BK10: 0 | BL10: 0 | BM10: 0 | BN10: 1 | BO10: 0 | BP10: 0 | BQ10: 68 | BR10: 50 | BS10: 118 | BT10: 437 | BU10: 291.5 | BV10: 0 | BW10: 0 | BX10: 0 | BY10: 0 | BZ10: 0 | CA10: 0 | CB10: 0 | CC10: 0 | CD10: 0 | CE10: 0 | CF10: 0 | CG10: 0 | CH10: 0 | CI10: 0 | CJ10: 0 | CK10: 0 | CL10: 0 | CM10: 0 | CN10: 0 | CO10: 0 | CP10: 0 | CQ10: 0 | CR10: 0 | CS10: 0 | CT10: 437 | CU10: 291.5 | CV10: 728.5 | CW10: 9 | CX10: 11.5 | CY10: 0 | CZ10: 0 | DA10: 0 | DB10: 0 | DC10: 0 | DD10: 0 | DE10: 0 | DF10: 0 | DG10: 0 | DH10: 0 | DI10: 0 | DJ10: 0 | DK10: 0 | DL10: 0 | DM10: 0 | DN10: 0 | DO10: 0 | DP10: 0 | DQ10: 0 | DR10: 0 | DS10: 0 | DT10: 0 | DU10: 0 | DV10: 0 | DW10: 9 | DX10: 11.5 | DY10: 20.5 | DZ10: 46 | EA10: 38 | EB10: 0 | EC10: 0 | ED10: 0 | EE10: 0 | EF10: 0 | EG10: 0 | EH10: 0 | EI10: 0 | EJ10: 0 | EK10: 0 | EL10: 0 | EM10: 0 | EN10: 0 | EO10: 0 | EP10: 0 | EQ10: 0 | ER10: 0 | ES10: 0 | ET10: 0 | EU10: 0 | EV10: 0 | EW10: 0 | EX10: 0 | EY10: 0 | EZ10: 46 | FA10: 38 | FB10: 84 | FC10: 1 | FD10: 0 | FE10: 0 | FF10: 0 | FG10: 0 | FH10: 0 | FI10: 0 | FJ10: 0 | FK10: 2 | FL10: 0 | FM10: 3 | FN10: 0 | FO10: 3 | FP10: 2 | FQ10: 1 | FR10: 3 | FS10: 9 | FT10: 14 | FU10: 9 | FV10: 17 | FW10: 16 | FX10: 13 | FY10: 10 | FZ10: 19 | GA10: 5 | GB10: 68 | GC10: 50 | GD10: 118 | GE10: 27 | GF10: 80 | GG10: 142 | GH10: 129 | GI10: 51 | GJ10: 35 | GK10: 71 | GL10: 40.5 | GM10: 69 | GN10: 10 | GO10: 20 | GP10: 0 | GQ10: 380 | GR10: 294.5 | GS10: 674.5 | GT10: 0 | GU10: 0 | GV10: 0 | GW10: 2 | GX10: 3 | GY10: 0 | GZ10: 2 | HA10: 2.5 | HB10: 1 | HC10: 2 | HD10: 0 | HE10: 0 | HF10: 6 | HG10: 6.5 | HH10: 12.5 | HI10: 6 | HJ10: 1 | HK10: 3 | HL10: 7 | HM10: 14 | HN10: 3 | HO10: 13 | HP10: 4 | HQ10: 2 | HR10: 0 | HS10: 4 | HT10: 0 | HU10: 42 | HV10: 15 | HW10: 57 | HX10: 66 | HY10: 57 | HZ10: 41 | IA10: 48 | IB10: 81 | IC10: 119 | ID10: 171 | IE10: 198 | IF10: 192 | IG10: 123 | IH10: 152 | II10: 68 | IJ10: 703 | IK10: 613 | IL10: 1316 | IM10: 12 | IN10: 17 | IO10: 16 | IP10: 8 | IQ10: 0 | IR10: 1 | IS10: 0 | IT10: 6 | IU10: 34 | IV10: 13 | IW10: 62 | IX10: 45 | IY10: 107 | IZ10: 21 | JA10: 26 | JB10: 3 | JC10: 0 | JD10: 0 | JE10: 0 | JF10: 7 | JG10: 1 | JH10: 403 | JI10: 260 | JJ10: 434 | JK10: 287 | JL10: 721 | JM10: 2 | JN10: 3 | JO10: 2 | JP10: 1 | JQ10: 0 | JR10: 0 | JS10: 2 | JT10: 1 | JU10: 2 | JV10: 2 | JW10: 8 | JX10: 7 | JY10: 15 | JZ10: 11 | KA10: 17 | KB10: 28 | KC10: 7 | KD10: 0 | KE10: 0 | KF10: 0 | KG10: 1 | KH10: 14 | KI10: 6 | KJ10: 53 | KK10: 31 | KL10: 84 | KM10: 0 | KN10: 0 | KO10: 10 | KP10: 3 | KQ10: 20 | KR10: 33 | KS10: 11 | KT10: 15 | KU10: 31 | KV10: 30 | KW10: 21 | KX10: 49 | KY10: 210 | KZ10: 1 | LA10: 0 | LB10: 0 | LC10: 19 | LD10: 19
A11: Dance | B11: 5 | C11: 0 | D11: 0 | E11: 0 | F11: 0 | G11: 0 | H11: 0 | I11: 0 | J11: 341053 | K11: 0 | L11: 0 | M11: 0 | N11: 0 | O11: 2 | P11: 0 | Q11: 0 | R11: 1 | S11: 1 | T11: 2 | U11: 0 | V11: 4 | W11: 1 | X11: 0 | Y11: 0 | Z11: 2 | AA11: 4 | AB11: 9 | AC11: 13 | AD11: 62 | AE11: 90 | AF11: 1 | AG11: 1 | AH11: 4 | AI11: 14 | AJ11: 67 | AK11: 105 | AL11: 172 | AM11: 20 | AN11: 57 | AO11: 77 | AP11: 3629 | AQ11: 5 | AR11: 12 | AS11: 0 | AT11: 0 | AU11: 0 | AV11: 0 | AW11: 0 | AX11: 0 | AY11: 0 | AZ11: 0 | BA11: 0 | BB11: 0 | BC11: 0 | BD11: 0 | BE11: 0 | BF11: 0 | BG11: 0 | BH11: 0 | BI11: 0 | BJ11: 0 | BK11: 0 | BL11: 0 | BM11: 0 | BN11: 0 | BO11: 4 | BP11: 2 | BQ11: 9 | BR11: 14 | BS11: 23 | BT11: 16 | BU11: 23 | BV11: 0 | BW11: 0 | BX11: 0 | BY11: 0 | BZ11: 0 | CA11: 0 | CB11: 0 | CC11: 0 | CD11: 0 | CE11: 0 | CF11: 0 | CG11: 0 | CH11: 0 | CI11: 0 | CJ11: 0 | CK11: 0 | CL11: 0 | CM11: 0 | CN11: 0 | CO11: 0 | CP11: 0 | CQ11: 0 | CR11: 14 | CS11: 12 | CT11: 30 | CU11: 35 | CV11: 65 | CW11: 1 | CX11: 5 | CY11: 0 | CZ11: 0 | DA11: 0 | DB11: 0 | DC11: 0 | DD11: 0 | DE11: 0 | DF11: 0 | DG11: 0 | DH11: 0 | DI11: 0 | DJ11: 0 | DK11: 0 | DL11: 0 | DM11: 0 | DN11: 0 | DO11: 0 | DP11: 0 | DQ11: 0 | DR11: 0 | DS11: 0 | DT11: 0 | DU11: 0 | DV11: 1 | DW11: 1 | DX11: 6 | DY11: 7 | DZ11: 1 | EA11: 6 | EB11: 0 | EC11: 0 | ED11: 0 | EE11: 0 | EF11: 0 | EG11: 0 | EH11: 0 | EI11: 0 | EJ11: 0 | EK11: 0 | EL11: 0 | EM11: 0 | EN11: 0 | EO11: 0 | EP11: 0 | EQ11: 0 | ER11: 0 | ES11: 0 | ET11: 0 | EU11: 0 | EV11: 0 | EW11: 0 | EX11: 1 | EY11: 3 | EZ11: 2 | FA11: 9 | FB11: 11 | FC11: 0 | FD11: 0 | FE11: 0 | FF11: 1 | FG11: 0 | FH11: 0 | FI11: 1 | FJ11: 0 | FK11: 1 | FL11: 1 | FM11: 2 | FN11: 2 | FO11: 4 | FP11: 0 | FQ11: 0 | FR11: 0 | FS11: 1 | FT11: 3 | FU11: 7 | FV11: 3 | FW11: 4 | FX11: 3 | FY11: 2 | FZ11: 0 | GA11: 0 | GB11: 9 | GC11: 14 | GD11: 23 | GE11: 0 | GF11: 0 | GG11: 16 | GH11: 33 | GI11: 5 | GJ11: 5 | GK11: 5 | GL11: 2 | GM11: 2 | GN11: 0 | GO11: 0 | GP11: 0 | GQ11: 28 | GR11: 40 | GS11: 68 | GT11: 1 | GU11: 0 | GV11: 0 | GW11: 0 | GX11: 1 | GY11: 3 | GZ11: 1 | HA11: 2 | HB11: 0 | HC11: 1 | HD11: 0 | HE11: 0 | HF11: 3 | HG11: 6 | HH11: 9 | HI11: 0 | HJ11: 0 | HK11: 0 | HL11: 3 | HM11: 1 | HN11: 3 | HO11: 1 | HP11: 3 | HQ11: 0 | HR11: 3 | HS11: 0 | HT11: 0 | HU11: 2 | HV11: 12 | HW11: 14 | HX11: 10 | HY11: 22 | HZ11: 2 | IA11: 10 | IB11: 2 | IC11: 2 | ID11: 0 | IE11: 1 | IF11: 0 | IG11: 2 | IH11: 2 | II11: 2 | IJ11: 16 | IK11: 39 | IL11: 55 | IM11: 0 | IN11: 1 | IO11: 0 | IP11: 2 | IQ11: 0 | IR11: 0 | IS11: 0 | IT11: 1 | IU11: 9 | IV11: 10 | IW11: 9 | IX11: 14 | IY11: 23 | IZ11: 0 | JA11: 0 | JB11: 0 | JC11: 0 | JD11: 0 | JE11: 0 | JF11: 1 | JG11: 0 | JH11: 38 | JI11: 48 | JJ11: 39 | JK11: 48 | JL11: 87 | JM11: 0 | JN11: 0 | JO11: 0 | JP11: 1 | JQ11: 0 | JR11: 0 | JS11: 0 | JT11: 2 | JU11: 2 | JV11: 4 | JW11: 2 | JX11: 7 | JY11: 9 | JZ11: 0 | KA11: 0 | KB11: 0 | KC11: 0 | KD11: 0 | KE11: 0 | KF11: 0 | KG11: 2 | KH11: 2 | KI11: 8 | KJ11: 2 | KK11: 10 | KL11: 12 | KM11: 0 | KN11: 0 | KO11: 5 | KP11: 0 | KQ11: 11 | KR11: 0 | KS11: 0 | KT11: 2 | KU11: 1 | KV11: 12 | KW11: 23 | KX11: 11 | KY11: 60 | KZ11: 3 | LA11: 1 | LB11: 0 | LC11: 5 | LD11: 6
A12: Drama | B12: 16 | C12: 0 | D12: 0 | E12: 0 | F12: 0 | G12: 0 | H12: 0 | I12: 0 | J12: 2211975 | K12: 0 | L12: 0 | M12: 0 | N12: 0 | O12: 4 | P12: 14 | Q12: 1 | R12: 6 | S12: 8 | T12: 16 | U12: 0 | V12: 3 | W12: 15 | X12: 17 | Y12: 25 | Z12: 42 | AA12: 53 | AB12: 98 | AC12: 151 | AD12: 320 | AE12: 281 | AF12: 6 | AG12: 4 | AH12: 33 | AI12: 39 | AJ12: 359 | AK12: 324 | AL12: 683 | AM12: 935 | AN12: 1351 | AO12: 2286 | AP12: 19848 | AQ12: 40 | AR12: 51 | AS12: 0 | AT12: 0 | AU12: 0 | AV12: 0 | AW12: 0 | AX12: 1 | AY12: 0 | AZ12: 0 | BA12: 0 | BB12: 0 | BC12: 0 | BD12: 0 | BE12: 0 | BF12: 0 | BG12: 0 | BH12: 0 | BI12: 0 | BJ12: 0 | BK12: 0 | BL12: 0 | BM12: 0 | BN12: 1 | BO12: 5 | BP12: 4 | BQ12: 45 | BR12: 57 | BS12: 102 | BT12: 96 | BU12: 97 | BV12: 0 | BW12: 0 | BX12: 0 | BY12: 0 | BZ12: 1 | CA12: 0 | CB12: 0 | CC12: 0 | CD12: 0 | CE12: 0 | CF12: 1 | CG12: 0 | CH12: 1 | CI12: 0 | CJ12: 0 | CK12: 0 | CL12: 0 | CM12: 1 | CN12: 0 | CO12: 2 | CP12: 2 | CQ12: 4 | CR12: 20 | CS12: 12 | CT12: 121 | CU12: 116 | CV12: 237 | CW12: 9 | CX12: 15 | CY12: 0 | CZ12: 0 | DA12: 0 | DB12: 0 | DC12: 0 | DD12: 0 | DE12: 0 | DF12: 0 | DG12: 0 | DH12: 0 | DI12: 0 | DJ12: 0 | DK12: 0 | DL12: 0 | DM12: 0 | DN12: 0 | DO12: 0 | DP12: 0 | DQ12: 0 | DR12: 0 | DS12: 0 | DT12: 0 | DU12: 1 | DV12: 1 | DW12: 10 | DX12: 16 | DY12: 26 | DZ12: 22 | EA12: 24 | EB12: 0 | EC12: 0 | ED12: 0 | EE12: 0 | EF12: 0 | EG12: 0 | EH12: 0 | EI12: 0 | EJ12: 0 | EK12: 0 | EL12: 0 | EM12: 0 | EN12: 0 | EO12: 2 | EP12: 0 | EQ12: 0 | ER12: 0 | ES12: 0 | ET12: 0 | EU12: 0 | EV12: 0 | EW12: 2 | EX12: 8 | EY12: 14 | EZ12: 30 | FA12: 42 | FB12: 72 | FC12: 2 | FD12: 2 | FE12: 0 | FF12: 1 | FG12: 0 | FH12: 2 | FI12: 2 | FJ12: 2 | FK12: 7 | FL12: 20 | FM12: 11 | FN12: 27 | FO12: 38 | FP12: 0 | FQ12: 0 | FR12: 3 | FS12: 6 | FT12: 9 | FU12: 20 | FV12: 15 | FW12: 18 | FX12: 15 | FY12: 7 | FZ12: 6 | GA12: 1 | GB12: 48 | GC12: 52 | GD12: 100 | GE12: 11 | GF12: 12 | GG12: 50 | GH12: 58 | GI12: 41 | GJ12: 42 | GK12: 22 | GL12: 19 | GM12: 5 | GN12: 4 | GO12: 0 | GP12: 1 | GQ12: 129 | GR12: 136 | GS12: 265 | GT12: 0 | GU12: 1 | GV12: 4 | GW12: 3 | GX12: 5 | GY12: 8 | GZ12: 2 | HA12: 5 | HB12: 1 | HC12: 1 | HD12: 0 | HE12: 1 | HF12: 12 | HG12: 19 | HH12: 31 | HI12: 22 | HJ12: 21 | HK12: 55 | HL12: 68 | HM12: 16 | HN12: 21 | HO12: 21 | HP12: 21 | HQ12: 6 | HR12: 4 | HS12: 0 | HT12: 2 | HU12: 120 | HV12: 137 | HW12: 257 | HX12: 26 | HY12: 27 | HZ12: 18 | IA12: 33 | IB12: 10 | IC12: 31 | ID12: 10 | IE12: 21 | IF12: 22 | IG12: 21 | IH12: 22 | II12: 11 | IJ12: 108 | IK12: 144 | IL12: 252 | IM12: 5 | IN12: 8 | IO12: 5 | IP12: 12 | IQ12: 0 | IR12: 0 | IS12: 3 | IT12: 1 | IU12: 34 | IV12: 35 | IW12: 47 | IX12: 56 | IY12: 103 | IZ12: 16 | JA12: 19 | JB12: 1 | JC12: 3 | JD12: 0 | JE12: 1 | JF12: 3 | JG12: 7 | JH12: 152 | JI12: 138 | JJ12: 172 | JK12: 168 | JL12: 340 | JM12: 1 | JN12: 4 | JO12: 2 | JP12: 2 | JQ12: 0 | JR12: 0 | JS12: 1 | JT12: 3 | JU12: 7 | JV12: 14 | JW12: 11 | JX12: 23 | JY12: 34 | JZ12: 4 | KA12: 12 | KB12: 3 | KC12: 6 | KD12: 0 | KE12: 0 | KF12: 2 | KG12: 0 | KH12: 68 | KI12: 76 | KJ12: 77 | KK12: 94 | KL12: 171 | KM12: 0 | KN12: 0 | KO12: 15 | KP12: 1 | KQ12: 34 | KR12: 35 | KS12: 3 | KT12: 8 | KU12: 39 | KV12: 22 | KW12: 67 | KX12: 67 | KY12: 275 | KZ12: 17 | LA12: 1 | LB12: 6 | LC12: 85 | LD12: 92
A13: Belfast | B13: 72 | C13: 0 | D13: 0 | E13: 0 | F13: 0 | G13: 0 | H13: 0 | I13: 0 | J13: 10530016 | K13: 0 | L13: 0 | M13: 0 | N13: 0 | O13: 55 | P13: 34 | Q13: 5 | R13: 9 | S13: 48 | T13: 75 | U13: 7 | V13: 21 | W13: 55.5 | X13: 66.5 | Y13: 97 | Z13: 168 | AA13: 267.5 | AB13: 373.5 | AC13: 641 | AD13: 1780 | AE13: 1753 | AF13: 38 | AG13: 72 | AH13: 294 | AI13: 286 | AJ13: 2112 | AK13: 2111 | AL13: 4223 | AM13: 1600 | AN13: 2390 | AO13: 3990 | AP13: 54916.5 | AQ13: 253 | AR13: 221 | AS13: 0 | AT13: 1 | AU13: 0 | AV13: 0 | AW13: 3 | AX13: 3 | AY13: 0 | AZ13: 0 | BA13: 0 | BB13: 0 | BC13: 0 | BD13: 0 | BE13: 0 | BF13: 0 | BG13: 1 | BH13: 0 | BI13: 0 | BJ13: 0 | BK13: 1 | BL13: 1 | BM13: 1 | BN13: 2 | BO13: 19 | BP13: 14 | BQ13: 278 | BR13: 242 | BS13: 520 | BT13: 750 | BU13: 758 | BV13: 0 | BW13: 1 | BX13: 2 | BY13: 6 | BZ13: 2 | CA13: 7 | CB13: 0 | CC13: 1 | CD13: 0 | CE13: 0 | CF13: 2 | CG13: 0 | CH13: 1 | CI13: 0 | CJ13: 5 | CK13: 0 | CL13: 1 | CM13: 1 | CN13: 0 | CO13: 1 | CP13: 10 | CQ13: 25 | CR13: 593 | CS13: 364 | CT13: 1366 | CU13: 1164 | CV13: 2530 | CW13: 69.5 | CX13: 144.5 | CY13: 0 | CZ13: 0 | DA13: 0 | DB13: 0 | DC13: 1 | DD13: 1 | DE13: 0 | DF13: 0 | DG13: 0 | DH13: 1 | DI13: 0 | DJ13: 0 | DK13: 0 | DL13: 0 | DM13: 0 | DN13: 0 | DO13: 0 | DP13: 0 | DQ13: 0 | DR13: 0 | DS13: 0 | DT13: 0 | DU13: 1.5 | DV13: 3.5 | DW13: 72 | DX13: 150 | DY13: 222 | DZ13: 297 | EA13: 337 | EB13: 0 | EC13: 0 | ED13: 0 | EE13: 0 | EF13: 2 | EG13: 0 | EH13: 0 | EI13: 0 | EJ13: 0 | EK13: 0 | EL13: 0 | EM13: 0 | EN13: 0 | EO13: 2 | EP13: 0 | EQ13: 1 | ER13: 0 | ES13: 0 | ET13: 1 | EU13: 1 | EV13: 0 | EW13: 2 | EX13: 212 | EY13: 100 | EZ13: 512 | FA13: 443 | FB13: 955 | FC13: 28 | FD13: 28 | FE13: 9 | FF13: 12 | FG13: 5 | FH13: 4 | FI13: 64 | FJ13: 53 | FK13: 29 | FL13: 42 | FM13: 135 | FN13: 139 | FO13: 274 | FP13: 2 | FQ13: 0 | FR13: 23 | FS13: 41 | FT13: 61 | FU13: 74 | FV13: 74 | FW13: 85 | FX13: 83 | FY13: 30 | FZ13: 37 | GA13: 6 | GB13: 280 | GC13: 236 | GD13: 516 | GE13: 266 | GF13: 202 | GG13: 489 | GH13: 506 | GI13: 347 | GJ13: 247 | GK13: 156 | GL13: 100 | GM13: 100 | GN13: 40 | GO13: 21 | GP13: 19 | GQ13: 1379 | GR13: 1114 | GS13: 2493 | GT13: 5 | GU13: 10 | GV13: 16.5 | GW13: 42.5 | GX13: 24 | GY13: 52 | GZ13: 14 | HA13: 27 | HB13: 12 | HC13: 9 | HD13: 0 | HE13: 1 | HF13: 71.5 | HG13: 141.5 | HH13: 213 | HI13: 26 | HJ13: 44 | HK13: 183 | HL13: 185 | HM13: 137 | HN13: 104 | HO13: 52 | HP13: 49 | HQ13: 24 | HR13: 21 | HS13: 1 | HT13: 7 | HU13: 423 | HV13: 410 | HW13: 833 | HX13: 124 | HY13: 182 | HZ13: 151 | IA13: 256 | IB13: 103 | IC13: 164 | ID13: 72 | IE13: 121 | IF13: 63 | IG13: 71 | IH13: 15 | II13: 20 | IJ13: 528 | IK13: 814 | IL13: 1342 | IM13: 33 | IN13: 37 | IO13: 30 | IP13: 35 | IQ13: 1 | IR13: 1 | IS13: 9 | IT13: 10 | IU13: 184 | IV13: 141 | IW13: 257 | IX13: 224 | IY13: 481 | IZ13: 58 | JA13: 49 | JB13: 30 | JC13: 26 | JD13: 2 | JE13: 2 | JF13: 16 | JG13: 20 | JH13: 1432 | JI13: 1187 | JJ13: 1538 | JK13: 1284 | JL13: 2822 | JM13: 16 | JN13: 31 | JO13: 16 | JP13: 17 | JQ13: 0 | JR13: 0 | JS13: 4 | JT13: 8 | JU13: 34.5 | JV13: 84.5 | JW13: 70.5 | JX13: 140.5 | JY13: 211 | JZ13: 77 | KA13: 106 | KB13: 48 | KC13: 60 | KD13: 0 | KE13: 0 | KF13: 7 | KG13: 11 | KH13: 342 | KI13: 261 | KJ13: 474 | KK13: 438 | KL13: 912 | KM13: 0 | KN13: 0 | KO13: 66 | KP13: 6 | KQ13: 154 | KR13: 101 | KS13: 111 | KT13: 53 | KU13: 256 | KV13: 111 | KW13: 356 | KX13: 206 | KY13: 1348 | KZ13: 43 | LA13: 9 | LB13: 15 | LC13: 152 | LD13: 176
A14: Derry and Strabane | B14: 14 | C14: 0 | D14: 0 | E14: 0 | F14: 0 | G14: 0 | H14: 0 | I14: 0 | J14: 1672888 | K14: 0 | L14: 0 | M14: 0 | N14: 0 | O14: 10 | P14: 7 | Q14: 7 | R14: 10 | S14: 21 | T14: 18 | U14: 6 | V14: 0 | W14: 30 | X14: 23 | Y14: 31 | Z14: 59 | AA14: 105 | AB14: 117 | AC14: 222 | AD14: 207 | AE14: 224 | AF14: 0 | AG14: 4 | AH14: 24 | AI14: 20 | AJ14: 231 | AK14: 248 | AL14: 479 | AM14: 150 | AN14: 195 | AO14: 345 | AP14: 13753 | AQ14: 47 | AR14: 44 | AS14: 0 | AT14: 0 | AU14: 0 | AV14: 0 | AW14: 0 | AX14: 0 | AY14: 0 | AZ14: 0 | BA14: 0 | BB14: 0 | BC14: 0 | BD14: 0 | BE14: 0 | BF14: 0 | BG14: 0 | BH14: 0 | BI14: 0 | BJ14: 0 | BK14: 0 | BL14: 1 | BM14: 0 | BN14: 1 | BO14: 3 | BP14: 6 | BQ14: 50 | BR14: 52 | BS14: 102 | BT14: 109 | BU14: 111 | BV14: 0 | BW14: 0 | BX14: 0 | BY14: 0 | BZ14: 0 | CA14: 0 | CB14: 0 | CC14: 0 | CD14: 0 | CE14: 0 | CF14: 0 | CG14: 1 | CH14: 0 | CI14: 0 | CJ14: 0 | CK14: 0 | CL14: 1 | CM14: 0 | CN14: 1 | CO14: 2 | CP14: 0 | CQ14: 2 | CR14: 26 | CS14: 25 | CT14: 137 | CU14: 141 | CV14: 278 | CW14: 21 | CX14: 20 | CY14: 0 | CZ14: 0 | DA14: 0 | DB14: 0 | DC14: 0 | DD14: 0 | DE14: 0 | DF14: 0 | DG14: 0 | DH14: 0 | DI14: 0 | DJ14: 0 | DK14: 0 | DL14: 0 | DM14: 0 | DN14: 0 | DO14: 0 | DP14: 0 | DQ14: 0 | DR14: 0 | DS14: 0 | DT14: 0 | DU14: 0 | DV14: 0 | DW14: 21 | DX14: 20 | DY14: 41 | DZ14: 64 | EA14: 84 | EB14: 0 | EC14: 0 | ED14: 0 | EE14: 0 | EF14: 0 | EG14: 0 | EH14: 0 | EI14: 0 | EJ14: 0 | EK14: 0 | EL14: 0 | EM14: 0 | EN14: 0 | EO14: 0 | EP14: 0 | EQ14: 0 | ER14: 0 | ES14: 0 | ET14: 0 | EU14: 0 | EV14: 0 | EW14: 0 | EX14: 2 | EY14: 3 | EZ14: 66 | FA14: 87 | FB14: 153 | FC14: 0 | FD14: 2 | FE14: 0 | FF14: 0 | FG14: 0 | FH14: 0 | FI14: 1 | FJ14: 1 | FK14: 4 | FL14: 2 | FM14: 5 | FN14: 5 | FO14: 10 | FP14: 1 | FQ14: 0 | FR14: 2 | FS14: 0 | FT14: 6 | FU14: 11 | FV14: 34 | FW14: 33 | FX14: 15 | FY14: 12 | FZ14: 8 | GA14: 4 | GB14: 66 | GC14: 60 | GD14: 126 | GE14: 8 | GF14: 13 | GG14: 38 | GH14: 52 | GI14: 44 | GJ14: 44 | GK14: 28 | GL14: 19 | GM14: 12 | GN14: 11 | GO14: 2 | GP14: 3 | GQ14: 132 | GR14: 142 | GS14: 274 | GT14: 0 | GU14: 0 | GV14: 0 | GW14: 2 | GX14: 9 | GY14: 10 | GZ14: 8 | HA14: 2 | HB14: 2 | HC14: 2 | HD14: 0 | HE14: 0 | HF14: 19 | HG14: 16 | HH14: 35 | HI14: 8 | HJ14: 17 | HK14: 20 | HL14: 18 | HM14: 13 | HN14: 29 | HO14: 7 | HP14: 3 | HQ14: 9 | HR14: 2 | HS14: 1 | HT14: 3 | HU14: 58 | HV14: 72 | HW14: 130 | HX14: 39 | HY14: 29 | HZ14: 28 | IA14: 35 | IB14: 23 | IC14: 27 | ID14: 9 | IE14: 19 | IF14: 8 | IG14: 12 | IH14: 7 | II14: 18 | IJ14: 114 | IK14: 140 | IL14: 254 | IM14: 20 | IN14: 27 | IO14: 6 | IP14: 9 | IQ14: 2 | IR14: 1 | IS14: 3 | IT14: 2 | IU14: 9 | IV14: 15 | IW14: 40 | IX14: 54 | IY14: 94 | IZ14: 40 | JA14: 40 | JB14: 7 | JC14: 11 | JD14: 4 | JE14: 3 | JF14: 2 | JG14: 4 | JH14: 81 | JI14: 86 | JJ14: 134 | JK14: 144 | JL14: 278 | JM14: 11 | JN14: 15 | JO14: 5 | JP14: 0 | JQ14: 0 | JR14: 0 | JS14: 1 | JT14: 2 | JU14: 4 | JV14: 3 | JW14: 21 | JX14: 20 | JY14: 41 | JZ14: 50 | KA14: 66 | KB14: 6 | KC14: 6 | KD14: 0 | KE14: 0 | KF14: 1 | KG14: 3 | KH14: 9 | KI14: 15 | KJ14: 66 | KK14: 90 | KL14: 156 | KM14: 0 | KN14: 0 | KO14: 13 | KP14: 1 | KQ14: 48 | KR14: 7 | KS14: 12 | KT14: 29 | KU14: 49 | KV14: 49 | KW14: 68 | KX14: 36 | KY14: 298 | KZ14: 2 | LA14: 2 | LB14: 16 | LC14: 125 | LD14: 143
A15: All LGD's (not Belfast or Derry) | B15: 0 | I15: 0 | J15: 1094898 | K15: 0 | L15: 0 | M15: 0 | N15: 0 | O15: 4 | P15: 4 | Q15: 0 | R15: 4 | S15: 7 | T15: 7 | U15: 0 | V15: 7 | W15: 1 | X15: 3 | Y15: 2 | Z15: 3 | AA15: 14 | AB15: 28 | AC15: 42 | AD15: 549 | AE15: 432 | AF15: 6 | AG15: 3.5 | AH15: 40 | AI15: 32 | AJ15: 595 | AK15: 467.5 | AL15: 1062.5 | AM15: 898 | AN15: 586 | AO15: 1484 | AP15: 12861 | AQ15: 75 | AR15: 60 | AS15: 0 | AT15: 0 | AU15: 0 | AV15: 0 | AW15: 0 | AX15: 0 | AY15: 0 | AZ15: 0 | BA15: 0 | BB15: 0 | BC15: 0 | BD15: 0 | BE15: 0 | BF15: 0 | BG15: 0 | BH15: 0 | BI15: 0 | BJ15: 0 | BK15: 0 | BL15: 0 | BM15: 0 | BN15: 1 | BO15: 0 | BP15: 0 | BQ15: 75 | BR15: 61 | BS15: 136 | BT15: 472 | BU15: 348 | BV15: 0 | BW15: 0 | BX15: 0 | BY15: 1 | BZ15: 0 | CA15: 0 | CB15: 0 | CC15: 0 | CD15: 0 | CE15: 0 | CF15: 0 | CG15: 0 | CH15: 0 | CI15: 0 | CJ15: 0 | CK15: 0 | CL15: 0 | CM15: 0 | CN15: 0 | CO15: 1 | CP15: 0 | CQ15: 0 | CR15: 0 | CS15: 0 | CT15: 472 | CU15: 350 | CV15: 822 | CW15: 10 | CX15: 15.5 | CY15: 0 | CZ15: 0 | DA15: 0 | DB15: 0 | DC15: 0 | DD15: 0 | DE15: 0 | DF15: 0 | DG15: 0 | DH15: 0 | DI15: 0 | DJ15: 0 | DK15: 0 | DL15: 0 | DM15: 0 | DN15: 0 | DO15: 0 | DP15: 0 | DQ15: 0 | DR15: 0 | DS15: 0 | DT15: 0 | DU15: 0 | DV15: 0 | DW15: 10 | DX15: 15.5 | DY15: 25.5 | DZ15: 50 | EA15: 35 | EB15: 0 | EC15: 0 | ED15: 1 | EE15: 0 | EF15: 0 | EG15: 0 | EH15: 0 | EI15: 0 | EJ15: 0 | EK15: 0 | EL15: 0 | EM15: 0 | EN15: 0 | EO15: 0 | EP15: 0 | EQ15: 0 | ER15: 0 | ES15: 0 | ET15: 0 | EU15: 0 | EV15: 1 | EW15: 0 | EX15: 0 | EY15: 0 | EZ15: 52 | FA15: 35 | FB15: 87 | FC15: 2 | FD15: 2 | FE15: 0 | FF15: 2 | FG15: 0 | FH15: 0 | FI15: 2 | FJ15: 1 | FK15: 4 | FL15: 5 | FM15: 8 | FN15: 10 | FO15: 18 | FP15: 2 | FQ15: 1 | FR15: 3 | FS15: 7 | FT15: 14 | FU15: 15 | FV15: 15 | FW15: 16 | FX15: 17 | FY15: 12 | FZ15: 25 | GA15: 9 | GB15: 76 | GC15: 60 | GD15: 136 | GE15: 27 | GF15: 79 | GG15: 155 | GH15: 136 | GI15: 57 | GJ15: 47 | GK15: 68 | GL15: 43 | GM15: 63 | GN15: 8 | GO15: 13 | GP15: 1 | GQ15: 383 | GR15: 314 | GS15: 697 | GT15: 1 | GU15: 0 | GV15: 0 | GW15: 3 | GX15: 4 | GY15: 4 | GZ15: 4 | HA15: 5.5 | HB15: 1 | HC15: 2 | HD15: 0 | HE15: 0 | HF15: 10 | HG15: 14.5 | HH15: 24.5 | HI15: 15 | HJ15: 10 | HK15: 33 | HL15: 37 | HM15: 24 | HN15: 11 | HO15: 21 | HP15: 13 | HQ15: 7 | HR15: 5 | HS15: 3 | HT15: 0 | HU15: 103 | HV15: 76 | HW15: 179 | HX15: 72 | HY15: 69 | HZ15: 51 | IA15: 55 | IB15: 80 | IC15: 120 | ID15: 171 | IE15: 196 | IF15: 196 | IG15: 128 | IH15: 161 | II15: 69 | IJ15: 731 | IK15: 637 | IL15: 1368 | IM15: 9 | IN15: 15 | IO15: 11 | IP15: 6 | IQ15: 0 | IR15: 0 | IS15: 1 | IT15: 2 | IU15: 55 | IV15: 38 | IW15: 76 | IX15: 61 | IY15: 137 | IZ15: 17 | JA15: 18 | JB15: 6 | JC15: 3 | JD15: 0 | JE15: 0 | JF15: 5 | JG15: 0 | JH15: 446 | JI15: 329 | JJ15: 474 | JK15: 350 | JL15: 824 | JM15: 2 | JN15: 4 | JO15: 1 | JP15: 2 | JQ15: 0 | JR15: 0 | JS15: 1 | JT15: 2 | JU15: 6 | JV15: 7.5 | JW15: 10 | JX15: 15.5 | JY15: 25.5 | JZ15: 5 | KA15: 8 | KB15: 23 | KC15: 5 | KD15: 0 | KE15: 0 | KF15: 0 | KG15: 1 | KH15: 30 | KI15: 28 | KJ15: 58 | KK15: 42 | KL15: 100 | KM15: 0 | KN15: 0 | KO15: 14 | KP15: 3 | KQ15: 25 | KR15: 30 | KS15: 15 | KT15: 22 | KU15: 57 | KV15: 25 | KW15: 50 | KX15: 62 | KY15: 286 | KZ15: 2 | LA15: 0 | LB15: 0 | LC15: 71 | LD15: 71
A16: Republic of Ireland | B16: 5 | C16: 0 | D16: 0 | E16: 0 | F16: 0 | G16: 0 | H16: 0 | I16: 0 | J16: 243390 | K16: 0 | L16: 0 | M16: 0 | N16: 0 | O16: 4 | P16: 3.5 | Q16: 1 | R16: 0 | S16: 4 | T16: 6.5 | U16: 1 | V16: 5 | W16: 3 | X16: 5 | Y16: 4 | Z16: 10 | AA16: 17 | AB16: 30 | AC16: 47 | AD16: 1 | AE16: 2 | AF16: 0 | AG16: 1 | AH16: 4 | AI16: 10 | AJ16: 5 | AK16: 13 | AL16: 18 | AM16: 1 | AN16: 6 | AO16: 7 | AP16: 940 | AQ16: 24 | AR16: 22 | AS16: 0 | AT16: 0 | AU16: 0 | AV16: 0 | AW16: 0 | AX16: 0 | AY16: 0 | AZ16: 0 | BA16: 0 | BB16: 0 | BC16: 0 | BD16: 0 | BE16: 0 | BF16: 0 | BG16: 0 | BH16: 0 | BI16: 0 | BJ16: 0 | BK16: 0 | BL16: 0 | BM16: 0 | BN16: 0 | BO16: 0 | BP16: 0 | BQ16: 24 | BR16: 22 | BS16: 46 | BT16: 5 | BU16: 4.5 | BV16: 0 | BW16: 0 | BX16: 0 | BY16: 0 | BZ16: 0 | CA16: 0 | CB16: 0 | CC16: 0 | CD16: 0 | CE16: 0 | CF16: 0 | CG16: 0 | CH16: 0 | CI16: 0 | CJ16: 0 | CK16: 0 | CL16: 0 | CM16: 0 | CN16: 0 | CO16: 0 | CP16: 0 | CQ16: 0 | CR16: 0 | CS16: 0 | CT16: 5 | CU16: 4.5 | CV16: 9.5 | CW16: 5 | CX16: 11.5 | CY16: 0 | CZ16: 0 | DA16: 0 | DB16: 0 | DC16: 0 | DD16: 0 | DE16: 0 | DF16: 0 | DG16: 0 | DH16: 0 | DI16: 0 | DJ16: 0 | DK16: 0 | DL16: 0 | DM16: 0 | DN16: 0 | DO16: 0 | DP16: 0 | DQ16: 0 | DR16: 0 | DS16: 0 | DT16: 0 | DU16: 0 | DV16: 0 | DW16: 5 | DX16: 11.5 | DY16: 16.5 | DZ16: 6 | EA16: 16 | EB16: 0 | EC16: 0 | ED16: 0 | EE16: 0 | EF16: 0 | EG16: 0 | EH16: 0 | EI16: 0 | EJ16: 0 | EK16: 0 | EL16: 0 | EM16: 0 | EN16: 0 | EO16: 0 | EP16: 0 | EQ16: 0 | ER16: 0 | ES16: 0 | ET16: 0 | EU16: 0 | EV16: 0 | EW16: 0 | EX16: 0 | EY16: 0 | EZ16: 6 | FA16: 16 | FB16: 22 | FC16: 1 | FD16: 0 | FE16: 0 | FF16: 0 | FG16: 0 | FH16: 0 | FI16: 0 | FJ16: 0 | FK16: 0 | FL16: 0 | FM16: 1 | FN16: 0 | FO16: 1 | FP16: 0 | FQ16: 0 | FR16: 1 | FS16: 1 | FT16: 1 | FU16: 3 | FV16: 7 | FW16: 4 | FX16: 7 | FY16: 4 | FZ16: 1 | GA16: 0 | GB16: 17 | GC16: 12 | GD16: 29 | GE16: 0 | GF16: 0 | GG16: 2 | GH16: 0 | GI16: 1 | GJ16: 2 | GK16: 1 | GL16: 2.5 | GM16: 0 | GN16: 0 | GO16: 1 | GP16: 0 | GQ16: 5 | GR16: 4.5 | GS16: 9.5 | GT16: 0 | GU16: 1 | GV16: 0 | GW16: 0 | GX16: 0 | GY16: 2 | GZ16: 1 | HA16: 2.5 | HB16: 1 | HC16: 1 | HD16: 0 | HE16: 0 | HF16: 2 | HG16: 6.5 | HH16: 8.5 | HI16: 1 | HJ16: 0 | HK16: 1 | HL16: 1 | HM16: 2 | HN16: 0 | HO16: 0 | HP16: 5 | HQ16: 1 | HR16: 1 | HS16: 0 | HT16: 0 | HU16: 5 | HV16: 7 | HW16: 12 | HX16: 0 | HY16: 0 | HZ16: 0 | IA16: 0 | IB16: 0 | IC16: 0 | ID16: 0 | IE16: 0 | IF16: 0 | IG16: 1 | IH16: 1 | II16: 1 | IJ16: 1 | IK16: 2 | IL16: 3 | IM16: 2 | IN16: 2 | IO16: 1 | IP16: 0 | IQ16: 0 | IR16: 1 | IS16: 3 | IT16: 3 | IU16: 12 | IV16: 11 | IW16: 18 | IX16: 17 | IY16: 35 | IZ16: 0 | JA16: 0 | JB16: 0 | JC16: 0 | JD16: 0 | JE16: 0 | JF16: 0 | JG16: 0 | JH16: 0 | JI16: 0 | JJ16: 0 | JK16: 0 | JL16: 0 | JM16: 0 | JN16: 0 | JO16: 0 | JP16: 1 | JQ16: 0 | JR16: 0 | JS16: 0 | JT16: 0 | JU16: 5 | JV16: 9 | JW16: 5 | JX16: 10 | JY16: 15 | JZ16: 0 | KA16: 3 | KB16: 2 | KC16: 3 | KD16: 0 | KE16: 0 | KF16: 0 | KG16: 0 | KH16: 3 | KI16: 10 | KJ16: 5 | KK16: 16 | KL16: 21 | KM16: 0 | KN16: 0 | KO16: 5 | KP16: 0 | KQ16: 2 | KR16: 1 | KS16: 0 | KT16: 1 | KU16: 5 | KV16: 3 | KW16: 4 | KX16: 14 | KY16: 30 | KZ16: 4 | LA16: 0 | LB16: 4 | LC16: 8 | LD16: 12
A17: Mid Ulster | B17: 1 | C17: 0 | D17: 0 | E17: 0 | F17: 0 | G17: 0 | H17: 0 | I17: 0 | J17: 38204 | K17: 0 | L17: 0 | M17: 0 | N17: 0 | O17: 0 | P17: 0 | Q17: 0 | R17: 0 | S17: 0 | T17: 0 | U17: 0 | V17: 0 | W17: 0 | X17: 0 | Y17: 0 | Z17: 0 | AA17: 0 | AB17: 0 | AC17: 0 | AD17: 20 | AE17: 11 | AF17: 1 | AG17: 1 | AH17: 1 | AI17: 0 | AJ17: 22 | AK17: 12 | AL17: 34 | AM17: 8 | AN17: 10 | AO17: 18 | AP17: 408 | AQ17: 2 | AR17: 3 | AS17: 0 | AT17: 0 | AU17: 0 | AV17: 0 | AW17: 0 | AX17: 0 | AY17: 0 | AZ17: 0 | BA17: 0 | BB17: 0 | BC17: 0 | BD17: 0 | BE17: 0 | BF17: 0 | BG17: 0 | BH17: 0 | BI17: 0 | BJ17: 0 | BK17: 0 | BL17: 0 | BM17: 0 | BN17: 0 | BO17: 0 | BP17: 0 | BQ17: 2 | BR17: 3 | BS17: 5 | BT17: 20 | BU17: 11 | BV17: 0 | BW17: 0 | BX17: 0 | BY17: 0 | BZ17: 0 | CA17: 0 | CB17: 0 | CC17: 0 | CD17: 0 | CE17: 0 | CF17: 0 | CG17: 0 | CH17: 0 | CI17: 0 | CJ17: 0 | CK17: 0 | CL17: 0 | CM17: 0 | CN17: 0 | CO17: 0 | CP17: 0 | CQ17: 0 | CR17: 0 | CS17: 0 | CT17: 20 | CU17: 11 | CV17: 31 | CW17: 1 | CX17: 1 | CY17: 0 | CZ17: 0 | DA17: 0 | DB17: 0 | DC17: 0 | DD17: 0 | DE17: 0 | DF17: 0 | DG17: 0 | DH17: 0 | DI17: 0 | DJ17: 0 | DK17: 0 | DL17: 0 | DM17: 0 | DN17: 0 | DO17: 0 | DP17: 0 | DQ17: 0 | DR17: 0 | DS17: 0 | DT17: 0 | DU17: 0 | DV17: 0 | DW17: 1 | DX17: 1 | DY17: 2 | DZ17: 1 | EA17: 0 | EB17: 0 | EC17: 0 | ED17: 0 | EE17: 0 | EF17: 0 | EG17: 0 | EH17: 0 | EI17: 0 | EJ17: 0 | EK17: 0 | EL17: 0 | EM17: 0 | EN17: 0 | EO17: 0 | EP17: 0 | EQ17: 0 | ER17: 0 | ES17: 0 | ET17: 0 | EU17: 0 | EV17: 0 | EW17: 0 | EX17: 0 | EY17: 0 | EZ17: 1 | FA17: 0 | FB17: 1 | FC17: 0 | FD17: 0 | FE17: 0 | FF17: 1 | FG17: 0 | FH17: 0 | FI17: 0 | FJ17: 0 | FK17: 1 | FL17: 2 | FM17: 1 | FN17: 3 | FO17: 4 | FP17: 0 | FQ17: 0 | FR17: 0 | FS17: 1 | FT17: 2 | FU17: 1 | FV17: 0 | FW17: 1 | FX17: 0 | FY17: 0 | FZ17: 0 | GA17: 0 | GB17: 2 | GC17: 3 | GD17: 5 | GE17: 6 | GF17: 3 | GG17: 9 | GH17: 5 | GI17: 3 | GJ17: 1 | GK17: 1 | GL17: 1 | GM17: 1 | GN17: 1 | GO17: 0 | GP17: 0 | GQ17: 20 | GR17: 11 | GS17: 31 | GT17: 0 | GU17: 0 | GV17: 0 | GW17: 0 | GX17: 0 | GY17: 1 | GZ17: 1 | HA17: 0 | HB17: 0 | HC17: 0 | HD17: 0 | HE17: 0 | HF17: 1 | HG17: 1 | HH17: 2 | HI17: 0 | HJ17: 0 | HK17: 0 | HL17: 0 | HM17: 1 | HN17: 0 | HO17: 0 | HP17: 0 | HQ17: 0 | HR17: 0 | HS17: 0 | HT17: 0 | HU17: 1 | HV17: 0 | HW17: 1 | HX17: 5 | HY17: 8 | HZ17: 1 | IA17: 2 | IB17: 1 | IC17: 0 | ID17: 1 | IE17: 0 | IF17: 0 | IG17: 0 | IH17: 0 | II17: 0 | IJ17: 8 | IK17: 10 | IL17: 18 | IM17: 1 | IN17: 2 | IO17: 0 | IP17: 1 | IQ17: 0 | IR17: 0 | IS17: 1 | IT17: 0 | IU17: 0 | IV17: 0 | IW17: 2 | IX17: 3 | IY17: 5 | IZ17: 15 | JA17: 8 | JB17: 3 | JC17: 3 | JD17: 0 | JE17: 0 | JF17: 2 | JG17: 0 | JH17: 0 | JI17: 0 | JJ17: 20 | JK17: 11 | JL17: 31 | JM17: 1 | JN17: 1 | JO17: 0 | JP17: 0 | JQ17: 0 | JR17: 0 | JS17: 0 | JT17: 0 | JU17: 0 | JV17: 0 | JW17: 1 | JX17: 1 | JY17: 2 | JZ17: 1 | KA17: 0 | KB17: 0 | KC17: 0 | KD17: 0 | KE17: 0 | KF17: 0 | KG17: 0 | KH17: 0 | KI17: 0 | KJ17: 1 | KK17: 0 | KL17: 1 | KM17: 0 | KN17: 0 | KO17: 1 | KP17: 0 | KQ17: 0 | KR17: 0 | KS17: 0 | KT17: 0 | KU17: 0 | KV17: 0 | KW17: 0 | KX17: 13 | KY17: 13 | KZ17: 1 | LA17: 0 | LB17: 0 | LC17: 7 | LD17: 7
A18: Armagh, Banbridge and Craigavon | B18: 5 | C18: 0 | D18: 0 | E18: 0 | F18: 0 | G18: 0 | H18: 0 | I18: 0 | J18: 204170 | K18: 0 | L18: 0 | M18: 0 | N18: 0 | O18: 2 | P18: 1 | Q18: 0 | R18: 1 | S18: 2 | T18: 1 | U18: 0 | V18: 2 | W18: 1 | X18: 1 | Y18: 0 | Z18: 1 | AA18: 5 | AB18: 7 | AC18: 12 | AD18: 272 | AE18: 163 | AF18: 1 | AG18: 2 | AH18: 4 | AI18: 5 | AJ18: 277 | AK18: 170 | AL18: 447 | AM18: 812 | AN18: 461 | AO18: 1273 | AP18: 6021 | AQ18: 25 | AR18: 20 | AS18: 0 | AT18: 0 | AU18: 0 | AV18: 0 | AW18: 0 | AX18: 0 | AY18: 0 | AZ18: 0 | BA18: 0 | BB18: 0 | BC18: 0 | BD18: 0 | BE18: 0 | BF18: 0 | BG18: 0 | BH18: 0 | BI18: 0 | BJ18: 0 | BK18: 0 | BL18: 0 | BM18: 0 | BN18: 1 | BO18: 0 | BP18: 0 | BQ18: 25 | BR18: 21 | BS18: 46 | BT18: 256 | BU18: 143 | BV18: 0 | BW18: 0 | BX18: 0 | BY18: 0 | BZ18: 0 | CA18: 0 | CB18: 0 | CC18: 0 | CD18: 0 | CE18: 0 | CF18: 0 | CG18: 0 | CH18: 0 | CI18: 0 | CJ18: 0 | CK18: 0 | CL18: 0 | CM18: 0 | CN18: 0 | CO18: 0 | CP18: 0 | CQ18: 0 | CR18: 0 | CS18: 0 | CT18: 256 | CU18: 143 | CV18: 399 | CW18: 2 | CX18: 4 | CY18: 0 | CZ18: 0 | DA18: 0 | DB18: 0 | DC18: 0 | DD18: 0 | DE18: 0 | DF18: 0 | DG18: 0 | DH18: 0 | DI18: 0 | DJ18: 0 | DK18: 0 | DL18: 0 | DM18: 0 | DN18: 0 | DO18: 0 | DP18: 0 | DQ18: 0 | DR18: 0 | DS18: 0 | DT18: 0 | DU18: 0 | DV18: 0 | DW18: 2 | DX18: 4 | DY18: 6 | DZ18: 4 | EA18: 8 | EB18: 0 | EC18: 0 | ED18: 0 | EE18: 0 | EF18: 0 | EG18: 0 | EH18: 0 | EI18: 0 | EJ18: 0 | EK18: 0 | EL18: 0 | EM18: 0 | EN18: 0 | EO18: 0 | EP18: 0 | EQ18: 0 | ER18: 0 | ES18: 0 | ET18: 0 | EU18: 0 | EV18: 0 | EW18: 0 | EX18: 0 | EY18: 0 | EZ18: 4 | FA18: 8 | FB18: 12 | FC18: 0 | FD18: 0 | FE18: 0 | FF18: 0 | FG18: 0 | FH18: 0 | FI18: 0 | FJ18: 0 | FK18: 0 | FL18: 0 | FM18: 0 | FN18: 0 | FO18: 0 | FP18: 2 | FQ18: 0 | FR18: 0 | FS18: 2 | FT18: 3 | FU18: 5 | FV18: 7 | FW18: 6 | FX18: 6 | FY18: 4 | FZ18: 7 | GA18: 4 | GB18: 25 | GC18: 21 | GD18: 46 | GE18: 0 | GF18: 55 | GG18: 55 | GH18: 39 | GI18: 26 | GJ18: 24 | GK18: 55 | GL18: 19 | GM18: 52 | GN18: 7 | GO18: 12 | GP18: 0 | GQ18: 200 | GR18: 144 | GS18: 344 | GT18: 0 | GU18: 0 | GV18: 0 | GW18: 1 | GX18: 2 | GY18: 1 | GZ18: 0 | HA18: 1 | HB18: 0 | HC18: 1 | HD18: 0 | HE18: 0 | HF18: 2 | HG18: 4 | HH18: 6 | HI18: 0 | HJ18: 0 | HK18: 0 | HL18: 4 | HM18: 3 | HN18: 0 | HO18: 4 | HP18: 2 | HQ18: 2 | HR18: 1 | HS18: 1 | HT18: 0 | HU18: 10 | HV18: 7 | HW18: 17 | HX18: 62 | HY18: 51 | HZ18: 37 | IA18: 38 | IB18: 75 | IC18: 113 | ID18: 163 | IE18: 190 | IF18: 185 | IG18: 112 | IH18: 150 | II18: 67 | IJ18: 672 | IK18: 571 | IL18: 1243 | IM18: 5 | IN18: 10 | IO18: 1 | IP18: 1 | IQ18: 0 | IR18: 0 | IS18: 0 | IT18: 1 | IU18: 19 | IV18: 9 | IW18: 25 | IX18: 21 | IY18: 46 | IZ18: 1 | JA18: 7 | JB18: 2 | JC18: 0 | JD18: 0 | JE18: 0 | JF18: 2 | JG18: 0 | JH18: 252 | JI18: 136 | JJ18: 257 | JK18: 143 | JL18: 400 | JM18: 0 | JN18: 2 | JO18: 0 | JP18: 0 | JQ18: 0 | JR18: 0 | JS18: 0 | JT18: 0 | JU18: 2 | JV18: 2 | JW18: 2 | JX18: 4 | JY18: 6 | JZ18: 4 | KA18: 5 | KB18: 0 | KC18: 0 | KD18: 0 | KE18: 0 | KF18: 0 | KG18: 0 | KH18: 8 | KI18: 8 | KJ18: 12 | KK18: 13 | KL18: 25 | KM18: 0 | KN18: 0 | KO18: 4 | KP18: 1 | KQ18: 18 | KR18: 24 | KS18: 11 | KT18: 14 | KU18: 34 | KV18: 18 | KW18: 21 | KX18: 5 | KY18: 145 | KZ18: 0 | LA18: 0 | LB18: 0 | LC18: 6 | LD18: 6
A19: Newry, Mourne and Down | B19: 4 | C19: 0 | D19: 0 | E19: 0 | F19: 0 | G19: 0 | H19: 0 | I19: 0 | J19: 255485 | K19: 0 | L19: 0 | M19: 0 | N19: 0 | O19: 1 | P19: 1 | Q19: 0 | R19: 2 | S19: 1 | T19: 2 | U19: 0 | V19: 2 | W19: 0 | X19: 1 | Y19: 1 | Z19: 0 | AA19: 3 | AB19: 8 | AC19: 11 | AD19: 47 | AE19: 48 | AF19: 1 | AG19: 0.5 | AH19: 2 | AI19: 1 | AJ19: 50 | AK19: 49.5 | AL19: 99.5 | AM19: 14 | AN19: 29 | AO19: 43 | AP19: 2938 | AQ19: 10 | AR19: 12 | AS19: 0 | AT19: 0 | AU19: 0 | AV19: 0 | AW19: 0 | AX19: 0 | AY19: 0 | AZ19: 0 | BA19: 0 | BB19: 0 | BC19: 0 | BD19: 0 | BE19: 0 | BF19: 0 | BG19: 0 | BH19: 0 | BI19: 0 | BJ19: 0 | BK19: 0 | BL19: 0 | BM19: 0 | BN19: 0 | BO19: 0 | BP19: 0 | BQ19: 10 | BR19: 12 | BS19: 22 | BT19: 39 | BU19: 28 | BV19: 0 | BW19: 0 | BX19: 0 | BY19: 1 | BZ19: 0 | CA19: 0 | CB19: 0 | CC19: 0 | CD19: 0 | CE19: 0 | CF19: 0 | CG19: 0 | CH19: 0 | CI19: 0 | CJ19: 0 | CK19: 0 | CL19: 0 | CM19: 0 | CN19: 0 | CO19: 0 | CP19: 0 | CQ19: 0 | CR19: 0 | CS19: 0 | CT19: 39 | CU19: 29 | CV19: 68 | CW19: 1 | CX19: 3.5 | CY19: 0 | CZ19: 0 | DA19: 0 | DB19: 0 | DC19: 0 | DD19: 0 | DE19: 0 | DF19: 0 | DG19: 0 | DH19: 0 | DI19: 0 | DJ19: 0 | DK19: 0 | DL19: 0 | DM19: 0 | DN19: 0 | DO19: 0 | DP19: 0 | DQ19: 0 | DR19: 0 | DS19: 0 | DT19: 0 | DU19: 0 | DV19: 0 | DW19: 1 | DX19: 3.5 | DY19: 4.5 | DZ19: 14 | EA19: 8 | EB19: 0 | EC19: 0 | ED19: 1 | EE19: 0 | EF19: 0 | EG19: 0 | EH19: 0 | EI19: 0 | EJ19: 0 | EK19: 0 | EL19: 0 | EM19: 0 | EN19: 0 | EO19: 0 | EP19: 0 | EQ19: 0 | ER19: 0 | ES19: 0 | ET19: 0 | EU19: 0 | EV19: 1 | EW19: 0 | EX19: 0 | EY19: 0 | EZ19: 16 | FA19: 8 | FB19: 24 | FC19: 1 | FD19: 1 | FE19: 0 | FF19: 0 | FG19: 0 | FH19: 0 | FI19: 2 | FJ19: 1 | FK19: 1 | FL19: 2 | FM19: 4 | FN19: 4 | FO19: 8 | FP19: 0 | FQ19: 0 | FR19: 1 | FS19: 2 | FT19: 3 | FU19: 2 | FV19: 0 | FW19: 3 | FX19: 5 | FY19: 4 | FZ19: 1 | GA19: 1 | GB19: 10 | GC19: 12 | GD19: 22 | GE19: 2 | GF19: 1 | GG19: 16 | GH19: 12 | GI19: 10 | GJ19: 10 | GK19: 8 | GL19: 6 | GM19: 2 | GN19: 0 | GO19: 1 | GP19: 1 | GQ19: 39 | GR19: 30 | GS19: 69 | GT19: 0 | GU19: 0 | GV19: 0 | GW19: 0 | GX19: 1 | GY19: 1 | GZ19: 0 | HA19: 2.5 | HB19: 0 | HC19: 0 | HD19: 0 | HE19: 0 | HF19: 1 | HG19: 3.5 | HH19: 4.5 | HI19: 0 | HJ19: 0 | HK19: 11 | HL19: 6 | HM19: 3 | HN19: 2 | HO19: 0 | HP19: 2 | HQ19: 0 | HR19: 0 | HS19: 0 | HT19: 0 | HU19: 14 | HV19: 10 | HW19: 24 | HX19: 1 | HY19: 4 | HZ19: 9 | IA19: 7 | IB19: 0 | IC19: 1 | ID19: 0 | IE19: 0 | IF19: 0 | IG19: 1 | IH19: 0 | II19: 0 | IJ19: 10 | IK19: 13 | IL19: 23 | IM19: 2 | IN19: 1 | IO19: 1 | IP19: 1 | IQ19: 0 | IR19: 0 | IS19: 0 | IT19: 0 | IU19: 8 | IV19: 10 | IW19: 11 | IX19: 12 | IY19: 23 | IZ19: 1 | JA19: 3 | JB19: 1 | JC19: 0 | JD19: 0 | JE19: 0 | JF19: 0 | JG19: 0 | JH19: 37 | JI19: 27 | JJ19: 39 | JK19: 30 | JL19: 69 | JM19: 1 | JN19: 1 | JO19: 0 | JP19: 1 | JQ19: 0 | JR19: 0 | JS19: 0 | JT19: 0 | JU19: 0 | JV19: 1.5 | JW19: 1 | JX19: 3.5 | JY19: 4.5 | JZ19: 0 | KA19: 1 | KB19: 0 | KC19: 0 | KD19: 0 | KE19: 0 | KF19: 0 | KG19: 1 | KH19: 14 | KI19: 8 | KJ19: 14 | KK19: 10 | KL19: 24 | KM19: 0 | KN19: 0 | KO19: 3 | KP19: 1 | KQ19: 3 | KR19: 6 | KS19: 4 | KT19: 6 | KU19: 23 | KV19: 4 | KW19: 27 | KX19: 5 | KY19: 78 | KZ19: 1 | LA19: 0 | LB19: 0 | LC19: 24 | LD19: 24
A20: Causeway Coast and Glens | B20: 1 | C20: 0 | D20: 0 | E20: 0 | F20: 0 | G20: 0 | H20: 0 | I20: 0 | J20: 150350 | K20: 0 | L20: 0 | M20: 0 | N20: 0 | O20: 0 | P20: 2 | Q20: 0 | R20: 1 | S20: 0 | T20: 3 | U20: 0 | V20: 0 | W20: 0 | X20: 1 | Y20: 0 | Z20: 0 | AA20: 0 | AB20: 7 | AC20: 7 | AD20: 51 | AE20: 43 | AF20: 0 | AG20: 0 | AH20: 0 | AI20: 2 | AJ20: 51 | AK20: 45 | AL20: 96 | AM20: 14 | AN20: 7 | AO20: 21 | AP20: 75 | AQ20: 5 | AR20: 4 | AS20: 0 | AT20: 0 | AU20: 0 | AV20: 0 | AW20: 0 | AX20: 0 | AY20: 0 | AZ20: 0 | BA20: 0 | BB20: 0 | BC20: 0 | BD20: 0 | BE20: 0 | BF20: 0 | BG20: 0 | BH20: 0 | BI20: 0 | BJ20: 0 | BK20: 0 | BL20: 0 | BM20: 0 | BN20: 0 | BO20: 0 | BP20: 0 | BQ20: 5 | BR20: 4 | BS20: 9 | BT20: 0 | BU20: 3 | BV20: 0 | BW20: 0 | BX20: 0 | BY20: 0 | BZ20: 0 | CA20: 0 | CB20: 0 | CC20: 0 | CD20: 0 | CE20: 0 | CF20: 0 | CG20: 0 | CH20: 0 | CI20: 0 | CJ20: 0 | CK20: 0 | CL20: 0 | CM20: 0 | CN20: 0 | CO20: 0 | CP20: 0 | CQ20: 0 | CR20: 0 | CS20: 0 | CT20: 0 | CU20: 3 | CV20: 3 | CW20: 0 | CX20: 3 | CY20: 0 | CZ20: 0 | DA20: 0 | DB20: 0 | DC20: 0 | DD20: 0 | DE20: 0 | DF20: 0 | DG20: 0 | DH20: 0 | DI20: 0 | DJ20: 0 | DK20: 0 | DL20: 0 | DM20: 0 | DN20: 0 | DO20: 0 | DP20: 0 | DQ20: 0 | DR20: 0 | DS20: 0 | DT20: 0 | DU20: 0 | DV20: 0 | DW20: 0 | DX20: 3 | DY20: 3 | DZ20: 0 | EA20: 1 | EB20: 0 | EC20: 0 | ED20: 0 | EE20: 0 | EF20: 0 | EG20: 0 | EH20: 0 | EI20: 0 | EJ20: 0 | EK20: 0 | EL20: 0 | EM20: 0 | EN20: 0 | EO20: 0 | EP20: 0 | EQ20: 0 | ER20: 0 | ES20: 0 | ET20: 0 | EU20: 0 | EV20: 0 | EW20: 0 | EX20: 0 | EY20: 0 | EZ20: 0 | FA20: 1 | FB20: 1 | FC20: 0 | FD20: 0 | FE20: 0 | FF20: 0 | FG20: 0 | FH20: 0 | FI20: 0 | FJ20: 0 | FK20: 0 | FL20: 0 | FM20: 0 | FN20: 0 | FO20: 0 | FP20: 0 | FQ20: 0 | FR20: 0 | FS20: 0 | FT20: 0 | FU20: 0 | FV20: 3 | FW20: 1 | FX20: 0 | FY20: 2 | FZ20: 2 | GA20: 1 | GB20: 5 | GC20: 4 | GD20: 9 | GE20: 0 | GF20: 0 | GG20: 0 | GH20: 2 | GI20: 0 | GJ20: 0 | GK20: 0 | GL20: 1 | GM20: 0 | GN20: 0 | GO20: 0 | GP20: 0 | GQ20: 0 | GR20: 3 | GS20: 3 | GT20: 0 | GU20: 0 | GV20: 0 | GW20: 1 | GX20: 0 | GY20: 0 | GZ20: 0 | HA20: 1 | HB20: 0 | HC20: 1 | HD20: 0 | HE20: 0 | HF20: 0 | HG20: 3 | HH20: 3 | HI20: 10 | HJ20: 9 | HK20: 20 | HL20: 24 | HM20: 8 | HN20: 6 | HO20: 8 | HP20: 5 | HQ20: 5 | HR20: 2 | HS20: 0 | HT20: 0 | HU20: 51 | HV20: 46 | HW20: 97 | HX20: 0 | HY20: 0 | HZ20: 0 | IA20: 0 | IB20: 0 | IC20: 0 | ID20: 0 | IE20: 0 | IF20: 4 | IG20: 5 | IH20: 10 | II20: 2 | IJ20: 14 | IK20: 7 | IL20: 21 | IM20: 0 | IN20: 0 | IO20: 0 | IP20: 0 | IQ20: 0 | IR20: 0 | IS20: 0 | IT20: 0 | IU20: 5 | IV20: 4 | IW20: 5 | IX20: 4 | IY20: 9 | IZ20: 0 | JA20: 0 | JB20: 0 | JC20: 0 | JD20: 0 | JE20: 0 | JF20: 0 | JG20: 0 | JH20: 0 | JI20: 3 | JJ20: 0 | JK20: 3 | JL20: 3 | JM20: 0 | JN20: 0 | JO20: 0 | JP20: 0 | JQ20: 0 | JR20: 0 | JS20: 0 | JT20: 0 | JU20: 0 | JV20: 3 | JW20: 0 | JX20: 3 | JY20: 3 | JZ20: 0 | KA20: 0 | KB20: 0 | KC20: 0 | KD20: 0 | KE20: 0 | KF20: 0 | KG20: 0 | KH20: 0 | KI20: 1 | KJ20: 0 | KK20: 1 | KL20: 1 | KM20: 0 | KN20: 0 | KO20: 1 | KP20: 0 | KQ20: 2 | KR20: 0 | KS20: 0 | KT20: 2 | KU20: 0 | KV20: 2 | KW20: 1 | KX20: 8 | KY20: 15 | KZ20: 0 | LA20: 0 | LB20: 0 | LC20: 20 | LD20: 20
A21: Fermanagh and Omagh | B21: 3 | C21: 0 | D21: 0 | E21: 0 | F21: 0 | G21: 0 | H21: 0 | I21: 0 | J21: 195936 | K21: 0 | L21: 0 | M21: 0 | N21: 0 | O21: 1 | P21: 0 | Q21: 0 | R21: 0 | S21: 1 | T21: 0 | U21: 0 | V21: 3 | W21: 0 | X21: 0 | Y21: 1 | Z21: 1 | AA21: 3 | AB21: 4 | AC21: 7 | AD21: 122 | AE21: 123 | AF21: 0 | AG21: 0 | AH21: 9 | AI21: 9 | AJ21: 131 | AK21: 132 | AL21: 263 | AM21: 11 | AN21: 18 | AO21: 29 | AP21: 210 | AQ21: 9 | AR21: 8 | AS21: 0 | AT21: 0 | AU21: 0 | AV21: 0 | AW21: 0 | AX21: 0 | AY21: 0 | AZ21: 0 | BA21: 0 | BB21: 0 | BC21: 0 | BD21: 0 | BE21: 0 | BF21: 0 | BG21: 0 | BH21: 0 | BI21: 0 | BJ21: 0 | BK21: 0 | BL21: 0 | BM21: 0 | BN21: 0 | BO21: 0 | BP21: 0 | BQ21: 9 | BR21: 8 | BS21: 17 | BT21: 120 | BU21: 120 | BV21: 0 | BW21: 0 | BX21: 0 | BY21: 0 | BZ21: 0 | CA21: 0 | CB21: 0 | CC21: 0 | CD21: 0 | CE21: 0 | CF21: 0 | CG21: 0 | CH21: 0 | CI21: 0 | CJ21: 0 | CK21: 0 | CL21: 0 | CM21: 0 | CN21: 0 | CO21: 0 | CP21: 0 | CQ21: 0 | CR21: 0 | CS21: 0 | CT21: 120 | CU21: 120 | CV21: 240 | CW21: 1 | CX21: 3 | CY21: 0 | CZ21: 0 | DA21: 0 | DB21: 0 | DC21: 0 | DD21: 0 | DE21: 0 | DF21: 0 | DG21: 0 | DH21: 0 | DI21: 0 | DJ21: 0 | DK21: 0 | DL21: 0 | DM21: 0 | DN21: 0 | DO21: 0 | DP21: 0 | DQ21: 0 | DR21: 0 | DS21: 0 | DT21: 0 | DU21: 0 | DV21: 0 | DW21: 1 | DX21: 3 | DY21: 4 | DZ21: 7 | EA21: 3 | EB21: 0 | EC21: 0 | ED21: 0 | EE21: 0 | EF21: 0 | EG21: 0 | EH21: 0 | EI21: 0 | EJ21: 0 | EK21: 0 | EL21: 0 | EM21: 0 | EN21: 0 | EO21: 0 | EP21: 0 | EQ21: 0 | ER21: 0 | ES21: 0 | ET21: 0 | EU21: 0 | EV21: 0 | EW21: 0 | EX21: 0 | EY21: 0 | EZ21: 7 | FA21: 3 | FB21: 10 | FC21: 0 | FD21: 0 | FE21: 0 | FF21: 0 | FG21: 0 | FH21: 0 | FI21: 0 | FJ21: 0 | FK21: 0 | FL21: 0 | FM21: 0 | FN21: 0 | FO21: 0 | FP21: 0 | FQ21: 0 | FR21: 0 | FS21: 0 | FT21: 1 | FU21: 5 | FV21: 0 | FW21: 1 | FX21: 3 | FY21: 1 | FZ21: 5 | GA21: 1 | GB21: 9 | GC21: 8 | GD21: 17 | GE21: 19 | GF21: 20 | GG21: 75 | GH21: 78 | GI21: 18 | GJ21: 12 | GK21: 4 | GL21: 16 | GM21: 8 | GN21: 0 | GO21: 0 | GP21: 0 | GQ21: 124 | GR21: 126 | GS21: 250 | GT21: 1 | GU21: 0 | GV21: 0 | GW21: 1 | GX21: 1 | GY21: 1 | GZ21: 0 | HA21: 0 | HB21: 0 | HC21: 0 | HD21: 0 | HE21: 0 | HF21: 2 | HG21: 2 | HH21: 4 | HI21: 0 | HJ21: 0 | HK21: 0 | HL21: 0 | HM21: 0 | HN21: 1 | HO21: 0 | HP21: 1 | HQ21: 0 | HR21: 0 | HS21: 0 | HT21: 0 | HU21: 0 | HV21: 2 | HW21: 2 | HX21: 0 | HY21: 0 | HZ21: 0 | IA21: 0 | IB21: 0 | IC21: 0 | ID21: 0 | IE21: 0 | IF21: 0 | IG21: 0 | IH21: 0 | II21: 0 | IJ21: 0 | IK21: 0 | IL21: 0 | IM21: 0 | IN21: 1 | IO21: 0 | IP21: 2 | IQ21: 0 | IR21: 0 | IS21: 0 | IT21: 1 | IU21: 9 | IV21: 4 | IW21: 9 | IX21: 8 | IY21: 17 | IZ21: 0 | JA21: 0 | JB21: 0 | JC21: 0 | JD21: 0 | JE21: 0 | JF21: 1 | JG21: 0 | JH21: 120 | JI21: 119 | JJ21: 121 | JK21: 119 | JL21: 240 | JM21: 0 | JN21: 0 | JO21: 0 | JP21: 1 | JQ21: 0 | JR21: 0 | JS21: 0 | JT21: 1 | JU21: 1 | JV21: 1 | JW21: 1 | JX21: 3 | JY21: 4 | JZ21: 0 | KA21: 0 | KB21: 0 | KC21: 0 | KD21: 0 | KE21: 0 | KF21: 0 | KG21: 0 | KH21: 7 | KI21: 3 | KJ21: 7 | KK21: 3 | KL21: 10 | KM21: 0 | KN21: 0 | KO21: 2 | KP21: 0 | KQ21: 1 | KR21: 0 | KS21: 0 | KT21: 0 | KU21: 0 | KV21: 1 | KW21: 1 | KX21: 1 | KY21: 4 | KZ21: 0 | LA21: 0 | LB21: 0 | LC21: 0 | LD21: 0
A22: Lisburn and Castlereagh | B22: 1 | C22: 0 | D22: 0 | E22: 0 | F22: 0 | G22: 0 | H22: 0 | I22: 0 | J22: 35890 | K22: 0 | L22: 0 | M22: 0 | N22: 0 | O22: 0 | P22: 0 | Q22: 0 | R22: 0 | S22: 1 | T22: 0 | U22: 0 | V22: 0 | W22: 0 | X22: 0 | Y22: 0 | Z22: 0 | AA22: 1 | AB22: 0 | AC22: 1 | AD22: 0 | AE22: 0 | AF22: 1 | AG22: 0 | AH22: 23 | AI22: 7 | AJ22: 24 | AK22: 7 | AL22: 31 | AM22: 10 | AN22: 5 | AO22: 15 | AP22: 1620 | AQ22: 10 | AR22: 2 | AS22: 0 | AT22: 0 | AU22: 0 | AV22: 0 | AW22: 0 | AX22: 0 | AY22: 0 | AZ22: 0 | BA22: 0 | BB22: 0 | BC22: 0 | BD22: 0 | BE22: 0 | BF22: 0 | BG22: 0 | BH22: 0 | BI22: 0 | BJ22: 0 | BK22: 0 | BL22: 0 | BM22: 0 | BN22: 0 | BO22: 0 | BP22: 0 | BQ22: 10 | BR22: 2 | BS22: 12 | BT22: 0 | BU22: 0 | BV22: 0 | BW22: 0 | BX22: 0 | BY22: 0 | BZ22: 0 | CA22: 0 | CB22: 0 | CC22: 0 | CD22: 0 | CE22: 0 | CF22: 0 | CG22: 0 | CH22: 0 | CI22: 0 | CJ22: 0 | CK22: 0 | CL22: 0 | CM22: 0 | CN22: 0 | CO22: 0 | CP22: 0 | CQ22: 0 | CR22: 0 | CS22: 0 | CT22: 0 | CU22: 0 | CV22: 0 | CW22: 1 | CX22: 0 | CY22: 0 | CZ22: 0 | DA22: 0 | DB22: 0 | DC22: 0 | DD22: 0 | DE22: 0 | DF22: 0 | DG22: 0 | DH22: 0 | DI22: 0 | DJ22: 0 | DK22: 0 | DL22: 0 | DM22: 0 | DN22: 0 | DO22: 0 | DP22: 0 | DQ22: 0 | DR22: 0 | DS22: 0 | DT22: 0 | DU22: 0 | DV22: 0 | DW22: 1 | DX22: 0 | DY22: 1 | DZ22: 23 | EA22: 7 | EB22: 0 | EC22: 0 | ED22: 0 | EE22: 0 | EF22: 0 | EG22: 0 | EH22: 0 | EI22: 0 | EJ22: 0 | EK22: 0 | EL22: 0 | EM22: 0 | EN22: 0 | EO22: 0 | EP22: 0 | EQ22: 0 | ER22: 0 | ES22: 0 | ET22: 0 | EU22: 0 | EV22: 0 | EW22: 0 | EX22: 0 | EY22: 0 | EZ22: 23 | FA22: 7 | FB22: 30 | FC22: 1 | FD22: 0 | FE22: 0 | FF22: 0 | FG22: 0 | FH22: 0 | FI22: 0 | FJ22: 0 | FK22: 2 | FL22: 0 | FM22: 3 | FN22: 0 | FO22: 3 | FP22: 0 | FQ22: 1 | FR22: 2 | FS22: 0 | FT22: 2 | FU22: 1 | FV22: 0 | FW22: 0 | FX22: 1 | FY22: 0 | FZ22: 5 | GA22: 0 | GB22: 10 | GC22: 2 | GD22: 12 | GE22: 0 | GF22: 0 | GG22: 0 | GH22: 0 | GI22: 0 | GJ22: 0 | GK22: 0 | GL22: 0 | GM22: 0 | GN22: 0 | GO22: 0 | GP22: 0 | GQ22: 0 | GR22: 0 | GS22: 0 | GT22: 0 | GU22: 0 | GV22: 0 | GW22: 0 | GX22: 0 | GY22: 0 | GZ22: 1 | HA22: 0 | HB22: 0 | HC22: 0 | HD22: 0 | HE22: 0 | HF22: 1 | HG22: 0 | HH22: 1 | HI22: 5 | HJ22: 1 | HK22: 1 | HL22: 2 | HM22: 9 | HN22: 1 | HO22: 9 | HP22: 0 | HQ22: 0 | HR22: 0 | HS22: 2 | HT22: 0 | HU22: 26 | HV22: 4 | HW22: 30 | HX22: 2 | HY22: 0 | HZ22: 0 | IA22: 0 | IB22: 0 | IC22: 0 | ID22: 2 | IE22: 0 | IF22: 6 | IG22: 5 | IH22: 0 | II22: 0 | IJ22: 10 | IK22: 5 | IL22: 15 | IM22: 1 | IN22: 1 | IO22: 9 | IP22: 1 | IQ22: 0 | IR22: 0 | IS22: 0 | IT22: 0 | IU22: 0 | IV22: 0 | IW22: 10 | IX22: 2 | IY22: 12 | IZ22: 0 | JA22: 0 | JB22: 0 | JC22: 0 | JD22: 0 | JE22: 0 | JF22: 0 | JG22: 0 | JH22: 0 | JI22: 0 | JJ22: 0 | JK22: 0 | JL22: 0 | JM22: 0 | JN22: 0 | JO22: 1 | JP22: 0 | JQ22: 0 | JR22: 0 | JS22: 0 | JT22: 0 | JU22: 0 | JV22: 0 | JW22: 1 | JX22: 0 | JY22: 1 | JZ22: 0 | KA22: 2 | KB22: 23 | KC22: 5 | KD22: 0 | KE22: 0 | KF22: 0 | KG22: 0 | KH22: 0 | KI22: 0 | KJ22: 23 | KK22: 7 | KL22: 30 | KM22: 0 | KN22: 0 | KO22: 1 | KP22: 0 | KQ22: 0 | KR22: 0 | KS22: 0 | KT22: 0 | KU22: 0 | KV22: 0 | KW22: 0 | KX22: 30 | KY22: 30 | KZ22: 0 | LA22: 0 | LB22: 0 | LC22: 0 | LD22: 0
A23: Mid and East Antrim | B23: 0 | C23: 0 | D23: 0 | E23: 0 | F23: 0 | G23: 0 | H23: 0 | I23: 0 | J23: 0 | K23: 0 | L23: 0 | M23: 0 | N23: 0 | O23: 0 | P23: 0 | Q23: 0 | R23: 0 | S23: 0 | T23: 0 | U23: 0 | V23: 0 | W23: 0 | X23: 0 | Y23: 0 | Z23: 0 | AA23: 0 | AB23: 0 | AC23: 0 | AD23: 0 | AE23: 0 | AF23: 0 | AG23: 0 | AH23: 0 | AI23: 0 | AJ23: 0 | AK23: 0 | AL23: 0 | AM23: 0 | AN23: 0 | AO23: 0 | AP23: 0 | AQ23: 0 | AR23: 0 | AS23: 0 | AT23: 0 | AU23: 0 | AV23: 0 | AW23: 0 | AX23: 0 | AY23: 0 | AZ23: 0 | BA23: 0 | BB23: 0 | BC23: 0 | BD23: 0 | BE23: 0 | BF23: 0 | BG23: 0 | BH23: 0 | BI23: 0 | BJ23: 0 | BK23: 0 | BL23: 0 | BM23: 0 | BN23: 0 | BO23: 0 | BP23: 0 | BQ23: 0 | BR23: 0 | BS23: 0 | BT23: 0 | BU23: 0 | BV23: 0 | BW23: 0 | BX23: 0 | BY23: 0 | BZ23: 0 | CA23: 0 | CB23: 0 | CC23: 0 | CD23: 0 | CE23: 0 | CF23: 0 | CG23: 0 | CH23: 0 | CI23: 0 | CJ23: 0 | CK23: 0 | CL23: 0 | CM23: 0 | CN23: 0 | CO23: 0 | CP23: 0 | CQ23: 0 | CR23: 0 | CS23: 0 | CT23: 0 | CU23: 0 | CV23: 0 | CW23: 0 | CX23: 0 | CY23: 0 | CZ23: 0 | DA23: 0 | DB23: 0 | DC23: 0 | DD23: 0 | DE23: 0 | DF23: 0 | DG23: 0 | DH23: 0 | DI23: 0 | DJ23: 0 | DK23: 0 | DL23: 0 | DM23: 0 | DN23: 0 | DO23: 0 | DP23: 0 | DQ23: 0 | DR23: 0 | DS23: 0 | DT23: 0 | DU23: 0 | DV23: 0 | DW23: 0 | DX23: 0 | DY23: 0 | DZ23: 0 | EA23: 0 | EB23: 0 | EC23: 0 | ED23: 0 | EE23: 0 | EF23: 0 | EG23: 0 | EH23: 0 | EI23: 0 | EJ23: 0 | EK23: 0 | EL23: 0 | EM23: 0 | EN23: 0 | EO23: 0 | EP23: 0 | EQ23: 0 | ER23: 0 | ES23: 0 | ET23: 0 | EU23: 0 | EV23: 0 | EW23: 0 | EX23: 0 | EY23: 0 | EZ23: 0 | FA23: 0 | FB23: 0 | FC23: 0 | FD23: 0 | FE23: 0 | FF23: 0 | FG23: 0 | FH23: 0 | FI23: 0 | FJ23: 0 | FK23: 0 | FL23: 0 | FM23: 0 | FN23: 0 | FO23: 0 | FP23: 0 | FQ23: 0 | FR23: 0 | FS23: 0 | FT23: 0 | FU23: 0 | FV23: 0 | FW23: 0 | FX23: 0 | FY23: 0 | FZ23: 0 | GA23: 0 | GB23: 0 | GC23: 0 | GD23: 0 | GE23: 0 | GF23: 0 | GG23: 0 | GH23: 0 | GI23: 0 | GJ23: 0 | GK23: 0 | GL23: 0 | GM23: 0 | GN23: 0 | GO23: 0 | GP23: 0 | GQ23: 0 | GR23: 0 | GS23: 0 | GT23: 0 | GU23: 0 | GV23: 0 | GW23: 0 | GX23: 0 | GY23: 0 | GZ23: 0 | HA23: 0 | HB23: 0 | HC23: 0 | HD23: 0 | HE23: 0 | HF23: 0 | HG23: 0 | HH23: 0 | HI23: 0 | HJ23: 0 | HK23: 0 | HL23: 0 | HM23: 0 | HN23: 0 | HO23: 0 | HP23: 0 | HQ23: 0 | HR23: 0 | HS23: 0 | HT23: 0 | HU23: 0 | HV23: 0 | HW23: 0 | HX23: 0 | HY23: 0 | HZ23: 0 | IA23: 0 | IB23: 0 | IC23: 0 | ID23: 0 | IE23: 0 | IF23: 0 | IG23: 0 | IH23: 0 | II23: 0 | IJ23: 0 | IK23: 0 | IL23: 0 | IM23: 0 | IN23: 0 | IO23: 0 | IP23: 0 | IQ23: 0 | IR23: 0 | IS23: 0 | IT23: 0 | IU23: 0 | IV23: 0 | IW23: 0 | IX23: 0 | IY23: 0 | IZ23: 0 | JA23: 0 | JB23: 0 | JC23: 0 | JD23: 0 | JE23: 0 | JF23: 0 | JG23: 0 | JH23: 0 | JI23: 0 | JJ23: 0 | JK23: 0 | JL23: 0 | JM23: 0 | JN23: 0 | JO23: 0 | JP23: 0 | JQ23: 0 | JR23: 0 | JS23: 0 | JT23: 0 | JU23: 0 | JV23: 0 | JW23: 0 | JX23: 0 | JY23: 0 | JZ23: 0 | KA23: 0 | KB23: 0 | KC23: 0 | KD23: 0 | KE23: 0 | KF23: 0 | KG23: 0 | KH23: 0 | KI23: 0 | KJ23: 0 | KK23: 0 | KL23: 0 | KM23: 0 | KN23: 0 | KO23: 0 | KP23: 0 | KQ23: 0 | KR23: 0 | KS23: 0 | KT23: 0 | KU23: 0 | KV23: 0 | KW23: 0 | KX23: 0 | KY23: 0 | KZ23: 0 | LA23: 0 | LB23: 0 | LC23: 0 | LD23: 0
A24: Antrim and Newtownabbey | B24: 0 | C24: 0 | D24: 0 | E24: 0 | F24: 0 | G24: 0 | H24: 0 | I24: 0 | J24: 0 | K24: 0 | L24: 0 | M24: 0 | N24: 0 | O24: 0 | P24: 0 | Q24: 0 | R24: 0 | S24: 0 | T24: 0 | U24: 0 | V24: 0 | W24: 0 | X24: 0 | Y24: 0 | Z24: 0 | AA24: 0 | AB24: 0 | AC24: 0 | AD24: 0 | AE24: 0 | AF24: 0 | AG24: 0 | AH24: 0 | AI24: 0 | AJ24: 0 | AK24: 0 | AL24: 0 | AM24: 0 | AN24: 0 | AO24: 0 | AP24: 0 | AQ24: 0 | AR24: 0 | AS24: 0 | AT24: 0 | AU24: 0 | AV24: 0 | AW24: 0 | AX24: 0 | AY24: 0 | AZ24: 0 | BA24: 0 | BB24: 0 | BC24: 0 | BD24: 0 | BE24: 0 | BF24: 0 | BG24: 0 | BH24: 0 | BI24: 0 | BJ24: 0 | BK24: 0 | BL24: 0 | BM24: 0 | BN24: 0 | BO24: 0 | BP24: 0 | BQ24: 0 | BR24: 0 | BS24: 0 | BT24: 0 | BU24: 0 | BV24: 0 | BW24: 0 | BX24: 0 | BY24: 0 | BZ24: 0 | CA24: 0 | CB24: 0 | CC24: 0 | CD24: 0 | CE24: 0 | CF24: 0 | CG24: 0 | CH24: 0 | CI24: 0 | CJ24: 0 | CK24: 0 | CL24: 0 | CM24: 0 | CN24: 0 | CO24: 0 | CP24: 0 | CQ24: 0 | CR24: 0 | CS24: 0 | CT24: 0 | CU24: 0 | CV24: 0 | CW24: 0 | CX24: 0 | CY24: 0 | CZ24: 0 | DA24: 0 | DB24: 0 | DC24: 0 | DD24: 0 | DE24: 0 | DF24: 0 | DG24: 0 | DH24: 0 | DI24: 0 | DJ24: 0 | DK24: 0 | DL24: 0 | DM24: 0 | DN24: 0 | DO24: 0 | DP24: 0 | DQ24: 0 | DR24: 0 | DS24: 0 | DT24: 0 | DU24: 0 | DV24: 0 | DW24: 0 | DX24: 0 | DY24: 0 | DZ24: 0 | EA24: 0 | EB24: 0 | EC24: 0 | ED24: 0 | EE24: 0 | EF24: 0 | EG24: 0 | EH24: 0 | EI24: 0 | EJ24: 0 | EK24: 0 | EL24: 0 | EM24: 0 | EN24: 0 | EO24: 0 | EP24: 0 | EQ24: 0 | ER24: 0 | ES24: 0 | ET24: 0 | EU24: 0 | EV24: 0 | EW24: 0 | EX24: 0 | EY24: 0 | EZ24: 0 | FA24: 0 | FB24: 0 | FC24: 0 | FD24: 0 | FE24: 0 | FF24: 0 | FG24: 0 | FH24: 0 | FI24: 0 | FJ24: 0 | FK24: 0 | FL24: 0 | FM24: 0 | FN24: 0 | FO24: 0 | FP24: 0 | FQ24: 0 | FR24: 0 | FS24: 0 | FT24: 0 | FU24: 0 | FV24: 0 | FW24: 0 | FX24: 0 | FY24: 0 | FZ24: 0 | GA24: 0 | GB24: 0 | GC24: 0 | GD24: 0 | GE24: 0 | GF24: 0 | GG24: 0 | GH24: 0 | GI24: 0 | GJ24: 0 | GK24: 0 | GL24: 0 | GM24: 0 | GN24: 0 | GO24: 0 | GP24: 0 | GQ24: 0 | GR24: 0 | GS24: 0 | GT24: 0 | GU24: 0 | GV24: 0 | GW24: 0 | GX24: 0 | GY24: 0 | GZ24: 0 | HA24: 0 | HB24: 0 | HC24: 0 | HD24: 0 | HE24: 0 | HF24: 0 | HG24: 0 | HH24: 0 | HI24: 0 | HJ24: 0 | HK24: 0 | HL24: 0 | HM24: 0 | HN24: 0 | HO24: 0 | HP24: 0 | HQ24: 0 | HR24: 0 | HS24: 0 | HT24: 0 | HU24: 0 | HV24: 0 | HW24: 0 | HX24: 0 | HY24: 0 | HZ24: 0 | IA24: 0 | IB24: 0 | IC24: 0 | ID24: 0 | IE24: 0 | IF24: 0 | IG24: 0 | IH24: 0 | II24: 0 | IJ24: 0 | IK24: 0 | IL24: 0 | IM24: 0 | IN24: 0 | IO24: 0 | IP24: 0 | IQ24: 0 | IR24: 0 | IS24: 0 | IT24: 0 | IU24: 0 | IV24: 0 | IW24: 0 | IX24: 0 | IY24: 0 | IZ24: 0 | JA24: 0 | JB24: 0 | JC24: 0 | JD24: 0 | JE24: 0 | JF24: 0 | JG24: 0 | JH24: 0 | JI24: 0 | JJ24: 0 | JK24: 0 | JL24: 0 | JM24: 0 | JN24: 0 | JO24: 0 | JP24: 0 | JQ24: 0 | JR24: 0 | JS24: 0 | JT24: 0 | JU24: 0 | JV24: 0 | JW24: 0 | JX24: 0 | JY24: 0 | JZ24: 0 | KA24: 0 | KB24: 0 | KC24: 0 | KD24: 0 | KE24: 0 | KF24: 0 | KG24: 0 | KH24: 0 | KI24: 0 | KJ24: 0 | KK24: 0 | KL24: 0 | KM24: 0 | KN24: 0 | KO24: 0 | KP24: 0 | KQ24: 0 | KR24: 0 | KS24: 0 | KT24: 0 | KU24: 0 | KV24: 0 | KW24: 0 | KX24: 0 | KY24: 0 | KZ24: 0 | LA24: 0 | LB24: 0 | LC24: 0 | LD24: 0
A25: North Down and Ards | B25: 3 | C25: 0 | D25: 0 | E25: 0 | F25: 0 | G25: 0 | H25: 0 | I25: 0 | J25: 214863 | K25: 0 | L25: 0 | M25: 0 | N25: 0 | O25: 0 | P25: 0 | Q25: 0 | R25: 0 | S25: 2 | T25: 1 | U25: 0 | V25: 0 | W25: 0 | X25: 0 | Y25: 0 | Z25: 1 | AA25: 2 | AB25: 2 | AC25: 4 | AD25: 37 | AE25: 44 | AF25: 2 | AG25: 0 | AH25: 1 | AI25: 8 | AJ25: 40 | AK25: 52 | AL25: 92 | AM25: 29 | AN25: 56 | AO25: 85 | AP25: 1589 | AQ25: 14 | AR25: 11 | AS25: 0 | AT25: 0 | AU25: 0 | AV25: 0 | AW25: 0 | AX25: 0 | AY25: 0 | AZ25: 0 | BA25: 0 | BB25: 0 | BC25: 0 | BD25: 0 | BE25: 0 | BF25: 0 | BG25: 0 | BH25: 0 | BI25: 0 | BJ25: 0 | BK25: 0 | BL25: 0 | BM25: 0 | BN25: 0 | BO25: 0 | BP25: 0 | BQ25: 14 | BR25: 11 | BS25: 25 | BT25: 37 | BU25: 43 | BV25: 0 | BW25: 0 | BX25: 0 | BY25: 0 | BZ25: 0 | CA25: 0 | CB25: 0 | CC25: 0 | CD25: 0 | CE25: 0 | CF25: 0 | CG25: 0 | CH25: 0 | CI25: 0 | CJ25: 0 | CK25: 0 | CL25: 0 | CM25: 0 | CN25: 0 | CO25: 1 | CP25: 0 | CQ25: 0 | CR25: 0 | CS25: 0 | CT25: 37 | CU25: 44 | CV25: 81 | CW25: 4 | CX25: 1 | CY25: 0 | CZ25: 0 | DA25: 0 | DB25: 0 | DC25: 0 | DD25: 0 | DE25: 0 | DF25: 0 | DG25: 0 | DH25: 0 | DI25: 0 | DJ25: 0 | DK25: 0 | DL25: 0 | DM25: 0 | DN25: 0 | DO25: 0 | DP25: 0 | DQ25: 0 | DR25: 0 | DS25: 0 | DT25: 0 | DU25: 0 | DV25: 0 | DW25: 4 | DX25: 1 | DY25: 5 | DZ25: 1 | EA25: 8 | EB25: 0 | EC25: 0 | ED25: 0 | EE25: 0 | EF25: 0 | EG25: 0 | EH25: 0 | EI25: 0 | EJ25: 0 | EK25: 0 | EL25: 0 | EM25: 0 | EN25: 0 | EO25: 0 | EP25: 0 | EQ25: 0 | ER25: 0 | ES25: 0 | ET25: 0 | EU25: 0 | EV25: 0 | EW25: 0 | EX25: 0 | EY25: 0 | EZ25: 1 | FA25: 8 | FB25: 9 | FC25: 0 | FD25: 1 | FE25: 0 | FF25: 1 | FG25: 0 | FH25: 0 | FI25: 0 | FJ25: 0 | FK25: 0 | FL25: 1 | FM25: 0 | FN25: 3 | FO25: 3 | FP25: 0 | FQ25: 0 | FR25: 0 | FS25: 2 | FT25: 3 | FU25: 1 | FV25: 5 | FW25: 4 | FX25: 2 | FY25: 1 | FZ25: 5 | GA25: 2 | GB25: 15 | GC25: 10 | GD25: 25 | GE25: 0 | GF25: 0 | GG25: 0 | GH25: 0 | GI25: 0 | GJ25: 0 | GK25: 0 | GL25: 0 | GM25: 0 | GN25: 0 | GO25: 0 | GP25: 0 | GQ25: 0 | GR25: 0 | GS25: 0 | GT25: 0 | GU25: 0 | GV25: 0 | GW25: 0 | GX25: 0 | GY25: 0 | GZ25: 2 | HA25: 1 | HB25: 1 | HC25: 0 | HD25: 0 | HE25: 0 | HF25: 3 | HG25: 1 | HH25: 4 | HI25: 0 | HJ25: 0 | HK25: 1 | HL25: 1 | HM25: 0 | HN25: 1 | HO25: 0 | HP25: 3 | HQ25: 0 | HR25: 2 | HS25: 0 | HT25: 0 | HU25: 1 | HV25: 7 | HW25: 8 | HX25: 2 | HY25: 6 | HZ25: 4 | IA25: 8 | IB25: 4 | IC25: 6 | ID25: 5 | IE25: 6 | IF25: 1 | IG25: 5 | IH25: 1 | II25: 0 | IJ25: 17 | IK25: 31 | IL25: 48 | IM25: 0 | IN25: 0 | IO25: 0 | IP25: 0 | IQ25: 0 | IR25: 0 | IS25: 0 | IT25: 0 | IU25: 14 | IV25: 11 | IW25: 14 | IX25: 11 | IY25: 25 | IZ25: 0 | JA25: 0 | JB25: 0 | JC25: 0 | JD25: 0 | JE25: 0 | JF25: 0 | JG25: 0 | JH25: 37 | JI25: 44 | JJ25: 37 | JK25: 44 | JL25: 81 | JM25: 0 | JN25: 0 | JO25: 0 | JP25: 0 | JQ25: 0 | JR25: 0 | JS25: 1 | JT25: 1 | JU25: 3 | JV25: 0 | JW25: 4 | JX25: 1 | JY25: 5 | JZ25: 0 | KA25: 0 | KB25: 0 | KC25: 0 | KD25: 0 | KE25: 0 | KF25: 0 | KG25: 0 | KH25: 1 | KI25: 8 | KJ25: 1 | KK25: 8 | KL25: 9 | KM25: 0 | KN25: 0 | KO25: 2 | KP25: 1 | KQ25: 1 | KR25: 0 | KS25: 0 | KT25: 0 | KU25: 0 | KV25: 0 | KW25: 0 | KX25: 0 | KY25: 1 | KZ25: 0 | LA25: 0 | LB25: 0 | LC25: 14 | LD25: 14

Sheet 2014A
